Workbook
Name ACTEC: sel_list_co!$F$29:$F$39
Name ACVCSCi: sel_list_co!$G$29:$G$31
Name ADAZOA: sel_list_co!$H$29
Name AFRICALIA: sel_list_co!$I$29:$I$35
Name APEFE: sel_list_co!$J$29:$J$43
Name APOPO: sel_list_co!$K$29:$K$32
Name ARES: sel_list_co!$L$29:$L$35
Name ASF: sel_list_co!$M$29:$M$35
Name AutreTerre: sel_list_co!$N$29:$N$34
Name AZVMSV: sel_list_co!$O$29:$O$32
Name BD: sel_list_co!$P$29:$P$42
Name BOStropen: sel_list_co!$Q$29:$Q$34
Name BRULOCALIS: sel_list_co!$R$29:$R$31
Name CARITAS: sel_list_co!$S$29:$S$35
Name CDE: sel_list_co!$T$29:$T$33
Name CEC: sel_list_co!$U$29:$U$30
Name CETRI: sel_list_co!$V$29:$V$31
Name CJP: sel_list_co!$W$29
Name CNCD: sel_list_co!$X$29:$X$32
Name CO_van_actor: 'Overall score'!$B$3
Name CONGODORPEN: sel_list_co!$Y$29:$Y$30
Name CRB: sel_list_co!$Z$29:$Z$36
Name CSA: sel_list_co!$AA$29:$AA$32
Name DBA: sel_list_co!$AB$29:$AB$31
Name DJAPO: sel_list_co!$AC$29
Name DYNAMO: sel_list_co!$AD$29:$AD$31
Name DZG: sel_list_co!$AE$29:$AE$37
Name ECHOS: sel_list_co!$AF$29:$AF$31
Name Eclosio: sel_list_co!$AG$29:$AG$36
Name EF: sel_list_co!$AH$29:$AH$37
Name elfelf: sel_list_co!$E$29:$E$41
Name ETMKDW: sel_list_co!$AI$29:$AI$30
Name FairtradeBelgium: sel_list_co!$AJ$29
Name FdH: sel_list_co!$AK$29:$AK$31
Name FIANBelgium: sel_list_co!$AL$29
Name FonDam: sel_list_co!$AM$29:$AM$35
Name FOS: sel_list_co!$AN$29:$AN$32
Name FUCID: sel_list_co!$AO$29:$AO$30
Name GEOMOUN: sel_list_co!$AP$29:$AP$31
Name HIB: sel_list_co!$AQ$29:$AQ$36
Name IdP: sel_list_co!$AR$29:$AR$35
Name IFSIISVI: sel_list_co!$AS$29:$AS$34
Name IMTITG: sel_list_co!$AT$29:$AT$44
Name IPIS: sel_list_co!$AU$29:$AU$31
Name ITECO: sel_list_co!$AV$29
Name JoinForWater: sel_list_co!$AW$29:$AW$38
Name KIYO: sel_list_co!$AX$29:$AX$33
Name lang: Introduction!$J$5
Name LFTW: sel_list_co!$AY$29:$AY$31
Name LHAC: sel_list_co!$AZ$29
Name LouvCoop: sel_list_co!$BA$29:$BA$46
Name MdMDvW: sel_list_co!$BB$29:$BB$37
Name MEMISA: sel_list_co!$BC$29:$BC$35
Name MMH: sel_list_co!$BD$29:$BD$31
Name MSFem: sel_list_co!$BE$29:$BE$34
Name MSIBIS: sel_list_co!$BF$29
Name OxfamMM: sel_list_co!$BG$29:$BG$31
Name OxfamSol: sel_list_co!$BH$29:$BH$36
Name OxfamWW: sel_list_co!$BI$29:$BI$30
Name PLANBELGIUM: sel_list_co!$BJ$29:$BJ$36

Sheet Introduction
A1: Cliquez pour choisir la langue >>> Klik op de gele cel rechts en kies de taal >>> | C1: FR | D1: <<< Haga clic en la celda amarilla de la izquierda para ajustar el idioma. <<< Select the yellow cell at the left to change the language. | I1: FR | J1: 1 | L1: 8 | M1: TRUE | N1: 11 | O1: FALSE | P1: 135 | Q1: FALSE
A2: =IF(lang=3,values!D4,IF(lang=1,values!N4,IF(lang=2,values!X4,IF(lang=4,values!AH4,"set lang!")))) -> Système de mesure de la performance – rapportage par les acteurs de la coopération non gouvernementale | F2: Haga clic en la celda amarilla de la izquierda para ajustar el idioma. | I2: NL | J2: 2 | L2: =L1+N1+P1 -> 154
A3: =IF(lang=3,values!D5,IF(lang=1,values!N5,IF(lang=2,values!X5,IF(lang=4,values!AH5,"set lang!")))) -> 1. Généralités | F3: Haga clic en la celda amarilla de la izquierda y elija la lengua deseada. | I3: EN | J3: 3 | L3: {=CELL("width",A1)} -> 10 | M3: FALSE | N3: {=CELL("width",B1)} -> 36 | O3: FALSE | P3: {=CELL("width",C1)} -> 24 | Q3: FALSE | R3: {=CELL("width",D1)} -> 74 | S3: FALSE
A4: =IF(lang=3,values!D6,IF(lang=1,values!N6,IF(lang=2,values!X6,IF(lang=4,values!AH6,"set lang!")))) -> Le système de mesure de la performance est l'un des outils de la reddition morale annuelle de comptes (rapportage narratif) sur les programmes approuvés pour la période 2022-2026 des acteurs de la coopération non gouvernementale. L’objectif de ce système de mesure de la performance est que chaque acteur non gouvernemental apprécie, au moyen d'une auto-évaluation, comment ont été exécutés, au cours de l'année écoulée, les multiples interventions/outcomes (compris ici au sens d’objectifs spécifiques) des programmes cofinancés par la DGD. Le rapport moral complet doit être remis annuellement au plus tard le 30 juin. Le rapport final complet sera soumis à l'administration au plus tard six mois après la date de fin du programme. Le rapport final sur une intervention / un outcome (scores de performance et leçons tirées) est attendu l'année qui suit l'achèvement de l'outcome et des dernières dépenses associées, également six mois au plus tard après la date de fin de l'intervention/outcome. Si l'intervention/outcome s'achève plus tôt que le programme dans son ensemble, il faut donc également soumettre ce rapport plus tôt. Le rapport final comprend les scores de performance détaillés, les rapports d’évaluation finaux (ainsi que la réponse de la direction) et les principales leçons tirées de la mise en œuvre intégrale du programme. Les scores de performance de la dernière année doivent détailler certains aspects supplémentaires afin de former, couplés aux évaluations et aux leçons tirées, un rapport final complet conforme à la législation (voir ci-dessous). Ce système s’inspire en partie du Système MoRe Results d'Enabel et du système ROM (Results Oriented Monitoring - Monitoring orienté vers les résultats) de la Commission européenne. | I4: SP | J4: 4 | L4: =L3+N3+P3+R3 -> 144
A5: =IF(lang=3,values!D7,IF(lang=1,values!N7,IF(lang=2,values!X7,IF(lang=4,values!AH7,"set lang!")))) -> 2. Terminologie | J5: =VLOOKUP(C1,$I$1:$J$4,2,FALSE) -> 1
A6: =IF(lang=3,values!D8,IF(lang=1,values!N8,IF(lang=2,values!X8,IF(lang=4,values!AH8,"set lang!")))) -> Pour éviter toute confusion, voici une définition des termes utilisés et un schéma clarifiant leur interaction dans la chaîne de résultats : - « L'objectif spécifique » dans le programme de la DGD correspond à l’outcome. Les termes « d’objectif spécifique », « d’outcome » et « d’intervention » utilisés ici ont la même signification et sont interchangeables. Le mot « intervention» met souvent l'accent sur le processus visant à atteindre l'objectif, tandis que « outcome » désigne généralement le résultat de ce processus. - Les « résultats » dans le programme de la DGD sont l'équivalent des outputs. - Les termes tels que « Nord » et « Sud » sont remplacés par « Belgique » et « pays d'intervention ». Les « outcomes dans le Nord » deviennent dès lors les « outcomes en Belgique » et les « outcomes dans le Sud » deviennent les « outcomes dans les pays d'intervention ». - Le terme « bénéficiaire » est encore employé dans ce document, bien qu'il se heurte à des limites. En effet, ce terme est souvent interprété dans le sens d'un facteur externe avec une attitude passive (ceux qui reçoivent l'aide des donateurs). D'une certaine façon, cette notion exclut les donateurs, qui pourtant tirent aussi avantage des interventions (expérience, financement...). Le terme ne met pas suffisamment en évidence l'idée d'une collaboration totale entre partenaires au service d'objectifs communs. Toutefois, nous avons choisi de continuer à employer ce terme dans un souci de cohérence vis-à-vis de l'usage international mais aussi des informations contenues dans le programme, pour ne pas créer de confusion supplémentaire quant à la signification possible de termes plus récents. En attendant qu'une notion plus claire, admise et reconnue se dégage, nous écrirons le terme « bénéficiaire» en italique.
A14: =IF(lang=3,values!D16,IF(lang=1,values!N16,IF(lang=2,values!X16,IF(lang=4,values!AH16,"set lang!")))) -> 3. Comment fonctionne le système de mesure de la performance ?
A15: =IF(lang=3,values!D17,IF(lang=1,values!N17,IF(lang=2,values!X17,IF(lang=4,values!AH17,"set lang!")))) -> Le rapportage se fait annuellement. Les scores pour l’année X sont remis au plus tard le 30 juin de l’année X+1 (cf. échéances fixées dans l'AR). L’attribution des scores suit une échelle de 4 points (A-B-C-D) dotée d'un code couleur (« système des feux tricolores »).
A17: =IF(lang=3,values!D19,IF(lang=1,values!N19,IF(lang=2,values!X19,IF(lang=4,values!AH19,"set lang!")))) -> Score | B17: =IF(lang=3,values!D49,IF(lang=1,values!N49,IF(lang=2,values!X49,IF(lang=4,values!AH49,"set lang!")))) -> Qualification | C17: =IF(lang=3,values!D79,IF(lang=1,values!N79,IF(lang=2,values!X79,IF(lang=4,values!AH79,"set lang!")))) -> Interprétation
A18: A | B18: =IF(lang=3,values!D50,IF(lang=1,values!N50,IF(lang=2,values!X50,IF(lang=4,values!AH50,"set lang!")))) -> Très bien | C18: =IF(lang=3,values!D80,IF(lang=1,values!N80,IF(lang=2,values!X80,IF(lang=4,values!AH80,"set lang!")))) -> L'intervention se déroule comme espéré. Elle constitue potentiellement une référence en matière de bonnes pratiques. Interprétation du rapport final : l'intervention s'est déroulée comme espéré et peut servir de référence en matière de bonnes pratiques. Les leçons tirées doivent servir à des interventions analogues à l'avenir.
A19: B | B19: =IF(lang=3,values!D51,IF(lang=1,values!N51,IF(lang=2,values!X51,IF(lang=4,values!AH51,"set lang!")))) -> Bien | C19: =IF(lang=3,values!D81,IF(lang=1,values!N81,IF(lang=2,values!X81,IF(lang=4,values!AH81,"set lang!")))) -> L'intervention se déroule en grande partie comme espéré. De petits ajustements s'avèrent nécessaires, mais sont sous contrôle. Ils ont déjà été appliqués, sont en cours ou ont été intégrés au planning de l’intervention. Ces ajustements mineurs ne requièrent pas de concertation avec la DGD. Interprétation du rapport final : l'intervention s'est déroulée en grande partie comme espéré, bien que le monitoring ait mis en évidence la nécessité de petits ajustements en cours d'intervention. Tout n'a pas pu être réalisé selon le plan. Les leçons tirées doivent servir à des interventions analogues à l'avenir.
A20: C | B20: =IF(lang=3,values!D52,IF(lang=1,values!N52,IF(lang=2,values!X52,IF(lang=4,values!AH52,"set lang!")))) -> Problèmes | C20: =IF(lang=3,values!D82,IF(lang=1,values!N82,IF(lang=2,values!X82,IF(lang=4,values!AH82,"set lang!")))) -> Certains problèmes doivent être traités pour éviter des répercussions négatives sur le fonctionnement global de l’intervention. Une concertation avec la DGD est nécessaire. Interprétation du rapport final : d'importants ajustements ont dû être apportés à l'intervention, qui n'a été que partiellement réalisée. Les leçons tirées doivent servir à des interventions analogues à l'avenir.
A21: D | B21: =IF(lang=3,values!D53,IF(lang=1,values!N53,IF(lang=2,values!X53,IF(lang=4,values!AH53,"set lang!")))) -> Déficits graves | C21: =IF(lang=3,values!D83,IF(lang=1,values!N83,IF(lang=2,values!X83,IF(lang=4,values!AH83,"set lang!")))) -> L'ampleur des déficits mentionnés est telle que, si l’on n’y remédie pas, l’intervention échouera. Des changements drastiques sont nécessaires. Une concertation avec la DGD se révèle indispensable. Interprétation du rapport final : des ajustements majeurs ont dû être apportés au cours de l'intervention. L'outcome a été insuffisamment réalisé. Une réflexion de fond quant à des interventions analogues à l'avenir s'impose.
A23: =IF(lang=3,values!D25,IF(lang=1,values!N25,IF(lang=2,values!X25,IF(lang=4,values!AH25,"set lang!")))) -> Le système de mesure de la performance repose sur 7 critères, chacun comprenant une ou plusieurs sous-questions (12 au total). Ces critères s'inspirent de ceux du CAD de l’OCDE (efficience, efficacité, pertinence, durabilité potentielle, cohérence), complétés par les critères « genre » et « environnement ». Ces critères valent aussi bien pour les interventions internationales que pour les interventions menées en Belgique. Chacune des questions doit être évaluée annuellement sur l’échelle de 4 points. Les scores attribués doivent faire l'objet d'une brève explication. Pour des scores C ou D, le commentaire explicatif doit clairement mettre en évidence les causes du problème et les mesures correctives prises pour y répondre (AR Art. 45 §1). Tous les scores sont donnés par les acteurs eux-mêmes, au travers d’une auto-évaluation. Au cours de la dernière année, les scores de performance sont également considérés comme des rapports finaux (avec les leçons tirées, l'IITA, l'évaluation et le rapport financier) et on attend des commentaires qu'ils livrent davantage d'informations, conformément à l'article 45 § 2 de l'AR du 11 septembre 2016. L'interprétation des scores attribués devra alors être lue dans l'optique d'un rapportage final. En outre, le rapport final devra consacrer une attention plus particulière à un certain nombre de critères, notamment : * Efficacité : une synthèse de la réalisation des résultats de développement sur la durée totale du programme, consistant en une comparaison entre la baseline de référence, les résultats prévus et les indicateurs de résultats obtenus à la fin du programme, accompagnée d'une explication sur les résultats divergents. Ce commentaire narratif obligatoire pourra être rédigé en 2.1 ou 2.2. * Cohérence : une analyse de la contribution du programme à la réalisation des objectifs stratégiques du CSC qu'il vise et/ou des CSC relatifs au lieu de l'intervention. Si l'outcome ne fait pas partie d'un CSC, ce critère doit essentiellement s'orienter vers une analyse des synergies et de la complémentarité dans le pays. Pour les outcomes qui font partie d'un CSC, le commentaire narratif obligatoire doit être donné en 5.1. Pour les outcomes qui ne font pas partie d'un CSC, le commentaire narratif obligatoire sera rédigé au point 5.2. * Durabilité : Pour avoir une idée de la durabilité d'un outcome, il est conseillé de développer davantage ce critère dans le rapport final. Il peut s'agir de la durabilité financière (4.1), sociale (partenariats/engagement) (4.2) ou technique (4.3).
A25: =IF(lang=3,values!D27,IF(lang=1,values!N27,IF(lang=2,values!X27,IF(lang=4,values!AH27,"set lang!")))) -> 4. Le système de mesure de la performance dans la pratique
A26: =IF(lang=3,values!D28,IF(lang=1,values!N28,IF(lang=2,values!X28,IF(lang=4,values!AH28,"set lang!")))) -> Le rôle des organisations partenaires n’a pas été décrit explicitement dans les critères d’évaluation car il peut varier selon le type de partenariat et ne sera donc pas le même pour tous les acteurs. Le principe général est que les partenaires livrent d’une part l’information (ou des éléments d’information) pour l’appréciation, et qu’elle soit ensuite discutée en concertation. D’autre part, cette mesure de la performance permet aussi aux acteurs concernés de signaler qu’un certain critère ne peut pas être apprécié positivement à cause d’un problème au niveau du partenaire ou qu’au contraire, un critère obtient un très bon score grâce à la plus-value du partenaire. En d'autres termes, l'évaluation et l'élaboration des programmes s'inscrivent toujours dans le cadre d'une collaboration équitable. Tous les scores sont donnés sur la base de l’information contenue dans le système de M&É de l’acteur. Dans le programme, chaque acteur devait formuler les indicateurs au niveau de l’objectif spécifique pour les années 3 et 5. Pour répondre aux questions concernant l’atteinte de l’objectif spécifique en année 1, 2 et 4, il faut donc estimer les chances d’atteindre les indicateurs prévus en année 3 et 5 : « Dans quelle mesure mon intervention progresse-t-elle de manière à atteindre les indicateurs prévus ? » S'il ressort de l'évaluation annuelle que les indicateurs n'ont pas été correctement posés au départ, il est possible de les modifier en concertation avec la DGD.
A27: =IF(lang=3,values!D29,IF(lang=1,values!N29,IF(lang=2,values!X29,IF(lang=4,values!AH29,"set lang!")))) -> 5. Utilisation des données par la DGD
A28: =IF(lang=3,values!D30,IF(lang=1,values!N30,IF(lang=2,values!X30,IF(lang=4,values!AH30,"set lang!")))) -> Les données de cette fiche seront d’abord utilisées pour le suivi des interventions subsidiées et feront l'objet de dialogues institutionnels et stratégiques avec la DGD (DGéo/postes). Ces analyses pourront éventuellement nourrir la stratégie de la DGD, mais peut-être aussi les processus d’évaluation du Service de l’Évaluation spéciale. La comparaison entre les scores des interventions sera établie au niveau des critères (pertinence, efficacité...), car ce niveau permet de mettre en parallèle les différents secteurs et canaux, sur une base relativement simple, sans toucher à la diversité sous-jacente à ces critères, sachant que l'interprétation d’un critère via des sous-critères peut varier fortement selon le type d’acteur. L’agrégation des critères suit la logique suivante : - 1 score B et les autres scores supérieurs = score final A - Au moins 2 scores B (et les autres scores supérieurs) = score final B - Au moins 1 score C = score final C - Au moins 1 score D = score final D L'intention n'est pas d'essayer délibérément d’éviter les scores « problématiques ». Si un mauvais score s'accompagne d'une bonne explication et que des mesures peuvent être proposées pour l'améliorer, ce mauvais score se trouve alors non seulement explicable, mais aussi acceptable ! La transparence à ce sujet est indispensable.
A29: =IF(lang=3,values!D31,IF(lang=1,values!N31,IF(lang=2,values!X31,IF(lang=4,values!AH31,"set lang!")))) -> 6. Annexe concernant les leçons tirées (format Word)
A30: =IF(lang=3,values!D32,IF(lang=1,values!N32,IF(lang=2,values!X32,IF(lang=4,values!AH32,"set lang!")))) -> Outre le système de mesure de la performance, le rapport moral rend également compte des « leçons tirées ». Cette rubrique doit elle aussi être transmise annuellement pour chaque outcome. Le contenu de cette rubrique dépendra des leçons qui auront été tirées de l'outcome en question, au cours de l'année concernée. Il s'agit d'une réflexion opérationnelle ou stratégique, indépendante de l'analyse des scores de performance. Les informations reprises dans la rubrique des leçons tirées peuvent certes recouper en partie le commentaire narratif accompagnant les scores de performance spécifiques, mais elles peuvent assurément fournir des renseignements complémentaires. Les leçons tirées doivent être rédigées de façon à être comprises par des personnes qui ne connaissent pas le détail du programme. Le but est de les partager avec d'autres acteurs œuvrant dans le même pays ou le même domaine, de façon à échanger mais aussi conserver les bonnes et les moins bonnes expériences. Les leçons tirées seront dès lors placées sur l'extranet CSC/pays, où elles seront consultables par tous les ACNG concernés. Pour cette rubrique « leçons tirées », le format du document est libre, comme le contenu. L’organisation peut s’inspirer des quelques thématiques suivantes, qui peuvent être intéressantes à partager : participation des partenaires, liens avec les CSC thématiques, priorités politiques, évaluation, intégrité, travail sous risques (shrinking space, sécurité...), méthodologies, etc. La longueur du document ne doit pas dépasser 2 pages par outcome. Le manuel reprend de bons exemples de formats. Contrairement aux scores de performance qui ne seront accessibles qu’aux membres de la DGD sur l’extranet, la rubrique « leçons tirées » sera partagée avec les autres membres du CSC dont l’outcome concerné fait partie, afin de pouvoir mener sur le sujet une analyse/discussion conjointe. Les leçons tirées finales ne consistent pas en une description, mais en une analyse de ce qui a fonctionné et de ce qui n’a pas fonctionné en termes d’organisation, de gestion, de stratégie (notamment en matière de théorie du changement) et d’exécution d’un outcome. Si les acteurs actifs dans un pays/CSC le jugent utile, il peut être décidé de commun accord d’inclure certains thèmes dans les leçons finales, de façon à mutualiser les enseignements. Les leçons tirées visent à enrichir les dialogues stratégiques ou les moments de concertation sur les pays, et ainsi à accroître l’impact des actions et à bénéficier d'un apprentissage mutuel pour le futur.

Sheet Overall score
A1: =IF(lang=3,values!D94,IF(lang=1,values!N94,IF(lang=2,values!X94,IF(lang=4,values!AH94,"set lang!")))) -> Nom de l'acteur | B1: MEMISA | C1: =IF(Introduction!$C$1="FR",J1,IF(Introduction!$C$1="EN",D1,IF(Introduction!$C$1="SP",M1,IF(Introduction!$C$1="NL",O1,"")))) -> Sélectionnez la cellule jaune à gauche (B1), cliquez sur la flèche | D1: Select the yellow cell B1 to the left, click on the arrow | F1: =IF(B1="","",VLOOKUP(B1,sel_list_co!$A$3:$C$86,3,FALSE)) -> MEMISA | J1: Sélectionnez la cellule jaune à gauche (B1), cliquez sur la flèche | M1: Seleccionar la celda amarilla B1 a la derecha, hacer clic en la flecha | O1: Klik op de gele cel links (B1), en vervolgens op het pijltje dat
B2: =IF(B1="","",HLOOKUP(B1,sel_list_co!$E$1:$CJ$3,3,FALSE)) -> NGO Memisa België (Medische Missie samenwerking) - MEMISA | C2: =IF(Introduction!$C$1="FR",J2,IF(Introduction!$C$1="EN",D2,IF(Introduction!$C$1="SP",M2,IF(Introduction!$C$1="NL",O2,"")))) -> qui apparaît à côté de la cellule, et sélectionnez l'acteur. | D2: that appears next to the cell, and select the actor. | F2: =IF(B3="","",RIGHT(CO_van_actor,4)) -> 087) | J2: qui apparaît à côté de la cellule, et sélectionnez l'acteur. | M2: que aparece junto a la celda, y seleccionar el actor. | O2: dan verschijnt, selecteer de organisatie uit de lijst.
A3: =IF(lang=3,values!D96,IF(lang=1,values!N96,IF(lang=2,values!X96,IF(lang=4,values!AH96,"set lang!")))) -> Outcome | B3: programme « Equité de genre en santé au Sud-Kivu » (PO 450078087) | C3: =IF(Introduction!$C$1="FR",J3,IF(Introduction!$C$1="EN",D3,IF(Introduction!$C$1="SP",M3,IF(Introduction!$C$1="NL",O3,"")))) -> Sélectionnez ensuite la cellule jaune B3, cliquez sur la flèche qui apparaît à côté de la cellule, faites défiler vers le haut si nécessaire, et choisissez le "outcome" dans la liste. | D3: Then select the yellow cell B3 to the left, click on the arrow that appears next to the cell, scroll down as needed, and select the outcome from the list. | J3: Sélectionnez ensuite la cellule jaune B3, cliquez sur la flèche qui apparaît à côté de la cellule, faites défiler vers le haut si nécessaire, et choisissez le "outcome" dans la liste. | M3: A continuación, seleccionar la celda amarilla B3 de la derecha, Haga clic en la flecha que aparece junto a la celda, Desplácese hacia arriba si es necesario, y elija el resultado de la lista. | O3: Klik daarna op de cel B3, en opnieuw op het pijltje dat verschijnt, en selecteer de gepaste outcome uit de lijst.
D4: EN | E4: Please select actor and outcome in cells B1 and B3 | J4: on sheet "Overall score"
A5: =IF(lang=3,values!D98,IF(lang=1,values!N98,IF(lang=2,values!X98,IF(lang=4,values!AH98,"set lang!")))) -> SCORE GLOBAL | C5: =IF(lang=3,values!D158,IF(lang=1,values!N158,IF(lang=2,values!X158,IF(lang=4,values!AH158,"set lang!")))) -> SCORE | D5: NL | E5: Vul a.u.b. de gele cellen in: actor en outcome in | J5: op werkblad "Overall score"
D6: FR | E6: Veuillez bien remplir les cellules en jaune (acteur et "outcome") | J6: sur la feuille "Overall score"
A7: =IF(lang=3,values!D100,IF(lang=1,values!N100,IF(lang=2,values!X100,IF(lang=4,values!AH100,"set lang!")))) -> 1. SCORE GLOBAL EFFICIENCE | C7: ='1. Efficiency'!C2 -> A | D7: SP | E7: Por favor, seleccione actor y resultado en las celdas B1 y B3 | J7: en la hoja "Overall score".
A8: =IF(lang=3,values!D101,IF(lang=1,values!N101,IF(lang=2,values!X101,IF(lang=4,values!AH101,"set lang!")))) -> 2. SCORE GLOBAL EFFICACITÉ | C8: ='2. Effectiveness'!C2 -> A
A9: =IF(lang=3,values!D102,IF(lang=1,values!N102,IF(lang=2,values!X102,IF(lang=4,values!AH102,"set lang!")))) -> 3. SCORE GLOBAL PERTINENCE | C9: ='3. Relevance'!C2 -> A
A10: =IF(lang=3,values!D103,IF(lang=1,values!N103,IF(lang=2,values!X103,IF(lang=4,values!AH103,"set lang!")))) -> 4. SCORE GLOBAL DURABILITÉ | C10: ='4. Potential sustainability'!C2 -> A
A11: =IF(lang=3,values!D104,IF(lang=1,values!N104,IF(lang=2,values!X104,IF(lang=4,values!AH104,"set lang!")))) -> 5. SCORE GLOBAL COHÉRENCE | C11: ='5. Coherence'!C2 -> -
A12: =IF(lang=3,values!D105,IF(lang=1,values!N105,IF(lang=2,values!X105,IF(lang=4,values!AH105,"set lang!")))) -> 6. SCORE GLOBAL GENRE | C12: ='6. Transversal theme of gender'!C2 -> A
A13: =IF(lang=3,values!D106,IF(lang=1,values!N106,IF(lang=2,values!X106,IF(lang=4,values!AH106,"set lang!")))) -> 7. SCORE GLOBAL ENVIRONNEMENT | C13: ='7. Transv. theme of environment'!C2 -> A

Sheet 1. Efficiency
A1: =IF(lang=3,values!D184,IF(lang=1,values!N184,IF(lang=2,values!X184,IF(lang=4,values!AH184,"set lang!")))) -> 1. EFFICIENCE DE LA MISE EN ŒUVRE JUSQU'À CE JOUR : la mesure dans laquelle les ressources de l'intervention (fonds, expertise, temps, etc.) ont été converties en outputs de manière efficiente et dans les délais impartis. | C1: =IF(lang=3,values!D244,IF(lang=1,values!N244,IF(lang=2,values!X244,IF(lang=4,values!AH244,"set lang!")))) -> SCORE
A2: =IF(lang=3,values!D185,IF(lang=1,values!N185,IF(lang=2,values!X185,IF(lang=4,values!AH185,"set lang!")))) -> SCORE GLOBAL EFFICIENCE | C2: =IF(CO_van_actor="",VLOOKUP(Introduction!$C$1,'Overall score'!$D$4:$E$7,2,FALSE),IF(COUNTIF(C$4:C$18,"-")>0,"-",IF(COUNTIF(C$4:C$18,"D")>0,"D",IF(COUNTIF(C$4:C$18,"C")>0,"C",IF(COUNTIF(C$4:C$18,"B")>1,"B","A"))))) -> A
A3: =IF(lang=3,values!D186,IF(lang=1,values!N186,IF(lang=2,values!X186,IF(lang=4,values!AH186,"set lang!")))) -> Interprétation du critère de l'efficience : L'efficience est traitée ici de deux manières : 1) Le rapport inputs/outputs : les ressources utilisées offrent le meilleur rapport "coût-bénéfice" pour atteindre les outputs prédéfinis. Pour les coûts, il est fait référence au budget tel qu'approuvé par la DGD. 2) La ponctualité de l'obtention des outputs : les activités se déroulent comme prévu et les outputs seront atteints dans les délais impartis. Le choix de l'approche n'est pas apprécié ici. Cet aspect est évalué sous le critère de la pertinence. | C3: =IF(CO_van_actor="",VLOOKUP(Introduction!$C$1,'Overall score'!$D$4:$J$7,7,FALSE),"")
A4: =IF(lang=3,values!D187,IF(lang=1,values!N187,IF(lang=2,values!X187,IF(lang=4,values!AH187,"set lang!")))) -> 1.1 Dans quelle mesure les inputs sont-ils gérés de manière efficiente en termes de coûts ? | C4: A
A5: A | B5: =IF(lang=3,values!D218,IF(lang=1,values!N218,IF(lang=2,values!X218,IF(lang=4,values!AH218,"set lang!")))) -> Les outputs seront obtenus avec la combinaison la plus avantageuse d'inputs (comme prévu dans le budget approuvé par la DGD). Interprétation du rapport final : les outputs ont été obtenus avec la combinaison la plus avantageuse d'inputs (comme prévu dans le budget approuvé par la DGD).
A6: B | B6: =IF(lang=3,values!D219,IF(lang=1,values!N219,IF(lang=2,values!X219,IF(lang=4,values!AH219,"set lang!")))) -> De petits changements concernant les inputs déployés peuvent encore optimiser davantage le processus et permettre d'obtenir un rapport "coût-bénéfice" encore meilleur (par rapport au budget prévu et approuvé par la DGD). Ces ajustements sont réalisés dans le cadre de l'intervention. Interprétation du rapport final : de petits changements concernant les inputs utilisés ont permis d'optimiser le processus. La plupart des ajustements ont été effectués dans le cadre de l'intervention. Les leçons tirées doivent servir à des interventions analogues à l'avenir.
A7: C | B7: =IF(lang=3,values!D220,IF(lang=1,values!N220,IF(lang=2,values!X220,IF(lang=4,values!AH220,"set lang!")))) -> Des ajustements majeurs doivent être effectués pour assurer le rapport coût-efficience des inputs déployés, comme prévu dans le budget approuvé par la DGD. De tels ajustements sont possibles mais nécessitent une attention immédiate. Interprétation du rapport final : des ajustements majeurs ont dû être effectués pour assurer le rapport coût-efficience des inputs déployés, comme prévu dans le budget approuvé par la DGD. Les leçons tirées doivent servir à des interventions analogues à l'avenir.
A8: D | B8: =IF(lang=3,values!D221,IF(lang=1,values!N221,IF(lang=2,values!X221,IF(lang=4,values!AH221,"set lang!")))) -> Le rapport coût-efficience des inputs déployés est critique et conduira au fait que les outputs prédéfinis ne peuvent plus être atteints avec les ressources prévues. Une nouvelle estimation complète est nécessaire afin de déterminer si les outputs peuvent encore être atteints. Interprétation du rapport final : le rapport coût-efficience des inputs déployés était critique et a conduit au fait que les outputs prédéfinis ne pouvaient plus être atteints avec les ressources prévues. Une réflexion de fond quant à des interventions analogues à l'avenir s'impose.
A9: =IF(lang=3,values!D192,IF(lang=1,values!N192,IF(lang=2,values!X192,IF(lang=4,values!AH192,"set lang!")))) -> COMMENTAIRES
A10: Les activités prévues ont été menées à bien dans les délais fixés et en respectant les limites budgétaires. De plus, le budget a été progressivement ajusté pour répondre à de nouveaux besoins émergents, tels que la gestion des infections sexuellement transmissibles dans les centres de santé ou encore les dialogues communautaires. Ces ajustements ont permis d'intégrer des activités qui n'étaient pas initialement prévues dans le projet, afin de répondre aux besoins en constante évolution. Cet effort visait à garantir l'adéquation entre l'offre et la demande de soins, contribuant ainsi au succès du projet ou à son élargissement initial en termes de bénéficiaires.
A11: =IF(lang=3,values!D194,IF(lang=1,values!N194,IF(lang=2,values!X194,IF(lang=4,values!AH194,"set lang!")))) -> 1.2 Dans quelle mesure les processus prévus (l'ensemble des types d'activités subsidiées) sont-ils mis en œuvre dans les délais impartis ? | C11: A
A12: A | B12: =IF(lang=3,values!D225,IF(lang=1,values!N225,IF(lang=2,values!X225,IF(lang=4,values!AH225,"set lang!")))) -> Toutes les activités sont réalisées dans les délais impartis et conduiront à la réalisation de tous les outputs. Interprétation du rapport final : toutes les activités ont été réalisées dans les délais impartis et ont conduit à la réalisation de tous les outputs.
A13: B | B13: =IF(lang=3,values!D226,IF(lang=1,values!N226,IF(lang=2,values!X226,IF(lang=4,values!AH226,"set lang!")))) -> La plupart des activités sont mises en œuvre dans les délais impartis. Certaines sont retardées, mais sans affecter la réalisation des outputs. Interprétation du rapport final : la plupart des activités ont été mises en œuvre dans les délais impartis. Certaines ont été réalisées en retard, avec une incidence mineure sur la réalisation des outputs. Les leçons tirées doivent servir à des interventions analogues à l'avenir.
A14: C | B14: =IF(lang=3,values!D227,IF(lang=1,values!N227,IF(lang=2,values!X227,IF(lang=4,values!AH227,"set lang!")))) -> Les activités ont été retardées. Des mesures correctives sont nécessaires pour obtenir les outputs escomptés. Interprétation du rapport final : les activités accusent un retard. Malgré les mesures correctives mises en œuvre, les outputs n'ont été que partiellement atteints. Les leçons tirées doivent servir à des interventions analogues à l'avenir.
A15: D | B15: =IF(lang=3,values!D228,IF(lang=1,values!N228,IF(lang=2,values!X228,IF(lang=4,values!AH228,"set lang!")))) -> Les activités ont accusé un retard important. Les outputs ne peuvent être obtenus que si des changements importants interviennent dans la planification. Interprétation du rapport final : les activités ont accusé un retard important. Les outputs ont été insuffisamment atteints. Les mesures correctives n'ont pas eu l'effet escompté ou n'ont pas pu être mises en œuvre comme prévu. Une réflexion de fond quant à des interventions analogues à l'avenir s'impose.
A16: =IF(lang=3,values!D199,IF(lang=1,values!N199,IF(lang=2,values!X199,IF(lang=4,values!AH199,"set lang!")))) -> COMMENTAIRES
A17: Malgré le démarrage tardif du projet, les activités non réalisées la première année ont été rattrapées et réalisées cette année. Grâce à des ajustements dans la planification et les budgets, toutes les activités ont été achevées avant la date de clôture du projet, le 31 mars 2024, et tous les objectifs ont été atteints.

Sheet 2. Effectiveness
A1: =IF(lang=3,values!D274,IF(lang=1,values!N274,IF(lang=2,values!X274,IF(lang=4,values!AH274,"set lang!")))) -> 2. EFFICACITÉ : la mesure dans laquelle l'objectif spécifique (outcome) a été atteint, comme prévu à la fin de l'année N | C1: =IF(lang=3,values!D334,IF(lang=1,values!N334,IF(lang=2,values!X334,IF(lang=4,values!AH334,"set lang!")))) -> SCORE
A2: =IF(lang=3,values!D275,IF(lang=1,values!N275,IF(lang=2,values!X275,IF(lang=4,values!AH275,"set lang!")))) -> SCORE GLOBAL EFFICACITÉ | C2: =IF(COUNTIF(C$4:C$18,"-")>0,"-",IF(COUNTIF(C$4:C$18,"D")>0,"D",IF(COUNTIF(C$4:C$18,"C")>0,"C",IF(COUNTIF(C$4:C$18,"B")>1,"B","A")))) -> A
A3: =IF(lang=3,values!D276,IF(lang=1,values!N276,IF(lang=2,values!X276,IF(lang=4,values!AH276,"set lang!")))) -> Interprétation du critère d'efficacité : L'efficacité consiste à atteindre l'objectif spécifique (= outcome) et se situe au niveau des bénéficiaires. Le niveau de réalisation des outputs est évalué dans ce cadre, car il est considéré comme une condition préalable à la réalisation des outcomes. Il s'agit de l'exhaustivité et de la qualité des outputs fournis. La qualité fait référence à la satisfaction des besoins des bénéficiaires. Cela signifie également, par exemple, que les bénéficiaires ont accès aux outputs et qu'ils sont susceptibles d'en faire usage.
A4: =IF(lang=3,values!D277,IF(lang=1,values!N277,IF(lang=2,values!X277,IF(lang=4,values!AH277,"set lang!")))) -> 2.1 Dans quelle mesure les outputs sont-ils atteints et de bonne qualité ? | C4: A
A5: A | B5: =IF(lang=3,values!D308,IF(lang=1,values!N308,IF(lang=2,values!X308,IF(lang=4,values!AH308,"set lang!")))) -> Tous les outputs ont été ou sont susceptibles d'être atteints comme prévu et sont de bonne qualité._x000D_ Interprétation du rapport final : tous les outputs ont été atteints comme prévu et sont de bonne qualité.
A6: B | B6: =IF(lang=3,values!D309,IF(lang=1,values!N309,IF(lang=2,values!X309,IF(lang=4,values!AH309,"set lang!")))) -> Certains ajustements sont nécessaires pour garantir que les outputs prévus seront atteints et de bonne qualité. Ces ajustements sont minimes et seront réalisés dans le cadre de l'intervention._x000D_ Interprétation du rapport final : la plupart des outputs ont été atteints. Certains ajustements se sont avérés nécessaires. Tout n'a pas été mis en œuvre comme prévu. Toutefois, les outputs non effectués n'ont pas constitué un obstacle insurmontable à la réalisation de l'objectif spécifique. Les leçons tirées doivent servir à des interventions analogues à l'avenir.
A7: C | B7: =IF(lang=3,values!D310,IF(lang=1,values!N310,IF(lang=2,values!X310,IF(lang=4,values!AH310,"set lang!")))) -> Certains outputs ne sont/seront pas fournis comme prévu ou ne seront pas de bonne qualité. De ce fait, l'objectif spécifique ne sera que partiellement atteint. Des ajustements sont nécessaires._x000D_ Interprétation du rapport final : un certain nombre d'outputs n'ont pas été atteints ou ne sont pas de bonne qualité. Les mesures correctives n'ont pas eu l'effet escompté ou n'ont pas pu être mises en œuvre comme prévu. Les leçons tirées doivent servir à des interventions analogues à l'avenir.
A8: D | B8: =IF(lang=3,values!D311,IF(lang=1,values!N311,IF(lang=2,values!X311,IF(lang=4,values!AH311,"set lang!")))) -> La qualité et la réalisation de la majorité des outputs comportent ou risquent de comporter de graves lacunes. Cela aura pour conséquence que l'objectif spécifique ne sera pas atteint. Des ajustements majeurs sont nécessaires. Interprétation du rapport final : la plupart des outputs n'ont pas été atteints ou sont de mauvaise qualité. Les mesures correctives n'ont pas eu l'effet escompté ou n'ont pas pu être mises en œuvre comme prévu. Une réflexion de fond quant à des interventions similaires à l'avenir s'impose.
A9: =IF(lang=3,values!D282,IF(lang=1,values!N282,IF(lang=2,values!X282,IF(lang=4,values!AH282,"set lang!")))) -> COMMENTS
A10: Tous les outputs ont été atteints (même dépassé pour certains) et sont de qualité grâce à une approche rigoureuse : chaque activité a nécessité l'élaboration de Termes de Référence (TdRs) pour garantir des résultats de qualité, impliquant des experts médicaux en santé publique et des professionnels académiques. Toutes les parties prenantes ont été préalablement formées pour communiquer efficacement sur les enjeux liés au parcours EVRAS (Éducation à la Vie Relationnelle, Affective et Sexuelle). Avant le démarrage des activités, les organisations communautaires de base, les prestataires de soins et les partenaires de mise en œuvre ont été formés sur les thématiques du parcours EVRAS. Des missions de renforcement des capacités des prestataires de soins et des agents communautaires ont été menées en collaboration avec la Division de la Santé du Sud-Kivu et l'Equipe Cadre de la Santé pour assurer une mise en œuvre efficace des activités dans les aires de santé du projet. Toutes ces stratégies opérationnelles ont été élaborées en concertation avec toutes les parties prenantes pour garantir un accompagnement efficace des activités sur le terrain.
A11: =IF(lang=3,values!D284,IF(lang=1,values!N284,IF(lang=2,values!X284,IF(lang=4,values!AH284,"set lang!")))) -> 2.2 Quelle est la probabilité de réalisation de l'objectif spécifique si la mise en œuvre se déroule comme aujourd'hui ? | C11: A
A12: A | B12: =IF(lang=3,values!D315,IF(lang=1,values!N315,IF(lang=2,values!X315,IF(lang=4,values!AH315,"set lang!")))) -> La réalisation complète de l'objectif spécifique sur les plans de la qualité et de la portée est probable. Les effets négatifs de l'intervention (le cas échéant) ont été atténués._x000D_ Interprétation du rapport final : l'objectif spécifique a été (presque) pleinement atteint sur les plans de la qualité et de la portée. Les effets négatifs de l'intervention (le cas échéant) ont été atténués.
A13: B | B13: =IF(lang=3,values!D316,IF(lang=1,values!N316,IF(lang=2,values!X316,IF(lang=4,values!AH316,"set lang!")))) -> L'objectif spécifique sera atteint avec quelques restrictions mineures sur les plans de la qualité et/ou de la portée ; les effets négatifs (le cas échéant) n'ont pas causé de dommages importants. Interprétation du rapport final : l'objectif spécifique a été largement atteint. Des restrictions mineures existent sur les plans de la qualité et/ou de la portée ; les effets négatifs (le cas échéant) n'ont pas causé de dommages importants. Les leçons tirées doivent servir à des interventions analogues à l'avenir.
A14: C | B14: =IF(lang=3,values!D317,IF(lang=1,values!N317,IF(lang=2,values!X317,IF(lang=4,values!AH317,"set lang!")))) -> L'objectif spécifique ne sera que partiellement atteint. Des mesures correctives doivent être prises pour améliorer la probabilité d'atteindre l'objectif spécifique. Interprétation du rapport final : l'objectif spécifique n'a été que partiellement atteint. Les mesures correctives n'ont pas eu l'effet escompté ou n'ont pas pu être mises en œuvre comme prévu. Les leçons tirées doivent servir à des interventions analogues à l'avenir.
A15: D | B15: =IF(lang=3,values!D318,IF(lang=1,values!N318,IF(lang=2,values!X318,IF(lang=4,values!AH318,"set lang!")))) -> L'intervention n'atteindra pas son objectif si des mesures fondamentales et importantes ne sont pas prises. Interprétation du rapport final : l'intervention n'a pas atteint son objectif spécifique. Les mesures correctives n'ont pas eu l'effet escompté ou n'ont pas pu être mises en œuvre comme prévu. Une réflexion de fond quant à des interventions analogues à l'avenir s'impose.
A16: =IF(lang=3,values!D289,IF(lang=1,values!N289,IF(lang=2,values!X289,IF(lang=4,values!AH289,"set lang!")))) -> COMMENTAIRES
A17: La réalisation complète de l'objectif spécifique a été atteint. Pour surmonter les obstacles potentiels et garantir des résultats de qualité, des activités supplémentaires ont été déployées. Initialement, une analyse contextuelle a permis d'identifier les ajustements nécessaires pour atteindre les objectifs fixés dans la Zone de Santé de Miti Murhesa. Par exemple, l'activité de diffusion d'outils digitaux s'est avérée inadaptée pour la cible des jeunes et adolescents vivant en milieu rural, où la majorité n'a pas accès aux smartphones ou est sous contrôle parental. Une révision de cette activité a conduit à l'installation de postes de télévision dans 10 centres de santé pour organiser des vidéos forums avec des films éducatifs sur les thèmes EVRAS, fournis par la division provinciale PNSA. Cette initiative a été saluée par les autorités sanitaires, et d'ici la fin du premier semestre 2024, tous les centres de santé de la ZS seront équipés de télévisions pour des animations en santé menées par les infirmiers titulaires, avec le soutien du Bureau Central de la zone de santé. Ces ajustements ont été réalisés en impliquant continuellement toutes les parties prenantes du projet, à travers des dialogues communautaires et des cadres de concertation pour la santé.

Sheet 3. Relevance
A1: =IF(lang=3,values!D364,IF(lang=1,values!N364,IF(lang=2,values!X364,IF(lang=4,values!AH364,"set lang!")))) -> 3. PERTINENCE : la mesure dans laquelle l'intervention répond aux priorités du public-cible, des organisations partenaires ou du donateur. | C1: =IF(lang=3,values!D424,IF(lang=1,values!N424,IF(lang=2,values!X424,IF(lang=4,values!AH424,"set lang!")))) -> SCORE
A2: =IF(lang=3,values!D365,IF(lang=1,values!N365,IF(lang=2,values!X365,IF(lang=4,values!AH365,"set lang!")))) -> SCORE GLOBAL PERTINENCE | C2: =C4 -> A
A3: =IF(lang=3,values!D366,IF(lang=1,values!N366,IF(lang=2,values!X366,IF(lang=4,values!AH366,"set lang!")))) -> Interprétation du critère de pertinence : La pertinence, soit la mesure dans laquelle les objectifs d'une intervention en faveur du développement correspondent aux besoins des bénéficiaires et du pays, aux priorités globales et à la politique des partenaires et des donateurs, a fait l'objet d'une première évaluation lors de l’appréciation des programmes. L’interprétation de ce critère dans le suivi est donc plutôt orientée vers un contexte complexe ou changeant en raison duquel la pertinence des objectifs ou le programme de l'intervention pourraient ne plus être (entièrement) garantis et qui nécessiterait des ajustements. Parmi ces ajustements peuvent figurer une adaptation de la théorie du changement.
A4: =IF(lang=3,values!D367,IF(lang=1,values!N367,IF(lang=2,values!X367,IF(lang=4,values!AH367,"set lang!")))) -> 3.1 Quelle est la pertinence de l'outcome, compte tenu des éventuels changements qui se sont produits au cours de l'année écoulée dans le contexte externe (pays/partenaire/etc.) ou au sein de l'organisation (dans son ensemble et/ou au niveau du pays, en matière RH, sur le plan institutionnel et/ou financier) ? Dans quelle mesure ces changements ont-ils affecté la pertinence de l'intervention et comment la situation a-t-elle été appréhendée ? | C4: A
A5: A | B5: =IF(lang=3,values!D398,IF(lang=1,values!N398,IF(lang=2,values!X398,IF(lang=4,values!AH398,"set lang!")))) -> La pertinence de l’outcome est toujours très bonne. Aucun changement ne s’est produit dans le contexte et/ou au sein de l’organisation, ou bien les changements ont été très bien anticipés. Interprétation du rapport final : la pertinence de l'outcome a toujours été très bonne. Aucun changement ne s’est produit dans le contexte et/ou au sein de l’organisation, ou bien les changements survenus avaient été très bien anticipés.
A6: B | B6: =IF(lang=3,values!D399,IF(lang=1,values!N399,IF(lang=2,values!X399,IF(lang=4,values!AH399,"set lang!")))) -> La pertinence est bonne. Des changements mineurs se sont produits dans le contexte et/ou au sein de l’organisation, avec une influence réduite sur la pertinence. Les mesures nécessaires sont prises ou planifiées dans le cadre de l’intervention pour y remédier. Grâce à ces adaptations, l’intervention répondra de nouveau grandement aux priorités des bénéficiaires, de l’organisation partenaire, du donateur… comme prévu dans le document de programmation. Interprétation du rapport final : la pertinence a été bonne. Des changements mineurs se sont produits dans le contexte et/ou au sein de l’organisation, avec une influence réduite sur la pertinence. La plupart des mesures nécessaires ont été prises dans le cadre de l’intervention pour y remédier. Grâce à ces adaptations, l’intervention répondait grandement aux priorités des bénéficiaires, de l’organisation partenaire, du donateur… comme prévu dans le document de programmation. Les leçons tirées doivent servir à des interventions analogues à l'avenir.
A7: C | B7: =IF(lang=3,values!D400,IF(lang=1,values!N400,IF(lang=2,values!X400,IF(lang=4,values!AH400,"set lang!")))) -> L’outcome n’est pertinent qu’en partie. Un ou plusieurs changements importants se sont produits dans le contexte et/ou au sein de l’organisation. Sans ajustement, l’intervention perdra une part importante de sa pertinence pour le public-cible, les organisations partenaires et/ou le donateur. Interprétation du rapport final : L'outcome n'a été que partiellement pertinent. Un ou plusieurs changements importants se sont produits dans le contexte et/ou au sein de l’organisation. L’intervention a perdu une part importante de sa pertinence pour le public-cible, les organisations partenaires et/ou le donateur. Les mesures correctives n'ont eu qu'un effet partiel ou n'ont pas pu être entièrement mises en œuvre comme prévu. Les leçons tirées doivent servir à des interventions analogues à l'avenir.
A8: D | B8: =IF(lang=3,values!D401,IF(lang=1,values!N401,IF(lang=2,values!X401,IF(lang=4,values!AH401,"set lang!")))) -> La pertinence de l’outcome est menacée. Les changements dans le contexte et/ou au sein de l’organisation sont tels que l’intervention est devenue ou risque de devenir tout à fait non pertinente. Des ajustements majeurs sont nécessaires. Interprétation du rapport final : les changements dans le contexte et/ou au sein de l’organisation ont été tels que l’intervention a perdu toute sa pertinence. L'ajustement n'a pas eu l'effet désiré ou n'a pas pu être mis en œuvre comme prévu. Une réflexion de fond quant à des interventions analogues à l'avenir s'impose.
A9: =IF(lang=3,values!D372,IF(lang=1,values!N372,IF(lang=2,values!X372,IF(lang=4,values!AH372,"set lang!")))) -> COMMENTAIRE
A10: Aucun changement contextuel n'a été observé durant la mise en œuvre. L'objectif du programme s'aligne derrière la politique genre de la RDC qui concoure à l'égalité entre les sexes et l'autonomisation des femmes et filles ainsi qu'au protocole de Maputo qui est déjà en application en RDC. Les changements étaient anticipés en s'appuyant sur les politiques et lois de la RDC et sur les objectifs de développement durable 3 (Santé et bien être par ses cibles 3.5 et 3.7) et 5 (Égalités entre les sexes par ses cibles 5.2, 5.3 et 5.6).

Sheet 4. Potential sustainability
A1: =IF(lang=3,values!D454,IF(lang=1,values!N454,IF(lang=2,values!X454,IF(lang=4,values!AH454,"set lang!")))) -> 4. DURABILITÉ POTENTIELLE : le degré de probabilité de pérenniser et reproduire les bénéfices d’une intervention sur le long terme (au-delà de la période de l’intervention). | C1: =IF(lang=3,values!D514,IF(lang=1,values!N514,IF(lang=2,values!X514,IF(lang=4,values!AH514,"set lang!")))) -> SCORE
A2: =IF(lang=3,values!D455,IF(lang=1,values!N455,IF(lang=2,values!X455,IF(lang=4,values!AH455,"set lang!")))) -> SCORE GLOBAL DURABILITÉ | C2: =IF(COUNTIF(C$4:C$20,"-")>0,"-",IF(COUNTIF(C$4:C$20,"D")>0,"D",IF(COUNTIF(C$4:C$20,"C")>0,"C",IF(COUNTIF(C$4:C$20,"B")>1,"B","A")))) -> A
A3: =IF(lang=3,values!D456,IF(lang=1,values!N456,IF(lang=2,values!X456,IF(lang=4,values!AH456,"set lang!")))) -> Interprétation du critère de durabilité : Ce critère permet d'estimer le potentiel de pérennisation des bénéfices de l’intervention au-delà de la période de subvention actuelle. Pour ce faire, trois aspects de durabilité seront évalués : la durabilité financière, la durabilité sociale et la durabilité technique de la stratégie mise en œuvre. L’aspect durabilité écologique/environnement est évalué séparément comme un critère à part entière, vu qu’il constitue un thème transversal. Lorsque la question fait référence aux partenaires et/ou aux bénéficiaires, il convient de l'interpréter en fonction des modalités de travail et du groupe cible de l’intervention (le(s) partenaire(s) et/ou les bénéficiaires finaux).
A4: =IF(lang=3,values!D457,IF(lang=1,values!N457,IF(lang=2,values!X457,IF(lang=4,values!AH457,"set lang!")))) -> 4.1 Quel est le potentiel de durabilité financière et, si d'application, de viabilité économique de l'intervention ? Pour l'Éducation à la citoyenneté mondiale (ECM), la question porte sur les méthodes, instruments et/ou outils qui ont été développés dans le cadre de l'intervention. | C4: B
A5: A | B5: =IF(lang=3,values!D488,IF(lang=1,values!N488,IF(lang=2,values!X488,IF(lang=4,values!AH488,"set lang!")))) -> Le potentiel de durabilité financière est très bon : les principaux instruments, stratégies, méthodes, et/ou outils... développés dans le cadre de l'intervention ont été conçus pour un usage au-delà de la période de l'intervention. Les éventuels coûts pour la pérennisation des bénéfices de l'intervention peuvent en grande partie être couverts. Interprétation du rapport final : la durabilité financière est très bonne. Les principaux instruments, stratégies, méthodes et/ou outils développés dans le cadre de l'intervention ont été conçus pour un usage au-delà de la période de l'intervention. Les éventuels coûts pour la pérennisation des bénéfices de l'intervention pourront continuer à être supportés.
A6: B | B6: =IF(lang=3,values!D489,IF(lang=1,values!N489,IF(lang=2,values!X489,IF(lang=4,values!AH489,"set lang!")))) -> Il existe des risques mineurs qui peuvent avoir une influence sur la bonne durabilité financière. Ces risques sont maîtrisés dans le cadre de l’intervention. Interprétation du rapport final : des risques mineurs sont apparus, mais leur influence sur la durabilité financière a été limitée. La plupart des adaptations mineures nécessaires pour optimiser la durabilité ont été réalisées dans le cadre de l'intervention. Les leçons tirées doivent servir à des interventions analogues à l'avenir.
A7: C | B7: =IF(lang=3,values!D490,IF(lang=1,values!N490,IF(lang=2,values!X490,IF(lang=4,values!AH490,"set lang!")))) -> Il faut s'attaquer aux problèmes qui se posent dans le domaine de la durabilité financière afin que les éventuels coûts récurrents ou changements au niveau du contexte économique ne bloquent pas directement les bénéfices de l'intervention. Interprétation du rapport final : la durabilité financière est partiellement atteinte. Les mesures correctives n'ont eu qu'un effet partiel ou n'ont pas été complètement exécutées comme prévu. Les leçons tirées doivent servir à des interventions analogues à l'avenir.
A8: D | B8: =IF(lang=3,values!D491,IF(lang=1,values!N491,IF(lang=2,values!X491,IF(lang=4,values!AH491,"set lang!")))) -> La durabilité financière n’est pas garantie et il en résultera que les bénéfices de l’intervention ne seront pas préservés à l'issue de l'intervention. Des changements majeurs doivent être réalisés afin de garantir la durabilité. Interprétation du rapport final : la durabilité financière n’est pas garantie et il en résulte que les bénéfices de l’intervention ne se poursuivent pas à l'issue de l'intervention. Les mesures correctives n'ont pas eu l'effet escompté ou n'ont pas été exécutées comme prévu. Une réflexion de fond quant à des interventions analogues à l'avenir s'impose.
A9: =IF(lang=3,values!D462,IF(lang=1,values!N462,IF(lang=2,values!X462,IF(lang=4,values!AH462,"set lang!")))) -> COMMENTAIRES
A10: La durabilité financière à long terme reste un défi. Bien que les Comité de santé (CODESA), les prestataires de soins et l'Equipe Cadre de Zone soient disponibles et formés, un accompagnement continu est nécessaire pour garantir la pérennité du processus. Les coûts liés aux supervisions (carburant, perdiem, etc.) restent alors pertinents, nécessitant une subvention du gouvernement congolais pour éviter les blocages financiers. L'appui aux organisations communautaires de base pour la pérennisation des activités génératrices de revenus est crucial pour assurer l'autofinancement des activités de sensibilisation au sein de la communauté. Afin de ne pas perdre les acquis du projet, la recherche de sources de financement alternatives est essentielle pour pérenniser les acquis du projet et renforcer le système de santé en RDC, impliquant notamment le BCZ et la DPS.
A11: =IF(lang=3,values!D464,IF(lang=1,values!N464,IF(lang=2,values!X464,IF(lang=4,values!AH464,"set lang!")))) -> 4.2 Les conditions sont-elles réunies pour garantir la durabilité sociale des bénéfices de la stratégie appliquée, même au-delà de la période de l’intervention ? (par ex. participation et implication des bénéficiaires, groupes cibles/acteurs intermédiaires, effet multiplicateur, ancrage dans des organisations existantes, création d’une base de soutien, intégration dans la politique, facilitation des échanges d'expertise…) | C11: A
A12: A | B12: =IF(lang=3,values!D495,IF(lang=1,values!N495,IF(lang=2,values!X495,IF(lang=4,values!AH495,"set lang!")))) -> La stratégie appliquée accorde une grande attention aux conditions favorisant la durabilité sociale, l'implication et l'adhésion, ce qui donne potentiellement lieu à des effets durables. Interprétation du rapport final : la stratégie appliquée a accordé une grande attention aux conditions favorisant la durabilité sociale, l'implication et l'adhésion, ce qui a donné lieu à des effets durables.
A13: B | B13: =IF(lang=3,values!D496,IF(lang=1,values!N496,IF(lang=2,values!X496,IF(lang=4,values!AH496,"set lang!")))) -> Des adaptations mineures sont nécessaires pour optimiser la durabilité sociale des effets, entre autres en matière d'implication et d'adhésion. Elles seront apportées dans le cadre de l'intervention. Interprétation du rapport final : la plupart des adaptations mineures nécessaires pour optimiser la durabilité sociale des effets, e.a. en matière d'implication et d'adhésion, ont été apportées dans le cadre de l'intervention. Les leçons tirées doivent servir à des interventions analogues à l'avenir.
A14: C | B14: =IF(lang=3,values!D497,IF(lang=1,values!N497,IF(lang=2,values!X497,IF(lang=4,values!AH497,"set lang!")))) -> Les conditions favorisant la durabilité sociale ne seront que partiellement remplies. Un certain nombre de problèmes (e.a. en matière d'implication et d'adhésion) devront être résolus pour renforcer la durabilité sociale des effets. Interprétation du rapport final : les conditions favorisant la durabilité sociale n'ont été que partiellement remplies. Les mesures correctives (e.a. en matière d'implication et d'adhésion) n'ont eu qu'un effet partiel ou n'ont pas été complètement exécutées comme prévu. Les leçons tirées doivent servir à des interventions analogues à l'avenir.
A15: D | B15: =IF(lang=3,values!D498,IF(lang=1,values!N498,IF(lang=2,values!X498,IF(lang=4,values!AH498,"set lang!")))) -> Des adaptations majeures doivent être apportées à la stratégie appliquée afin de garantir la durabilité sociale des bénéfices de l'intervention. Interprétation du rapport final : La durabilité sociale n'est pas garanti et a comme effet que les effets de l'intervention ne perdureront pas après l'intervention. Les mesures correctives n'ont pas eu l'effet escompté pour la durabilité sociale ou n'ont pas été exécutées comme prévu. Une réflexion de fond quant à des interventions analogues à l'avenir s'impose.
A16: =IF(lang=3,values!D469,IF(lang=1,values!N469,IF(lang=2,values!X469,IF(lang=4,values!AH469,"set lang!")))) -> COMMENTAIRES
A17: Les CODESA sont fonctionnels et intègrent les activités EVRAS ciblant les adolescent.e.s et jeunes dans leurs planifications, et cela, sans appuis financier supplémentaire. Les stratégies mobilisées ont permis par exemple de former et de sensibiliser plus de bénéficiaires de tranche d'âge et de groupes socio-culturels différents au sein d'une même communauté (parents, jeunes, chefs religieux, chefs communautaires, infirmiers des centres de santé, etc.). Les membres de la communauté deviennent alors une source d'informations pour les autres membres et ils.elles sont à même de comprendre leurs problèmes et d'y apporter des informations qui permettront d'adopter des comportements favorables en santé et en équité de genre. Cependant, il reste important d'exercer une prudence, car l'appropriation à long terme lié à des programmes de courte durée d’action, peut être difficile à garantir. Encore plus certainement dans des contextes de changements sociétaux incertains, notamment dans des zones affectées par des conflits armés, comme au Kivu.
A18: =IF(lang=3,values!D471,IF(lang=1,values!N471,IF(lang=2,values!X471,IF(lang=4,values!AH471,"set lang!")))) -> 4.3 Quel est le degré de durabilité technique de l'intervention ? La durabilité technique est liée aux types de connaissances nécessaires que les acteurs concernés doivent développer, maîtriser et exploiter pour faire perdurer les bénéfices de l'intervention à l'issue de cette dernière, ainsi qu'à la présence des outils nécessaires à cet effet. | C18: A
A19: A | B19: =IF(lang=3,values!D502,IF(lang=1,values!N502,IF(lang=2,values!X502,IF(lang=4,values!AH502,"set lang!")))) -> Le potentiel de durabilité technique est très bon : tout est mis en œuvre afin que les différents types de connaissances et outils développés dans le cadre de l'intervention soient maîtrisés et exploités par les acteurs concernés en vue de leur usage même au-delà de la période de l'intervention. Interprétation du rapport final : les différents types de connaissances et outils développés dans le cadre de l'intervention sont maîtrisés et exploités par les acteurs concernés en vue d'un usage même au-delà de la période de l'intervention.
A20: B | B20: =IF(lang=3,values!D503,IF(lang=1,values!N503,IF(lang=2,values!X503,IF(lang=4,values!AH503,"set lang!")))) -> Il existe des risques mineurs qui peuvent avoir une influence sur la bonne durabilité technique, e.a. en termes de maîtrise et d'exploitation des connaissances et des outils nécessaires. Ces risques sont maîtrisés dans le cadre de l’intervention. Interprétation du rapport final : des risques mineurs sont apparus, mais leur influence sur la durabilité technique a été limitée, e.a. en termes de maîtrise et d'exploitation des connaissances et des outils nécessaires. La plupart des adaptations mineures nécessaires pour optimiser la durabilité technique ont été apportées dans le cadre de l'intervention. Les leçons tirées doivent servir à des interventions analogues à l'avenir.
A21: C | B21: =IF(lang=3,values!D504,IF(lang=1,values!N504,IF(lang=2,values!X504,IF(lang=4,values!AH504,"set lang!")))) -> Il faut s'attaquer aux problèmes qui se posent dans le domaine de la durabilité technique, e.a. en termes de maîtrise et d'exploitation des connaissances et des outils nécessaires. Interprétation du rapport final : la durabilité technique est partiellement atteinte en termes de maîtrise et d'exploitation des connaissances et des outils nécessaires. Les mesures correctives n'ont eu qu'un effet partiel ou n'ont pas été complètement exécutées comme prévu. Les leçons tirées doivent servir à des interventions analogues à l'avenir.
A22: D | B22: =IF(lang=3,values!D505,IF(lang=1,values!N505,IF(lang=2,values!X505,IF(lang=4,values!AH505,"set lang!")))) -> La durabilité technique, e.a. en termes de maîtrise et d'exploitation des connaissances et des outils nécessaires, n'est pas garantie et il en résultera que les bénéfices de l’intervention ne se poursuivront pas à l'issue de l'intervention. Des changements majeurs doivent être réalisés afin de garantir la durabilité technique. Interprétation du rapport final : la durabilité technique, e.a. en termes de maîtrise et d'exploitation des connaissances et outils nécessaires n’est pas garantie et il en résulte que les bénéfices de l’intervention ne se poursuivent pas à l'issue de l'intervention. Les mesures correctives n'ont pas eu l'effet escompté ou n'ont pas été exécutées comme prévu. Une réflexion de fond quant à des interventions analogues à l'avenir s'impose.
A23: =IF(lang=3,values!D476,IF(lang=1,values!N476,IF(lang=2,values!X476,IF(lang=4,values!AH476,"set lang!")))) -> COMMENTAIRES
A24: Les prestataires des soins sont formés et outillés et les services sont disponibles afin de répondre à la demande bien que tous les besoins des structures ne soient pas couverts en intrants (faible disponibilité en méthodes contraceptives modernes, tests diagnostiques, etc.). Le renforcement de l’accompagnement du niveau intermédiaire de la pyramide sanitaire (DPS/PNSA) et l'ECZ a permis à ce que le centre de santé puisse disposer des ressources humaines qualifiées et formées dans l'offre des services adaptées aux adolescent.e.s et jeunes. Les compétences requises sont également disponibles au niveau communautaire car les staffs ADE, membres OCB et autres parties prenantes du projet ont bénéficié des renforcements de capacités. Également, une activité non planifiée dans le projet initial a été réalisée à la fin du programme pour évaluer la qualité des services de santé sexuelle et reproductive des adolescent.e.s et jeunes sous le nom "client mystère". Cette étude, menée par des jeunes dans les services de planification familiale, vise à capitaliser les expériences et à guider les futurs programmes en identifiant les problèmes persistants et en agissant sur l'offre de services de santé adaptés aux adolescent.e.s et jeunes.

Sheet 5. Coherence
A1: =IF(lang=3,values!D544,IF(lang=1,values!N544,IF(lang=2,values!X544,IF(lang=4,values!AH544,"set lang!")))) -> 5. Cohérence, en ce compris la contribution au Cadre Stratégique Commun (CSC) – Complémentarités et synergies | C1: =IF(lang=3,values!D604,IF(lang=1,values!N604,IF(lang=2,values!X604,IF(lang=4,values!AH604,"set lang!")))) -> SCORE
A2: =IF(lang=3,values!D545,IF(lang=1,values!N545,IF(lang=2,values!X545,IF(lang=4,values!AH545,"set lang!")))) -> SCORE GLOBAL CONTRIBUTION AU CSC | C2: =IF(COUNTIF(C$4:C$20,"-")>0,"-",IF(COUNTIF(C$4:C$20,"D")>0,"D",IF(COUNTIF(C$4:C$20,"C")>0,"C",IF(COUNTIF(C$4:C$20,"B")>1,"B","A")))) -> -
A3: =IF(lang=3,values!D546,IF(lang=1,values!N546,IF(lang=2,values!X546,IF(lang=4,values!AH546,"set lang!")))) -> Interprétation du critère : Degré de compatibilité avec d'autres interventions dans un pays, un secteur ou une institution. Remarque : ce critère vise à examiner dans quelle mesure d'autres interventions (en particulier les mesures politiques) soutiennent ou affaiblissent l'intervention en question, et vice versa. Ce critère (renouvelé) du CAD de l'OCDE porte tant sur la cohérence interne qu'externe : * La cohérence interne fait référence aux synergies et aux interdépendances entre les interventions réalisées par la même institution/les mêmes autorités, ainsi qu'à la cohérence entre l'intervention et les normes et critères internationaux pertinents auxquels l'institution/les autorités en question se conforme(nt). * La cohérence externe concerne la cohérence entre l'intervention en question et les interventions d'autres acteurs dans le même contexte. Elle englobe la complémentarité, l'harmonisation et la coordination avec d'autres acteurs et vérifie si l'intervention apporte une valeur ajoutée tout en évitant un double emploi. Pour cet outcome, les scores de performance se concentrent principalement sur la cohérence externe, au sein et en dehors des CSC existants. La façon dont chaque intervention contribuera à un CSC y est précisée au préalable. Les CSC constituent une incitation à la coopération stratégique entre les acteurs de la coopération non gouvernementale et forment dès lors un critère d'évaluation à part entière, ce qui permet d'assurer un suivi spécifique de cet aspect. Outre la contribution à un CSC, les complémentarités et les synergies sont également évaluées ici. Ce dernier aspect entre également en ligne de compte pour les interventions en dehors d'un CSC. Dans ce cas, il faut répondre uniquement à la question 5.2.
A4: =IF(lang=3,values!D547,IF(lang=1,values!N547,IF(lang=2,values!X547,IF(lang=4,values!AH547,"set lang!")))) -> 5.1 L’intervention contribuera-t-elle comme prévu à l'objectif/aux objectifs stratégique(s) du CSC ? | C4: -
A5: A | B5: =IF(lang=3,values!D578,IF(lang=1,values!N578,IF(lang=2,values!X578,IF(lang=4,values!AH578,"set lang!")))) -> L’intervention contribuera comme prévu à l'objectif/aux objectifs stratégique(s) du CSC. Interprétation du rapport final : l'intervention a contribué comme prévu à l'objectif/aux objectifs stratégique(s) du CSC.
A6: B | B6: =IF(lang=3,values!D579,IF(lang=1,values!N579,IF(lang=2,values!X579,IF(lang=4,values!AH579,"set lang!")))) -> L'intervention contribuera probablement comme prévu à l'objectif/aux objectifs stratégique(s) du CSC. Quelques adaptations mineures sont nécessaires et seront apportées dans le cadre de l'intervention. Interprétation du rapport final : la contribution prévue à l'objectif/aux objectifs stratégique(s) a été en grande partie atteinte. La plupart des adaptations mineures qui étaient nécessaires ont été apportées dans le cadre de l'intervention. Les leçons tirées doivent servir à des interventions analogues à l'avenir.
A7: C | B7: =IF(lang=3,values!D580,IF(lang=1,values!N580,IF(lang=2,values!X580,IF(lang=4,values!AH580,"set lang!")))) -> La contribution prévue au CSC ne sera que partiellement réalisée. Des mesures correctives doivent être prises pour permettre la réalisation de la contribution prévue au CSC. Interprétation du rapport final : la contribution prévue au CSC n'a été que partiellement réalisée. Les mesures correctives n'ont eu qu'un effet partiel ou n'ont pas été complètement exécutées comme prévu. - Les leçons tirées doivent servir à des interventions analogues à l'avenir.
A8: D | B8: =IF(lang=3,values!D581,IF(lang=1,values!N581,IF(lang=2,values!X581,IF(lang=4,values!AH581,"set lang!")))) -> La contribution prévue au CSC ne sera pas réalisée sauf si des changements fondamentaux sont effectués. Interprétation du rapport final : la contribution prévue au CSC n'a pas été réalisée. Les mesures correctives n'ont pas eu l'effet escompté ou n'ont pas été exécutées comme prévu. Une réflexion de fond quant à des interventions analogues à l'avenir s'impose.
A9: =IF(lang=3,values!D552,IF(lang=1,values!N552,IF(lang=2,values!X552,IF(lang=4,values!AH552,"set lang!")))) -> COMMENTAIRES
A10: Non applicable
A11: =IF(lang=3,values!D554,IF(lang=1,values!N554,IF(lang=2,values!X554,IF(lang=4,values!AH554,"set lang!")))) -> 5.2 Dans quelle mesure des opportunités de coopération ont-elles été trouvées ? Les synergies et complémentarités planifiées sont-elles concrétisées ? | C11: -
A12: A | B12: =IF(lang=3,values!D585,IF(lang=1,values!N585,IF(lang=2,values!X585,IF(lang=4,values!AH585,"set lang!")))) -> Des opportunités de coopération existent. La concrétisation des synergies et complémentarités planifiées se déroule comme prévu. Interprétation du rapport final : des opportunités de coopération ont été trouvées et exploitées. La concrétisation des synergies et complémentarités planifiées s'est déroulée comme prévu.
A13: B | B13: =IF(lang=3,values!D586,IF(lang=1,values!N586,IF(lang=2,values!X586,IF(lang=4,values!AH586,"set lang!")))) -> Des opportunités de coopération ont été discernées. La concrétisation des synergies et complémentarités planifiées se déroule en grande partie comme prévu. Quelques adaptations mineures sont nécessaires et seront apportées dans le cadre de l'intervention. Interprétation du rapport final : les opportunités de coopération ont été en grande partie détectées et exploitées. La concrétisation des synergies et complémentarités planifiées s'est déroulée en grande partie comme prévu. Quelques adaptations mineures étaient nécessaires et ont été apportées dans le cadre de l'intervention. Les leçons tirées doivent servir à des interventions analogues à l'avenir.
A14: C | B14: =IF(lang=3,values!D587,IF(lang=1,values!N587,IF(lang=2,values!X587,IF(lang=4,values!AH587,"set lang!")))) -> Seules quelques opportunités de coopération ont été discernées. La concrétisation des synergies et complémentarités planifiées n’est réalisée qu’en partie. Des mesures correctives doivent être prises pour pouvoir concrétiser les synergies et complémentarités comme prévu. Interprétation du rapport final : les opportunités de coopération n'ont été que partiellement discernées et exploitées. La concrétisation des synergies et complémentarités planifiées n’a été que partiellement réalisée. Les mesures correctives n'ont eu qu'un effet partiel ou n'ont pas été complètement exécutées comme prévu. Les leçons tirées doivent servir à des interventions analogues à l'avenir.
A15: D | B15: =IF(lang=3,values!D588,IF(lang=1,values!N588,IF(lang=2,values!X588,IF(lang=4,values!AH588,"set lang!")))) -> Les opportunités de coopération discernées sont faibles, voire nulles. La concrétisation des synergies et complémentarités planifiées ne sera pas réalisée sauf si des changements fondamentaux sont apportés. Interprétation du rapport final : les opportunités de coopération n'ont pas pu être discernées ou exploitées. La concrétisation des synergies et complémentarités planifiées n'a pas été réalisée. Les mesures correctives n'ont pas eu l'effet escompté ou n'ont pas été exécutées comme prévu. Une réflexion de fond quant à des interventions analogues à l'avenir s'impose.
A16: =IF(lang=3,values!D559,IF(lang=1,values!N559,IF(lang=2,values!X559,IF(lang=4,values!AH559,"set lang!")))) -> COMMENTAIRES
A17: Non applicable

Sheet 6. Transversal theme of gender
A1: =IF(lang=3,values!D634,IF(lang=1,values!N634,IF(lang=2,values!X634,IF(lang=4,values!AH634,"set lang!")))) -> 6. Thème transversal genre | C1: =IF(lang=3,values!D694,IF(lang=1,values!N694,IF(lang=2,values!X694,IF(lang=4,values!AH694,"set lang!")))) -> SCORE
A2: =IF(lang=3,values!D635,IF(lang=1,values!N635,IF(lang=2,values!X635,IF(lang=4,values!AH635,"set lang!")))) -> SCORE GLOBAL GENRE | C2: =C4 -> A
A3: =IF(lang=3,values!D636,IF(lang=1,values!N636,IF(lang=2,values!X636,IF(lang=4,values!AH636,"set lang!")))) -> Interprétation du critère genre : L'évaluation de ce critère doit être réalisée à la lumière de ce qui a été planifié par l'acteur dans le domaine du genre et consiste à vérifier si les mesures prévues sont mises en œuvre de manière cohérente. Ce critère se rapporte à l'intégration transversale de la dimension de genre (gender mainstreaming).
A4: =IF(lang=3,values!D637,IF(lang=1,values!N637,IF(lang=2,values!X637,IF(lang=4,values!AH637,"set lang!")))) -> 6.1 Les mesures liées au genre sont-elles mises en œuvre comme prévu ? Il peut s'agir de résultats ou d'outcomes spécifiques qui ont un objectif axé sur le genre, mais également de l’intégration transversale du genre au sein d’un objectif spécifique. | C4: A
A5: A | B5: =IF(lang=3,values!D668,IF(lang=1,values!N668,IF(lang=2,values!X668,IF(lang=4,values!AH668,"set lang!")))) -> Les mesures liées au genre qui étaient prévues dans le document de programme sont pleinement mises en œuvre. On estime qu'elles auront l’effet escompté. Interprétation du rapport final : les mesures liées au genre prévues dans le document de programme ont été pleinement mises en œuvre. Les mesures ont eu l’effet escompté.
A6: B | B6: =IF(lang=3,values!D669,IF(lang=1,values!N669,IF(lang=2,values!X669,IF(lang=4,values!AH669,"set lang!")))) -> Quelques adaptations mineures sont nécessaires pour mettre en œuvre comme prévu les mesures liées au genre et favoriser l’aspect genre. Ces adaptations sont apportées dans le cadre de l’intervention. Interprétation du rapport final : la plupart des adaptations mineures qui étaient nécessaires pour mettre en œuvre les mesures liées au genre et favoriser l'aspect genre ont été apportées dans le cadre de l'intervention. Les leçons tirées doivent servir à des interventions analogues à l'avenir.
A7: C | B7: =IF(lang=3,values!D670,IF(lang=1,values!N670,IF(lang=2,values!X670,IF(lang=4,values!AH670,"set lang!")))) -> La mise en œuvre des mesures liées au genre telles qu’elles étaient prévues présente des lacunes et l'intervention ne favorise pas l'aspect genre. Des mesures correctives sont nécessaires. Interprétation du rapport final : des lacunes sont apparues dans la mise en œuvre des mesures liées au genre telles qu’elles étaient prévues et l'intervention n'a favorisé que partiellement l'aspect genre. Les mesures correctives n'ont eu qu'un effet partiel ou n'ont pas été complètement exécutées comme prévu. Les leçons tirées doivent servir à des interventions analogues à l'avenir.
A8: D | B8: =IF(lang=3,values!D671,IF(lang=1,values!N671,IF(lang=2,values!X671,IF(lang=4,values!AH671,"set lang!")))) -> En raison du contexte et de l'opérationnalisation de la stratégie, de sérieux problèmes sont apparus dans la mise en œuvre des mesures liées au genre telles qu'elles étaient prévues. Par conséquent, l'intervention ne favorise absolument pas l'aspect genre. Un ajustement majeur doit être apporté. Interprétation du rapport final : en raison du contexte et de l'opérationnalisation de la stratégie, l'intervention n'a pas favorisé l'aspect genre. Les mesures correctives n'ont pas eu l'effet escompté ou n'ont pas été exécutées comme prévu. Une réflexion de fond quant à des interventions analogues à l'avenir s'impose.
A9: =IF(lang=3,values!D642,IF(lang=1,values!N642,IF(lang=2,values!X642,IF(lang=4,values!AH642,"set lang!")))) -> COMMENTAIRES
A10: Dans la mise en œuvre des activités, le respect de la représentativité de 35% (norme fixée par le gouvernement en RDC) de même sexe était assuré lors de la sélection des bénéficiaires, tout en développant des activités spécifiques aux filles et aux femmes, telles que la gestion de l'hygiène intime et des menstruations, ainsi que l'accouchement hygiénique dans les centres de santé. Les activités de sensibilisation ont touché les filles comme les garçons et les thématiques EVRAS étaient traitées de façon à toucher les deux sexes (exemple : les violences basées sur le genre, les mariages précoces, les grossesses précoces, les IST, etc.). Les activités de sensibilisation ont été conçues de manière à toucher à la fois les filles et les garçons, abordant des thématiques telles que les violences basées sur le genre, les mariages forcés, les grossesses précoces, les IST, etc. Par ailleurs, les jeunes ont été directement impliqués dans les activités de sensibilisation, par exemple en créant des spots radio ou en réalisant des sketches pour aborder des sujets tabous au sein de leur communauté, offrant ainsi des espaces d'expression pour tous et toutes.

Sheet 7. Transv. theme of environment
A1: =IF(lang=3,values!D724,IF(lang=1,values!N724,IF(lang=2,values!X724,IF(lang=4,values!AH724,"set lang!")))) -> 7. Thème transversal environnement | C1: =IF(lang=3,values!D784,IF(lang=1,values!N784,IF(lang=2,values!X784,IF(lang=4,values!AH784,"set lang!")))) -> SCORE
A2: =IF(lang=3,values!D725,IF(lang=1,values!N725,IF(lang=2,values!X725,IF(lang=4,values!AH725,"set lang!")))) -> SCORE GLOBAL ENVIRONNEMENT | C2: =C4 -> A
A3: =IF(lang=3,values!D726,IF(lang=1,values!N726,IF(lang=2,values!X726,IF(lang=4,values!AH726,"set lang!")))) -> Interprétation du critère environnement : L'évaluation de ce critère doit être réalisée à la lumière de ce qui a été planifié par l'acteur dans le domaine de l'environnement et consiste à vérifier si les mesures prévues sont mises en œuvre.de manière cohérente. Ce critère se rapporte à l'intégration transversale de l'aspect environnement.
A4: =IF(lang=3,values!D727,IF(lang=1,values!N727,IF(lang=2,values!X727,IF(lang=4,values!AH727,"set lang!")))) -> 6.1 Les mesures liées à l'environnement sont-elles mises en œuvre comme prévu ? | C4: A
A5: A | B5: =IF(lang=3,values!D758,IF(lang=1,values!N758,IF(lang=2,values!X758,IF(lang=4,values!AH758,"set lang!")))) -> Les mesures liées à l'environnement, qui étaient prévues dans le document de programme, sont pleinement mises en œuvre. On estime qu'elles auront l’effet escompté. Interprétation du rapport final : les mesures liées à l'environnement prévues dans le document de programme ont été pleinement mises en œuvre. Les mesures ont eu l’effet escompté.
A6: B | B6: =IF(lang=3,values!D759,IF(lang=1,values!N759,IF(lang=2,values!X759,IF(lang=4,values!AH759,"set lang!")))) -> Quelques adaptations mineures sont nécessaires pour mettre en œuvre comme prévu les mesures liées à l'environnement et favoriser l’aspect environnement. Ces adaptations sont apportées dans le cadre de l’intervention. Interprétation du rapport final : la plupart des adaptations mineures qui étaient nécessaires pour mettre en œuvre les mesures liées à l'environnement et favoriser l'aspect environnement ont été apportées dans le cadre de l'intervention. Les leçons tirées doivent servir à des interventions analogues à l'avenir.
A7: C | B7: =IF(lang=3,values!D760,IF(lang=1,values!N760,IF(lang=2,values!X760,IF(lang=4,values!AH760,"set lang!")))) -> La mise en œuvre des mesures liées à l'environnement telles qu’elles étaient prévues présente des lacunes et l'intervention ne favorise pas l'aspect environnement. Des mesures correctives sont nécessaires. Interprétation du rapport final : des lacunes sont apparues dans la mise en œuvre des mesures liées à l'environnement telles qu’elles étaient prévues et l’intervention n'a favorisé que partiellement l'aspect environnement. Les mesures correctives n'ont eu qu'un effet partiel ou n'ont pas été complètement exécutées comme prévu. Les leçons tirées doivent servir à des interventions analogues à l'avenir.
A8: D | B8: =IF(lang=3,values!D761,IF(lang=1,values!N761,IF(lang=2,values!X761,IF(lang=4,values!AH761,"set lang!")))) -> En raison du contexte et de l'opérationnalisation de la stratégie, de sérieux problèmes sont apparus dans la mise en œuvre des mesures liées à l'environnement telles qu'elles étaient prévues. Par conséquent, l'intervention ne favorise absolument pas l'aspect environnement. Un ajustement majeur doit être effectué. Interprétation du rapport final : en raison du contexte et de l'opérationnalisation de la stratégie, l'intervention n'a pas favorisé l'aspect environnement. Les mesures correctives n'ont pas eu l'effet escompté ou n'ont pas été exécutées comme prévu. Une réflexion de fond quant à des interventions analogues à l'avenir s'impose.
A9: =IF(lang=3,values!D732,IF(lang=1,values!N732,IF(lang=2,values!X732,IF(lang=4,values!AH732,"set lang!")))) -> COMMENTAIRES
A10: L'élimination des déchets biomédicaux par incinération était mise en place dans 25 établissements de santé bénéficiant de soutien en méthodes contraceptives et en tests diagnostiques, afin de garantir des normes d'hygiène hospitalière élevées. Pour éviter tout gaspillage éventuel les produits étaient utilisés de manière appropriée ou orientés vers des utilisations alternatives si nécessaire. Les commandes étaient également favorisées au niveau local par le biais de centres de distribution agréés par la division provinciale.

Sheet files
A1: 2022PSE.xlsx
A2: 2022PSF.xlsx
A3: 2022PSN.xlsx
A4: 2022PSS.xlsx
B6: 2022PSE.xlsx | C6: 2022PSF.xlsx | D6: 2022PSN.xlsx | E6: 2022PSS.xlsx
A7: 2022PSE.xlsx | B7: Introduction | C7: Introduction | D7: Inleiding | E7: Introducción
B8: Overall score | C8: Score global | D8: Globale Score | E8: Puntuación global
B9: 1. Efficiency | C9: 1. Efficience | D9: 1. Efficientie | E9: 1. Eficiencia
B10: 2. Effectiveness | C10: 2. Efficacité | D10: 2. Doeltreffendheid | E10: 2. Eficacia
B11: 3. Relevance | C11: 3. Pertinence | D11: 3. Relevantie | E11: 3. Pertinencia
B12: 4. Potential sustainability | C12: 4. Durabilité potentielle | D12: 4. Potentiële Duurzaamheid | E12: 4. Sostenibilidad potencial
B13: 5. Coherence | C13: 5. Cohérence | D13: 5. Coherentie | E13: 5. Coherencia
B14: 6. Transversal theme of gender | C14: 6. Thème transversal genre | D14: 6. Transversaal thema gender | E14: 6. Asunto transversal género
B15: 7. Transv. theme of environment | C15: 7. Thème transversal environnem | D15: 7. Transversaal thema milieu | E15: 7. Asunto del medio ambiente
A16: 2022PSF.xlsx | B16: Introduction
B17: Score global
B18: 1. Efficience
B19: 2. Efficacité
B20: 3. Pertinence
B21: 4. Durabilité potentielle
B22: 5. Cohérence
B23: 6. Thème transversal genre
B24: 7. Thème transversal environnem
A25: 2022PSN.xlsx | B25: Inleiding
B26: Globale Score
B27: 1. Efficientie
B28: 2. Doeltreffendheid
B29: 3. Relevantie
B30: 4. Potentiële Duurzaamheid
B31: 5. Coherentie
B32: 6. Transversaal thema gender
B33: 7. Transversaal thema milieu
A34: 2022PSS.xlsx | B34: Introducción
B35: Puntuación global
B36: 1. Eficiencia
B37: 2. Eficacia
B38: 3. Pertinencia
B39: 4. Sostenibilidad potencial
B40: 5. Coherencia
B41: 6. Asunto transversal género
B42: 7. Asunto del medio ambiente

Sheet values
D2: 2022PSE.xlsx | N2: 2022PSF.xlsx | X2: 2022PSN.xlsx | AH2: 2022PSS.xlsx | AO2: -
A3: formula | B3: adapt | C3: tab | D3: E | E3: address | F3: h | G3: w | H3: checkH | I3: checkW | J3: checkAd | K3: Column4 | L3: Column5 | M3: tab6 | N3: F | O3: address7 | P3: h8 | Q3: w9 | R3: Column10 | S3: Column11 | T3: Column12 | U3: Column13 | V3: Column14 | W3: tab15 | X3: N | Y3: address16 | Z3: h17 | AA3: w18 | AB3: Column19 | AC3: Column20 | AD3: Column21 | AE3: Column22 | AF3: Column23 | AG3: tab24 | AH3: S | AI3: address25 | AJ3: h26 | AK3: w27 | AO3: A | AR3: FR | AS3: 1
A4: =LEFT(Table1[[#This Row],[address]],3)&(RIGHT(Table1[[#This Row],[address]],LEN(Table1[[#This Row],[address]])-3)+1) -> $A$3 | B4: =IF(Table1[[#This Row],[E]]<>"",1,"x") -> 1 | C4: Introduction | D4: Performance measurement system – reporting by actors of non-governmental cooperation | E4: $A$2 | F4: 22.5 | G4: 48 | H4: =MAX(Table1[[#This Row],[h]],Table1[[#This Row],[h8]],Table1[[#This Row],[h17]],Table1[[#This Row],[h26]]) -> 22.5 | I4: =MAX(Table1[[#This Row],[w]],Table1[[#This Row],[w9]],Table1[[#This Row],[w18]],Table1[[#This Row],[w27]]) -> 73.5 | J4: =AND(Table1[[#This Row],[address]]=Table1[[#This Row],[address7]],Table1[[#This Row],[address]]=Table1[[#This Row],[address16]],Table1[[#This Row],[address]]=Table1[[#This Row],[address25]]) -> FALSE | M4: Introduction | N4: Système de mesure de la performance – rapportage par les acteurs de la coopération non gouvernementale | O4: $A$1 | P4: 22.5 | Q4: 48.75 | W4: Inleiding | X4: Performantiemeetsysteem – rapportage door de actoren van de niet-gouvernementele samenwerking | Y4: $A$1 | Z4: 22.5 | AA4: 48 | AG4: Introducción | AH4: Sistema de medición del rendimiento – presentación de informes de los actores de la cooperación no gubernamental | AI4: $A$1 | AJ4: 22.5 | AK4: 73.5 | AO4: B | AR4: NL | AS4: 2
A5: =LEFT(Table1[[#This Row],[address]],3)&(RIGHT(Table1[[#This Row],[address]],LEN(Table1[[#This Row],[address]])-3)+1) -> $A$4 | B5: =IF(Table1[[#This Row],[E]]<>"",1,"x") -> 1 | C5: Introduction | D5: 1. General information | E5: $A$3 | F5: 22.5 | G5: 48 | H5: =MAX(Table1[[#This Row],[h]],Table1[[#This Row],[h8]],Table1[[#This Row],[h17]],Table1[[#This Row],[h26]]) -> 22.5 | I5: =MAX(Table1[[#This Row],[w]],Table1[[#This Row],[w9]],Table1[[#This Row],[w18]],Table1[[#This Row],[w27]]) -> 73.5 | J5: =AND(Table1[[#This Row],[address]]=Table1[[#This Row],[address7]],Table1[[#This Row],[address]]=Table1[[#This Row],[address16]],Table1[[#This Row],[address]]=Table1[[#This Row],[address25]]) -> FALSE | M5: Introduction | N5: 1. Généralités | O5: $A$2 | P5: 22.5 | Q5: 48.75 | W5: Inleiding | X5: 1. Algemeen | Y5: $A$2 | Z5: 22.5 | AA5: 48 | AG5: Introducción | AH5: 1. General | AI5: $A$2 | AJ5: 22.5 | AK5: 73.5 | AO5: C | AR5: EN | AS5: 3
A6: =LEFT(Table1[[#This Row],[address]],3)&(RIGHT(Table1[[#This Row],[address]],LEN(Table1[[#This Row],[address]])-3)+1) -> $A$5 | B6: =IF(Table1[[#This Row],[E]]<>"",1,"x") -> 1 | C6: Introduction | D6: The performance measurement system forms part of the annual moral justification (i.e. the narrative report) of the approved programmes 2022-2026 of non-governmental actors. The idea of the performance measurement system is for each non-governmental actor to indicate by means of self-assessment how the different interventions/outcomes (understood as specific goals) which are co-financed by the DGD have performed in the past year. The final moral report must be submitted annually by no later than 30 June. The full final report is presented to the administration no later than six months after the end date of the programme. The final report of an intervention/outcome (performance scores and lessons learned) is expected in the year following the completion of the outcome AND the most recent expenditures for this, also no later than six months after the end date of this intervention/outcome. If this ends earlier than the full programme, this means it is also submitted earlier. The final report consists of detailed performance scores, the final evaluation reports (together with the management response) and the key lessons learned from the full implementation of the programme. Additional aspects need to be explained in the performance scores of the last year, so that these performance scores, together with the evaluations and the final lessons learned, form a complete final report in accordance with the legislation (see below). This system is partly inspired by Enabel's MoRe Results system and the European Commission's ROM (Results Oriented Monitoring) system. | E6: $A$4 | F6: 297 | G6: 48 | H6: =MAX(Table1[[#This Row],[h]],Table1[[#This Row],[h8]],Table1[[#This Row],[h17]],Table1[[#This Row],[h26]]) -> 297 | I6: =MAX(Table1[[#This Row],[w]],Table1[[#This Row],[w9]],Table1[[#This Row],[w18]],Table1[[#This Row],[w27]]) -> 73.5 | J6: =AND(Table1[[#This Row],[address]]=Table1[[#This Row],[address7]],Table1[[#This Row],[address]]=Table1[[#This Row],[address16]],Table1[[#This Row],[address]]=Table1[[#This Row],[address25]]) -> FALSE | M6: Introduction | N6: Le système de mesure de la performance est l'un des outils de la reddition morale annuelle de comptes (rapportage narratif) sur les programmes approuvés pour la période 2022-2026 des acteurs de la coopération non gouvernementale. L’objectif de ce système de mesure de la performance est que chaque acteur non gouvernemental apprécie, au moyen d'une auto-évaluation, comment ont été exécutés, au cours de l'année écoulée, les multiples interventions/outcomes (compris ici au sens d’objectifs spécifiques) des programmes cofinancés par la DGD. Le rapport moral complet doit être remis annuellement au plus tard le 30 juin. Le rapport final complet sera soumis à l'administration au plus tard six mois après la date de fin du programme. Le rapport final sur une intervention / un outcome (scores de performance et leçons tirées) est attendu l'année qui suit l'achèvement de l'outcome et des dernières dépenses associées, également six mois au plus tard après la date de fin de l'intervention/outcome. Si l'intervention/outcome s'achève plus tôt que le programme dans son ensemble, il faut donc également soumettre ce rapport plus tôt. Le rapport final comprend les scores de performance détaillés, les rapports d’évaluation finaux (ainsi que la réponse de la direction) et les principales leçons tirées de la mise en œuvre intégrale du programme. Les scores de performance de la dernière année doivent détailler certains aspects supplémentaires afin de former, couplés aux évaluations et aux leçons tirées, un rapport final complet conforme à la législation (voir ci-dessous). Ce système s’inspire en partie du Système MoRe Results d'Enabel et du système ROM (Results Oriented Monitoring - Monitoring orienté vers les résultats) de la Commission européenne. | O6: $A$3 | P6: 297 | Q6: 48.75 | W6: Inleiding | X6: Het performantiemeetsysteem maakt deel uit van de jaarlijkse morele verantwoording (d.i. de narratieve rapportage) van de goedgekeurde programma’s 2022-2026 van de niet-gouvernementele actoren. De bedoeling van het performantiemeetsysteem is dat elke niet-gouvernementele actor via een zelfinschatting aangeeft hoe de verschillende interventies/outcomes (begrepen als specifieke doelstelling) -die mede-gefinancierd worden door DGD -gepresteerd hebben in het afgelopen jaar. Het volledige morele rapport dient jaarlijks ten laatste op 30 juni ingediend te worden. Het volledige eindrapport wordt uiterlijk zes maanden na de einddatum van het programma aan de administratie voorgelegd. Het eindrapport van een interventie / outcome (performantiescores en lessons learned) wordt verwacht het jaar dat volgt op de afronding van de outcome én de laatste uitgaven hiervoor, ook uiterlijk zes maanden na de einddatum van die interventie/outcome. Indien dit vroeger eindigt dan het volledige programma, wordt dit dus ook vroeger ingediend. Het eindrapport bestaat uit uitgebreide performantiescores, de eindevaluatierapporten (samen met de management response) en de belangrijkste geleerde lessen die uit de volledige uitvoering van het programma getrokken te worden. In de performantiescores van het laatste jaar dienen er bijkomende zaken toegelicht te worden, zodat deze performantiescores, samen met de evaluaties en de finale lessons learned, een volwaardig eindrapport, conform de wetgeving, vormt. (cfr. infra) Dit systeem werd uitgewerkt naar het voorbeeld van een onderdeel van het MoRe Results systeem van Enabel en het ROM (Results Oriented Monitoring)-systeem van de Europese Commissie. | Y6: $A$3 | Z6: 297 | AA6: 48 | AG6: Introducción | AH6: El sistema de medición del rendimiento es una de las herramientas para la rendición de cuentas moral anual (informe narrativo) sobre los programas aprobados para el periodo 2022-2026 de los actores de la cooperación no gubernamental. El objetivo de este sistema de medición del rendimiento es que cada actor no gubernamental indique, mediante una autoevaluación, cómo han avanzado durante el último año las distintas intervenciones/los outcomes (entendidos aquí en el sentido de objetivos específicos) de los programas cofinanciados por la DGD. El informe moral completo debe presentarse anualmente a más tardar el 30 de junio. El informe final completo deberá presentarse a la administración a más tardar seis meses después de la fecha de finalización del programa. El informe final sobre una intervención/outcome (puntuaciones de rendimiento y lecciones aprendidas) debe presentarse al año siguiente de la finalización del outcome y del último gasto asociado, también a más tardar seis meses después de la fecha de finalización de la intervención/del outcome. Si la intervención/el outcome se termina antes del programa completo, este informe también deberá presentarse más pronto. El informe final incluye las puntuaciones detalladas de rendimiento, los informes finales de evaluación (así como la respuesta de la dirección) y las principales lecciones aprendidas de la plena ejecución del programa. Las puntuaciones de rendimiento del último año deben detallar algunos aspectos adicionales para constituir, junto con las evaluaciones y las lecciones aprendidas finales, un informe final detallado conforme a la legislación (véase más abajo). Este sistema se inspira en una parte del Sistema de Resultados MoRe de Enabel y del Sistema de seguimiento orientado a los resultados (Results Oriented Monitoring, ROM) de la Comisión Europea. | AI6: $A$3 | AJ6: 297 | AK6: 73.5 | AO6: D | AR6: SP | AS6: 4
A7: =LEFT(Table1[[#This Row],[address]],3)&(RIGHT(Table1[[#This Row],[address]],LEN(Table1[[#This Row],[address]])-3)+1) -> $A$6 | B7: =IF(Table1[[#This Row],[E]]<>"",1,"x") -> 1 | C7: Introduction | D7: 2. Terminology | E7: $A$5 | F7: 22.5 | G7: 48 | H7: =MAX(Table1[[#This Row],[h]],Table1[[#This Row],[h8]],Table1[[#This Row],[h17]],Table1[[#This Row],[h26]]) -> 22.5 | I7: =MAX(Table1[[#This Row],[w]],Table1[[#This Row],[w9]],Table1[[#This Row],[w18]],Table1[[#This Row],[w27]]) -> 73.5 | J7: =AND(Table1[[#This Row],[address]]=Table1[[#This Row],[address7]],Table1[[#This Row],[address]]=Table1[[#This Row],[address16]],Table1[[#This Row],[address]]=Table1[[#This Row],[address25]]) -> FALSE | M7: Introduction | N7: 2. Terminologie | O7: $A$4 | P7: 22.5 | Q7: 48.75 | W7: Inleiding | X7: 2. Terminologie | Y7: $A$4 | Z7: 22.5 | AA7: 48 | AG7: Introducción | AH7: 2. Terminología | AI7: $A$4 | AJ7: 22.5 | AK7: 73.5
A8: =LEFT(Table1[[#This Row],[address]],3)&(RIGHT(Table1[[#This Row],[address]],LEN(Table1[[#This Row],[address]])-3)+1) -> $A$7 | B8: =IF(Table1[[#This Row],[E]]<>"",1,"x") -> 1 | C8: Introduction | D8: We will provide a definition of the terms used here once again, to clarify their interrelationships in the chain of results: - The “specific objective” in the DGD programme = an outcome. The terms “specific objective”, “outcome”, and “intervention” are all used interchangeably and refer to one and the same thing. However, the meaning of the term "intervention" refers rather to the process towards the objective, while "outcome" is considered more to be the result of this. - The “results” in the DGD programme are the same as outputs. - Terms such as North and South are replaced by Belgium and intervention countries. North outcomes are therefore outcomes in Belgium, while South outcomes are those in intervention countries. - This document still uses the term "beneficiary", even though this is quite limited: after all, this term is often understood as an external factor with a sense of passivity (those who receive assistance from donors) and somehow also excludes donors themselves who also gain from the interventions (experience, financing, etc.). The aim of fully-fledged cooperation between partners working towards shared objectives is therefore not adequately expressed. However, its continued use allows us to retain coherence with its international use, as well as with the information in the programme, without creating any additional confusion regarding the possible meaning of newer terms. Until a clearer, acceptable and recognised term is found, we will therefore keep the term "beneficiary" in italics. | E8: $A$6 | F8: 172.5 | G8: 48 | H8: =MAX(Table1[[#This Row],[h]],Table1[[#This Row],[h8]],Table1[[#This Row],[h17]],Table1[[#This Row],[h26]]) -> 172.5 | I8: =MAX(Table1[[#This Row],[w]],Table1[[#This Row],[w9]],Table1[[#This Row],[w18]],Table1[[#This Row],[w27]]) -> 73.5 | J8: =AND(Table1[[#This Row],[address]]=Table1[[#This Row],[address7]],Table1[[#This Row],[address]]=Table1[[#This Row],[address16]],Table1[[#This Row],[address]]=Table1[[#This Row],[address25]]) -> FALSE | M8: Introduction | N8: Pour éviter toute confusion, voici une définition des termes utilisés et un schéma clarifiant leur interaction dans la chaîne de résultats : - « L'objectif spécifique » dans le programme de la DGD correspond à l’outcome. Les termes « d’objectif spécifique », « d’outcome » et « d’intervention » utilisés ici ont la même signification et sont interchangeables. Le mot « intervention» met souvent l'accent sur le processus visant à atteindre l'objectif, tandis que « outcome » désigne généralement le résultat de ce processus. - Les « résultats » dans le programme de la DGD sont l'équivalent des outputs. - Les termes tels que « Nord » et « Sud » sont remplacés par « Belgique » et « pays d'intervention ». Les « outcomes dans le Nord » deviennent dès lors les « outcomes en Belgique » et les « outcomes dans le Sud » deviennent les « outcomes dans les pays d'intervention ». - Le terme « bénéficiaire » est encore employé dans ce document, bien qu'il se heurte à des limites. En effet, ce terme est souvent interprété dans le sens d'un facteur externe avec une attitude passive (ceux qui reçoivent l'aide des donateurs). D'une certaine façon, cette notion exclut les donateurs, qui pourtant tirent aussi avantage des interventions (expérience, financement...). Le terme ne met pas suffisamment en évidence l'idée d'une collaboration totale entre partenaires au service d'objectifs communs. Toutefois, nous avons choisi de continuer à employer ce terme dans un souci de cohérence vis-à-vis de l'usage international mais aussi des informations contenues dans le programme, pour ne pas créer de confusion supplémentaire quant à la signification possible de termes plus récents. En attendant qu'une notion plus claire, admise et reconnue se dégage, nous écrirons le terme « bénéficiaire» en italique. | O8: $A$5 | P8: 172.5 | Q8: 48.75 | W8: Inleiding | X8: We definiëren de termen die hier gebruikt worden nog eens, zodat duidelijk is hoe ze zich onderling verhouden in de resultatenketen: - De “specifieke doelstelling” in het DGD-programma staat gelijk aan een outcome. De termen “specifieke doelstelling”, “outcome” en “interventie” worden hier door elkaar gebruikt maar doelen hier op hetzelfde. Bij het woord interventie ligt de nuance vaak eerder op het proces tot de doelstelling, terwijl outcome meer gezien wordt als het resultaat ervan. - De “resultaten” in het DGD-programma staan gelijk aan outputs. - Termen als Noord en Zuid worden vervangen door België en interventielanden. Noord outcomes worden dus outcomes in België, Zuid outcomes worden dus outcomes in interventielanden. - In dit document wordt het woord begunstigde nog gebruikt, hoewel dit op zijn grenzen botst: deze term wordt immers vaak begrepen als een externe factor met een passieve houding (zij die de hulp van de donoren ontvangen) en sluit ergens ook de donoren zelf uit die eveneens voordeel halen uit de interventies (ervaring, financiering, ...). Het doel van een volledige samenwerking tussen partners naar gedeelde doelstellingen komt hierdoor niet genoeg naar voor. Het behoud van zijn gebruik staat echter toe om coherentie te behouden met het internationale gebruik ervan, alsook met de informatie gevat in het programma, en zo geen extra verwarring te creëren over de mogelijke betekenis van nieuwere termen. Tot er een duidelijker, aanvaardbaar en erkend begrip komt, behouden we de benaming "begunstigde" dus in italic. | Y8: $A$5 | Z8: 172.5 | AA8: 48 | AG8: Introducción | AH8: Se ofrece a continuación una definición de los términos utilizados para que quede clara su interacción en la cadena de resultados: - El “objetivo específico” del programa de la DGD corresponde al outcome. Los términos “objetivo específico”, “outcome” e “intervención” utilizados aquí tienen el mismo significado y son intercambiables. La palabra “intervención” a menudo enfatiza el proceso de consecución del objetivo, mientras que “outcome” se refiere generalmente al resultado de ese proceso. - En el programa de la DGD, los “resultados” equivalen a los outputs. - Términos como “Norte” y “Sur” se sustituyen por “Bélgica” y “países de intervención”. Los “outcomes en el Norte” se convierten en “outcomes en Bélgica” y los “outcomes en el Sur” en “outcomes en los países de intervención”. - El término “beneficiario” continúa utilizándose en este documento, aunque tiene sus limitaciones. De hecho, este término se interpreta a menudo como un factor externo con una actitud pasiva (los que reciben ayuda de los donantes). Además, de alguna manera, esta noción excluye a los donantes, que también se benefician de las intervenciones (experiencia, financiación...). El término no enfatiza suficientemente la idea de plena colaboración entre socios al servicio de objetivos comunes. Sin embargo, por coherencia con el uso internacional y con la información contenida en el programa, hemos optado por seguir utilizando este término, para no agravar la confusión sobre el posible significado de términos más recientes. Hasta que aparezca un concepto más claro, aceptado y reconocido, escribiremos el término “beneficiario” en cursiva. . | AI8: $A$5 | AJ8: 172.5 | AK8: 73.5
A9: =LEFT(Table1[[#This Row],[address]],3)&(RIGHT(Table1[[#This Row],[address]],LEN(Table1[[#This Row],[address]])-3)+1) -> $A$8 | B9: =IF(Table1[[#This Row],[E]]<>"",1,"x") -> x | C9: Introduction | E9: $A$7 | F9: 15 | G9: 48 | H9: =MAX(Table1[[#This Row],[h]],Table1[[#This Row],[h8]],Table1[[#This Row],[h17]],Table1[[#This Row],[h26]]) -> 15 | I9: =MAX(Table1[[#This Row],[w]],Table1[[#This Row],[w9]],Table1[[#This Row],[w18]],Table1[[#This Row],[w27]]) -> 73.5 | J9: =AND(Table1[[#This Row],[address]]=Table1[[#This Row],[address7]],Table1[[#This Row],[address]]=Table1[[#This Row],[address16]],Table1[[#This Row],[address]]=Table1[[#This Row],[address25]]) -> FALSE | M9: Introduction | O9: $A$6 | P9: 15 | Q9: 48.75 | W9: Inleiding | Y9: $A$6 | Z9: 15 | AA9: 48 | AG9: Introducción | AI9: $A$6 | AJ9: 15 | AK9: 73.5
A10: =LEFT(Table1[[#This Row],[address]],3)&(RIGHT(Table1[[#This Row],[address]],LEN(Table1[[#This Row],[address]])-3)+1) -> $A$9 | B10: =IF(Table1[[#This Row],[E]]<>"",1,"x") -> x | C10: Introduction | E10: $A$8 | F10: 15 | G10: 48 | H10: =MAX(Table1[[#This Row],[h]],Table1[[#This Row],[h8]],Table1[[#This Row],[h17]],Table1[[#This Row],[h26]]) -> 15 | I10: =MAX(Table1[[#This Row],[w]],Table1[[#This Row],[w9]],Table1[[#This Row],[w18]],Table1[[#This Row],[w27]]) -> 73.5 | J10: =AND(Table1[[#This Row],[address]]=Table1[[#This Row],[address7]],Table1[[#This Row],[address]]=Table1[[#This Row],[address16]],Table1[[#This Row],[address]]=Table1[[#This Row],[address25]]) -> FALSE | M10: Introduction | O10: $A$7 | P10: 15 | Q10: 48.75 | W10: Inleiding | Y10: $A$7 | Z10: 15 | AA10: 48 | AG10: Introducción | AI10: $A$7 | AJ10: 15 | AK10: 73.5
A11: =LEFT(Table1[[#This Row],[address]],3)&(RIGHT(Table1[[#This Row],[address]],LEN(Table1[[#This Row],[address]])-3)+1) -> $A$10 | B11: =IF(Table1[[#This Row],[E]]<>"",1,"x") -> x | C11: Introduction | E11: $A$9 | F11: 15 | G11: 48 | H11: =MAX(Table1[[#This Row],[h]],Table1[[#This Row],[h8]],Table1[[#This Row],[h17]],Table1[[#This Row],[h26]]) -> 15 | I11: =MAX(Table1[[#This Row],[w]],Table1[[#This Row],[w9]],Table1[[#This Row],[w18]],Table1[[#This Row],[w27]]) -> 73.5 | J11: =AND(Table1[[#This Row],[address]]=Table1[[#This Row],[address7]],Table1[[#This Row],[address]]=Table1[[#This Row],[address16]],Table1[[#This Row],[address]]=Table1[[#This Row],[address25]]) -> FALSE | M11: Introduction | O11: $A$8 | P11: 15 | Q11: 48.75 | W11: Inleiding | Y11: $A$8 | Z11: 15 | AA11: 48 | AG11: Introducción | AI11: $A$8 | AJ11: 15 | AK11: 73.5
A12: =LEFT(Table1[[#This Row],[address]],3)&(RIGHT(Table1[[#This Row],[address]],LEN(Table1[[#This Row],[address]])-3)+1) -> $A$11 | B12: =IF(Table1[[#This Row],[E]]<>"",1,"x") -> x | C12: Introduction | E12: $A$10 | F12: 15 | G12: 48 | H12: =MAX(Table1[[#This Row],[h]],Table1[[#This Row],[h8]],Table1[[#This Row],[h17]],Table1[[#This Row],[h26]]) -> 15 | I12: =MAX(Table1[[#This Row],[w]],Table1[[#This Row],[w9]],Table1[[#This Row],[w18]],Table1[[#This Row],[w27]]) -> 73.5 | J12: =AND(Table1[[#This Row],[address]]=Table1[[#This Row],[address7]],Table1[[#This Row],[address]]=Table1[[#This Row],[address16]],Table1[[#This Row],[address]]=Table1[[#This Row],[address25]]) -> FALSE | M12: Introduction | O12: $A$9 | P12: 15 | Q12: 48.75 | W12: Inleiding | Y12: $A$9 | Z12: 15 | AA12: 48 | AG12: Introducción | AI12: $A$9 | AJ12: 15 | AK12: 73.5
A13: =LEFT(Table1[[#This Row],[address]],3)&(RIGHT(Table1[[#This Row],[address]],LEN(Table1[[#This Row],[address]])-3)+1) -> $A$12 | B13: =IF(Table1[[#This Row],[E]]<>"",1,"x") -> x | C13: Introduction | E13: $A$11 | F13: 15 | G13: 48 | H13: =MAX(Table1[[#This Row],[h]],Table1[[#This Row],[h8]],Table1[[#This Row],[h17]],Table1[[#This Row],[h26]]) -> 15 | I13: =MAX(Table1[[#This Row],[w]],Table1[[#This Row],[w9]],Table1[[#This Row],[w18]],Table1[[#This Row],[w27]]) -> 73.5 | J13: =AND(Table1[[#This Row],[address]]=Table1[[#This Row],[address7]],Table1[[#This Row],[address]]=Table1[[#This Row],[address16]],Table1[[#This Row],[address]]=Table1[[#This Row],[address25]]) -> FALSE | M13: Introduction | O13: $A$10 | P13: 15 | Q13: 48.75 | W13: Inleiding | Y13: $A$10 | Z13: 15 | AA13: 48 | AG13: Introducción | AI13: $A$10 | AJ13: 15 | AK13: 73.5
A14: =LEFT(Table1[[#This Row],[address]],3)&(RIGHT(Table1[[#This Row],[address]],LEN(Table1[[#This Row],[address]])-3)+1) -> $A$13 | B14: =IF(Table1[[#This Row],[E]]<>"",1,"x") -> x | C14: Introduction | E14: $A$12 | F14: 15 | G14: 48 | H14: =MAX(Table1[[#This Row],[h]],Table1[[#This Row],[h8]],Table1[[#This Row],[h17]],Table1[[#This Row],[h26]]) -> 15 | I14: =MAX(Table1[[#This Row],[w]],Table1[[#This Row],[w9]],Table1[[#This Row],[w18]],Table1[[#This Row],[w27]]) -> 73.5 | J14: =AND(Table1[[#This Row],[address]]=Table1[[#This Row],[address7]],Table1[[#This Row],[address]]=Table1[[#This Row],[address16]],Table1[[#This Row],[address]]=Table1[[#This Row],[address25]]) -> FALSE | M14: Introduction | O14: $A$11 | P14: 15 | Q14: 48.75 | W14: Inleiding | Y14: $A$11 | Z14: 15 | AA14: 48 | AG14: Introducción | AI14: $A$11 | AJ14: 15 | AK14: 73.5
A15: =LEFT(Table1[[#This Row],[address]],3)&(RIGHT(Table1[[#This Row],[address]],LEN(Table1[[#This Row],[address]])-3)+1) -> $A$14 | B15: =IF(Table1[[#This Row],[E]]<>"",1,"x") -> x | C15: Introduction | E15: $A$13 | F15: 15.75 | G15: 48 | H15: =MAX(Table1[[#This Row],[h]],Table1[[#This Row],[h8]],Table1[[#This Row],[h17]],Table1[[#This Row],[h26]]) -> 15.75 | I15: =MAX(Table1[[#This Row],[w]],Table1[[#This Row],[w9]],Table1[[#This Row],[w18]],Table1[[#This Row],[w27]]) -> 73.5 | J15: =AND(Table1[[#This Row],[address]]=Table1[[#This Row],[address7]],Table1[[#This Row],[address]]=Table1[[#This Row],[address16]],Table1[[#This Row],[address]]=Table1[[#This Row],[address25]]) -> FALSE | M15: Introduction | O15: $A$12 | P15: 15.75 | Q15: 48.75 | W15: Inleiding | Y15: $A$12 | Z15: 15.75 | AA15: 48 | AG15: Introducción | AI15: $A$12 | AJ15: 15.75 | AK15: 73.5
A16: =LEFT(Table1[[#This Row],[address]],3)&(RIGHT(Table1[[#This Row],[address]],LEN(Table1[[#This Row],[address]])-3)+1) -> $A$15 | B16: =IF(Table1[[#This Row],[E]]<>"",1,"x") -> 1 | C16: Introduction | D16: 3. How does the performance system work? | E16: $A$14 | F16: 16.5 | G16: 48 | H16: =MAX(Table1[[#This Row],[h]],Table1[[#This Row],[h8]],Table1[[#This Row],[h17]],Table1[[#This Row],[h26]]) -> 16.5 | I16: =MAX(Table1[[#This Row],[w]],Table1[[#This Row],[w9]],Table1[[#This Row],[w18]],Table1[[#This Row],[w27]]) -> 73.5 | J16: =AND(Table1[[#This Row],[address]]=Table1[[#This Row],[address7]],Table1[[#This Row],[address]]=Table1[[#This Row],[address16]],Table1[[#This Row],[address]]=Table1[[#This Row],[address25]]) -> FALSE | M16: Introduction | N16: 3. Comment fonctionne le système de mesure de la performance ? | O16: $A$13 | P16: 16.5 | Q16: 48.75 | W16: Inleiding | X16: 3. Hoe werkt het performantiesysteem ? | Y16: $A$13 | Z16: 16.5 | AA16: 48 | AG16: Introducción | AH16: 3. ¿Cómo funciona el sistema de medición del rendimiento? | AI16: $A$13 | AJ16: 16.5 | AK16: 73.5
A17: =LEFT(Table1[[#This Row],[address]],3)&(RIGHT(Table1[[#This Row],[address]],LEN(Table1[[#This Row],[address]])-3)+1) -> $A$16 | B17: =IF(Table1[[#This Row],[E]]<>"",1,"x") -> 1 | C17: Introduction | D17: Reporting takes place annually. The scores for year X are submitted no later than 30 June of the year X+1 (see period in the Royal Decree). Scoring takes place according to a four-point scale (A-B-C-D) with a colour code (“flashing light system”). | E17: $A$15 | F17: 47.25 | G17: 48 | H17: =MAX(Table1[[#This Row],[h]],Table1[[#This Row],[h8]],Table1[[#This Row],[h17]],Table1[[#This Row],[h26]]) -> 47.25 | I17: =MAX(Table1[[#This Row],[w]],Table1[[#This Row],[w9]],Table1[[#This Row],[w18]],Table1[[#This Row],[w27]]) -> 73.5 | J17: =AND(Table1[[#This Row],[address]]=Table1[[#This Row],[address7]],Table1[[#This Row],[address]]=Table1[[#This Row],[address16]],Table1[[#This Row],[address]]=Table1[[#This Row],[address25]]) -> FALSE | M17: Introduction | N17: Le rapportage se fait annuellement. Les scores pour l’année X sont remis au plus tard le 30 juin de l’année X+1 (cf. échéances fixées dans l'AR). L’attribution des scores suit une échelle de 4 points (A-B-C-D) dotée d'un code couleur (« système des feux tricolores »). | O17: $A$14 | P17: 47.25 | Q17: 48.75 | W17: Inleiding | X17: De rapportage gebeurt jaarlijks. De scores voor jaar X worden ingediend uiterlijk op 30 juni van het jaar X+1 (cf. termijn in het KB). De scoring gebeurt volgens een vierpuntsschaal (A-B-C-D) met een kleurcodering (“knipperlichtsysteem”). | Y17: $A$14 | Z17: 47.25 | AA17: 48 | AG17: Introducción | AH17: Los informes son anuales. Las puntuaciones del año X se presentan a más tardar el 30 de junio del año X+1 (véase plazos establecidos en el Real Decreto). La asignación de puntuaciones sigue una escala de 4 puntos (A-B-C-D) con un código de colores (“sistema de semáforos”). | AI17: $A$14 | AJ17: 47.25 | AK17: 73.5
A18: =LEFT(Table1[[#This Row],[address]],3)&(RIGHT(Table1[[#This Row],[address]],LEN(Table1[[#This Row],[address]])-3)+1) -> $A$17 | B18: =IF(Table1[[#This Row],[E]]<>"",1,"x") -> x | C18: Introduction | E18: $A$16 | F18: 24.75 | G18: 48 | H18: =MAX(Table1[[#This Row],[h]],Table1[[#This Row],[h8]],Table1[[#This Row],[h17]],Table1[[#This Row],[h26]]) -> 24.75 | I18: =MAX(Table1[[#This Row],[w]],Table1[[#This Row],[w9]],Table1[[#This Row],[w18]],Table1[[#This Row],[w27]]) -> 73.5 | J18: =AND(Table1[[#This Row],[address]]=Table1[[#This Row],[address7]],Table1[[#This Row],[address]]=Table1[[#This Row],[address16]],Table1[[#This Row],[address]]=Table1[[#This Row],[address25]]) -> FALSE | M18: Introduction | O18: $A$15 | P18: 24.75 | Q18: 48.75 | W18: Inleiding | Y18: $A$15 | Z18: 24.75 | AA18: 48 | AG18: Introducción | AI18: $A$15 | AJ18: 24.75 | AK18: 73.5
A19: =LEFT(Table1[[#This Row],[address]],3)&(RIGHT(Table1[[#This Row],[address]],LEN(Table1[[#This Row],[address]])-3)+1) -> $A$18 | B19: =IF(Table1[[#This Row],[E]]<>"",1,"x") -> 1 | C19: Introduction | D19: Score | E19: $A$17 | F19: 30.75 | G19: 48 | H19: =MAX(Table1[[#This Row],[h]],Table1[[#This Row],[h8]],Table1[[#This Row],[h17]],Table1[[#This Row],[h26]]) -> 30.75 | I19: =MAX(Table1[[#This Row],[w]],Table1[[#This Row],[w9]],Table1[[#This Row],[w18]],Table1[[#This Row],[w27]]) -> 73.5 | J19: =AND(Table1[[#This Row],[address]]=Table1[[#This Row],[address7]],Table1[[#This Row],[address]]=Table1[[#This Row],[address16]],Table1[[#This Row],[address]]=Table1[[#This Row],[address25]]) -> FALSE | M19: Introduction | N19: Score | O19: $A$16 | P19: 30.75 | Q19: 48.75 | W19: Inleiding | X19: Score | Y19: $A$16 | Z19: 15.75 | AA19: 48 | AG19: Introducción | AH19: Puntuación | AI19: $A$16 | AJ19: 15.75 | AK19: 73.5
A20: =LEFT(Table1[[#This Row],[address]],3)&(RIGHT(Table1[[#This Row],[address]],LEN(Table1[[#This Row],[address]])-3)+1) -> $A$19 | B20: x | C20: Introduction | D20: A | E20: $A$18 | F20: 45 | G20: 48 | H20: =MAX(Table1[[#This Row],[h]],Table1[[#This Row],[h8]],Table1[[#This Row],[h17]],Table1[[#This Row],[h26]]) -> 60.75 | I20: =MAX(Table1[[#This Row],[w]],Table1[[#This Row],[w9]],Table1[[#This Row],[w18]],Table1[[#This Row],[w27]]) -> 73.5 | J20: =AND(Table1[[#This Row],[address]]=Table1[[#This Row],[address7]],Table1[[#This Row],[address]]=Table1[[#This Row],[address16]],Table1[[#This Row],[address]]=Table1[[#This Row],[address25]]) -> FALSE | M20: Introduction | N20: A | O20: $A$17 | P20: 45.75 | Q20: 48.75 | W20: Inleiding | X20: A | Y20: $A$17 | Z20: 45 | AA20: 48 | AG20: Introducción | AH20: A | AI20: $A$17 | AJ20: 60.75 | AK20: 73.5
A21: =LEFT(Table1[[#This Row],[address]],3)&(RIGHT(Table1[[#This Row],[address]],LEN(Table1[[#This Row],[address]])-3)+1) -> $A$20 | B21: x | C21: Introduction | D21: B | E21: $A$19 | F21: 103.5 | G21: 48 | H21: =MAX(Table1[[#This Row],[h]],Table1[[#This Row],[h8]],Table1[[#This Row],[h17]],Table1[[#This Row],[h26]]) -> 103.5 | I21: =MAX(Table1[[#This Row],[w]],Table1[[#This Row],[w9]],Table1[[#This Row],[w18]],Table1[[#This Row],[w27]]) -> 73.5 | J21: =AND(Table1[[#This Row],[address]]=Table1[[#This Row],[address7]],Table1[[#This Row],[address]]=Table1[[#This Row],[address16]],Table1[[#This Row],[address]]=Table1[[#This Row],[address25]]) -> FALSE | M21: Introduction | N21: B | O21: $A$18 | P21: 103.5 | Q21: 48.75 | W21: Inleiding | X21: B | Y21: $A$18 | Z21: 103.5 | AA21: 48 | AG21: Introducción | AH21: B | AI21: $A$18 | AJ21: 103.5 | AK21: 73.5
A22: =LEFT(Table1[[#This Row],[address]],3)&(RIGHT(Table1[[#This Row],[address]],LEN(Table1[[#This Row],[address]])-3)+1) -> $A$21 | B22: x | C22: Introduction | D22: C | E22: $A$20 | F22: 66 | G22: 48 | H22: =MAX(Table1[[#This Row],[h]],Table1[[#This Row],[h8]],Table1[[#This Row],[h17]],Table1[[#This Row],[h26]]) -> 66 | I22: =MAX(Table1[[#This Row],[w]],Table1[[#This Row],[w9]],Table1[[#This Row],[w18]],Table1[[#This Row],[w27]]) -> 73.5 | J22: =AND(Table1[[#This Row],[address]]=Table1[[#This Row],[address7]],Table1[[#This Row],[address]]=Table1[[#This Row],[address16]],Table1[[#This Row],[address]]=Table1[[#This Row],[address25]]) -> FALSE | M22: Introduction | N22: C | O22: $A$19 | P22: 66 | Q22: 48.75 | W22: Inleiding | X22: C | Y22: $A$19 | Z22: 66 | AA22: 48 | AG22: Introducción | AH22: C | AI22: $A$19 | AJ22: 66 | AK22: 73.5
A23: =LEFT(Table1[[#This Row],[address]],3)&(RIGHT(Table1[[#This Row],[address]],LEN(Table1[[#This Row],[address]])-3)+1) -> $A$22 | B23: x | C23: Introduction | D23: D | E23: $A$21 | F23: 69.75 | G23: 48 | H23: =MAX(Table1[[#This Row],[h]],Table1[[#This Row],[h8]],Table1[[#This Row],[h17]],Table1[[#This Row],[h26]]) -> 69.75 | I23: =MAX(Table1[[#This Row],[w]],Table1[[#This Row],[w9]],Table1[[#This Row],[w18]],Table1[[#This Row],[w27]]) -> 73.5 | J23: =AND(Table1[[#This Row],[address]]=Table1[[#This Row],[address7]],Table1[[#This Row],[address]]=Table1[[#This Row],[address16]],Table1[[#This Row],[address]]=Table1[[#This Row],[address25]]) -> FALSE | M23: Introduction | N23: D | O23: $A$20 | P23: 69.75 | Q23: 48.75 | W23: Inleiding | X23: D | Y23: $A$20 | Z23: 69.75 | AA23: 48 | AG23: Introducción | AH23: D | AI23: $A$20 | AJ23: 69.75 | AK23: 73.5
A24: =LEFT(Table1[[#This Row],[address]],3)&(RIGHT(Table1[[#This Row],[address]],LEN(Table1[[#This Row],[address]])-3)+1) -> $A$23 | B24: =IF(Table1[[#This Row],[E]]<>"",1,"x") -> x | C24: Introduction | E24: $A$22 | F24: 15 | G24: 48 | H24: =MAX(Table1[[#This Row],[h]],Table1[[#This Row],[h8]],Table1[[#This Row],[h17]],Table1[[#This Row],[h26]]) -> 15 | I24: =MAX(Table1[[#This Row],[w]],Table1[[#This Row],[w9]],Table1[[#This Row],[w18]],Table1[[#This Row],[w27]]) -> 73.5 | J24: =AND(Table1[[#This Row],[address]]=Table1[[#This Row],[address7]],Table1[[#This Row],[address]]=Table1[[#This Row],[address16]],Table1[[#This Row],[address]]=Table1[[#This Row],[address25]]) -> FALSE | M24: Introduction | O24: $A$21 | P24: 15 | Q24: 48.75 | W24: Inleiding | Y24: $A$21 | Z24: 15 | AA24: 48 | AG24: Introducción | AI24: $A$21 | AJ24: 15 | AK24: 73.5
A25: =LEFT(Table1[[#This Row],[address]],3)&(RIGHT(Table1[[#This Row],[address]],LEN(Table1[[#This Row],[address]])-3)+1) -> $A$24 | B25: =IF(Table1[[#This Row],[E]]<>"",1,"x") -> 1 | C25: Introduction | D25: The performance measuring system contains 7 criteria each with one or several sub-questions (12 in total). These criteria are based on the OECD-DAC criteria (efficiency, effectiveness, relevance, potential sustainability, coherence), complemented with the criteria of gender and environment. These criteria apply both for international interventions and interventions in Belgium. Each of those questions must be scored annually according to the four-point scale. The associated explanation must explain the assigned scores in brief. For scores C and D, the explanation must in any case clarify the emerged cause of the issue and the corrective measures taken (Art. 45, Section 1 of the Royal Decree). All scores are given by means of a self-assessment performed by the actors concerned. During the last year, the performance scores are also considered to form part of the final report (together with lessons learned, IATI, evaluation and financial report) and further information is expected with the explanation, in accordance with Article 45, Section 2 of the Royal Decree of 11 September 2016. The interpretation of the assigned scores must be read on the basis of a final report, however. The final report must also pay more specific attention to a number of criteria, namely: * Effectiveness: a synthesis of the realisation of development outcomes over the entire duration of the programme: consisting of a comparison of the baseline, the proposed outcomes, the realised result indicators at the end of the programme, and a declaration for non-conforming outcomes. This compulsory narrative explanation may be provided in 2.1 and 2.2. * Coherence: an analysis of the programme's contribution towards realising the strategic goals of the JSF that it is geared towards and/or the JSFs where the intervention is taking place. If the outcome does not form any part of a JSF, this criterion must mainly be geared towards an analysis of the synergies and complementarity in the country. For outcomes that form part of a JSF, this compulsory narrative explanation is given for 5.1. For outcomes that don't form part of a JSF, this compulsory narrative explanation is given for 5.2. * Sustainability: in order to have an idea of the sustainability of an outcome, it is recommended to also develop this criterion further in the final report. This may include financial (4.1), social (partnerships/support) (4.2) and technical (4.3) sustainability. | E25: $A$23 | F25: 377.25 | G25: 48 | H25: =MAX(Table1[[#This Row],[h]],Table1[[#This Row],[h8]],Table1[[#This Row],[h17]],Table1[[#This Row],[h26]]) -> 377.25 | I25: =MAX(Table1[[#This Row],[w]],Table1[[#This Row],[w9]],Table1[[#This Row],[w18]],Table1[[#This Row],[w27]]) -> 73.5 | J25: =AND(Table1[[#This Row],[address]]=Table1[[#This Row],[address7]],Table1[[#This Row],[address]]=Table1[[#This Row],[address16]],Table1[[#This Row],[address]]=Table1[[#This Row],[address25]]) -> FALSE | M25: Introduction | N25: Le système de mesure de la performance repose sur 7 critères, chacun comprenant une ou plusieurs sous-questions (12 au total). Ces critères s'inspirent de ceux du CAD de l’OCDE (efficience, efficacité, pertinence, durabilité potentielle, cohérence), complétés par les critères « genre » et « environnement ». Ces critères valent aussi bien pour les interventions internationales que pour les interventions menées en Belgique. Chacune des questions doit être évaluée annuellement sur l’échelle de 4 points. Les scores attribués doivent faire l'objet d'une brève explication. Pour des scores C ou D, le commentaire explicatif doit clairement mettre en évidence les causes du problème et les mesures correctives prises pour y répondre (AR Art. 45 §1). Tous les scores sont donnés par les acteurs eux-mêmes, au travers d’une auto-évaluation. Au cours de la dernière année, les scores de performance sont également considérés comme des rapports finaux (avec les leçons tirées, l'IITA, l'évaluation et le rapport financier) et on attend des commentaires qu'ils livrent davantage d'informations, conformément à l'article 45 § 2 de l'AR du 11 septembre 2016. L'interprétation des scores attribués devra alors être lue dans l'optique d'un rapportage final. En outre, le rapport final devra consacrer une attention plus particulière à un certain nombre de critères, notamment : * Efficacité : une synthèse de la réalisation des résultats de développement sur la durée totale du programme, consistant en une comparaison entre la baseline de référence, les résultats prévus et les indicateurs de résultats obtenus à la fin du programme, accompagnée d'une explication sur les résultats divergents. Ce commentaire narratif obligatoire pourra être rédigé en 2.1 ou 2.2. * Cohérence : une analyse de la contribution du programme à la réalisation des objectifs stratégiques du CSC qu'il vise et/ou des CSC relatifs au lieu de l'intervention. Si l'outcome ne fait pas partie d'un CSC, ce critère doit essentiellement s'orienter vers une analyse des synergies et de la complémentarité dans le pays. Pour les outcomes qui font partie d'un CSC, le commentaire narratif obligatoire doit être donné en 5.1. Pour les outcomes qui ne font pas partie d'un CSC, le commentaire narratif obligatoire sera rédigé au point 5.2. * Durabilité : Pour avoir une idée de la durabilité d'un outcome, il est conseillé de développer davantage ce critère dans le rapport final. Il peut s'agir de la durabilité financière (4.1), sociale (partenariats/engagement) (4.2) ou technique (4.3). | O25: $A$22 | P25: 376.5 | Q25: 48.75 | W25: Inleiding | X25: Het performantiemeetsysteem bevat 7 criteria met telkens één of meerdere subvragen (in totaal 12). Deze criteria zijn gebaseerd op de OESO-DAC criteria (efficiëntie, doeltreffendheid, relevantie, potentiële duurzaamheid, coherentie), aangevuld met de criteria gender en milieu. Deze criteria gelden zowel voor internationale interventies als voor interventies in België. Elk van die vragen dient jaarlijks gescoord te worden volgens de vierpuntsschaal. De bijhorende uitleg moet de toegekende scores kort uitleggen. Bij score C en D moet de toelichting zeker verduidelijken waaruit de oorzaak van het probleem en de getroffen corrigerende maatregelen blijken (KB art. 45 § 1). Alle scores worden gegeven via een zelfinschatting door de betrokken actoren. In het laatste jaar worden de performantiescores eveneens als eindrapportering beschouwd (samen met lessons learned, IATI, evaluatie en financiëel rapport) en wordt meer informatie verwacht bij de toelichting, conform artikel 45 § 2 van het KB van 11 september 2016. De interpretatie van de toegekende scores moet echter dan gelezen worden in functie van een eindrapportering. In het eindrapport dient er ook meer specifieke aandacht besteed te worden aan een aantal criteria, met name bij: * Doeltreffendheid: een synthese van de realisatie van de ontwikkelingsresultaten over de totale duur van het programma : bestaande uit een vergelijking van de baseline, de vooropgestelde resultaten , de gerealiseerde resultaatsindicatoren op het einde van het programma en een verklaring voor afwijkende resultaten. Deze verplichte narratieve toelichting kan je geven bij 2.1 en 2.2. * Coherentie: een analyse van de bijdrage van het programma aan het realiseren van de strategische doelen van het GSK waarop het zich richt en/of de GSK's waar de interventie plaatsvindt . Indien de outcome geen deel uitmaakt van een GSK, dient dit criterium zich vnl. te richten naar een analyse van de synergieën en complementariteit in het land. Voor outcomes die deel uitmaken van een GSK wordt deze verplichte narratieve toelichting gegeven voor 5.1. Voor outcomes die geen deel uitmaken van een GSK, wordt verplichte narratieve toelichting gegeven voor 5.2. * Duurzaamheid: Teneinde een zicht te hebben op de duurzaamheid van een outcome, is het aangeraden om dit criterium in het eindrapport ook meer uit te werken. Dit kan zowel de financiële (4.1), sociale (partnerschappen/ gedragenheid) (4.2) als technische (4.3) duurzaamheid omhelsen. | Y25: $A$22 | Z25: 376.5 | AA25: 48 | AG25: Introducción | AH25: “El sistema de medición del rendimiento se basa en 7 criterios, cada uno con una o más subpreguntas (12 en total). Estos criterios se basan en los criterios del CAD de la OCDE (eficiencia, eficacia, pertinencia, sostenibilidad potencial, coherencia), complementados con los criterios del “género” y del “medio ambiente”. Estos criterios se aplican tanto a las intervenciones internacionales como a las intervenciones en Bélgica. Cada una de las preguntas debe evaluarse anualmente según la escala de 4 puntos. Se debe dar una breve explicación de las puntuaciones otorgadas. Para las puntuaciones C o D, el comentario explicativo debe aclarar las causas del problema y cuáles son las medidas correctoras tomadas para solucionarlo (RD Art. 45 §1). Para todas las puntuaciones, todos los actores implicados se deben autoevaluar. En el último año, las puntuaciones de rendimiento también se consideran como informes finales (con lecciones aprendidas, la norma IATI, la evaluación y el informe financiero) y se espera que los comentarios contengan más información, de conformidad con el artículo 45 § 2 del Real Decreto de 11 de septiembre de 2016. La interpretación de las puntuaciones otorgadas deberá leerse entonces a la luz de un informe final. Además, el informe final tendrá que dedicar más atención a una serie de criterios, entre ellos: * Eficacia: una síntesis de la realización de los resultados de desarrollo a lo largo de la duración total del programa, consistiendo en una comparación entre la base de referencia, los resultados previstos y los indicadores de resultados obtenidos al final del programa, acompañada de una explicación de los resultados divergentes. Este comentario narrativo obligatorio puede redactarse en los puntos 2.1 y 2.2. * Coherencia: un análisis de la contribución del programa a la realización de los objetivos estratégicos del MEC al que se dirige y/o de los MECs donde se lleva a cabo la intervención. Si el outcome no forma parte de un MEC, este criterio debe centrarse sobre todo en un análisis de las sinergias y complementariedades en el país. Para los outcomes que forman parte de un MEC, el comentario narrativo obligatorio debe figurar en el punto 5.1. Para los outcomes que no forman parte de un MEC, el comentario narrativo obligatorio debe figurar en el punto 5.2. * Sostenibilidad: Para hacerse una idea de la sostenibilidad de un outcome, se recomienda también detallar más este criterio en el informe final. Puede tratarse de sostenibilidad financiera (4.1), social (asociaciones/apoyo) (4.2) o técnica (4.3).” | AI25: $A$22 | AJ25: 376.5 | AK25: 73.5
A26: =LEFT(Table1[[#This Row],[address]],3)&(RIGHT(Table1[[#This Row],[address]],LEN(Table1[[#This Row],[address]])-3)+1) -> $A$25 | B26: =IF(Table1[[#This Row],[E]]<>"",1,"x") -> x | C26: Introduction | E26: $A$24 | F26: 15 | G26: 48 | H26: =MAX(Table1[[#This Row],[h]],Table1[[#This Row],[h8]],Table1[[#This Row],[h17]],Table1[[#This Row],[h26]]) -> 15.75 | I26: =MAX(Table1[[#This Row],[w]],Table1[[#This Row],[w9]],Table1[[#This Row],[w18]],Table1[[#This Row],[w27]]) -> 73.5 | J26: =AND(Table1[[#This Row],[address]]=Table1[[#This Row],[address7]],Table1[[#This Row],[address]]=Table1[[#This Row],[address16]],Table1[[#This Row],[address]]=Table1[[#This Row],[address25]]) -> FALSE | M26: Introduction | O26: $A$23 | P26: 15.75 | Q26: 48.75 | W26: Inleiding | Y26: $A$23 | Z26: 15 | AA26: 48 | AG26: Introducción | AI26: $A$23 | AJ26: 15 | AK26: 73.5
A27: =LEFT(Table1[[#This Row],[address]],3)&(RIGHT(Table1[[#This Row],[address]],LEN(Table1[[#This Row],[address]])-3)+1) -> $A$26 | B27: =IF(Table1[[#This Row],[E]]<>"",1,"x") -> 1 | C27: Introduction | D27: 4. The performance measurement system in practice | E27: $A$25 | F27: 16.5 | G27: 48 | H27: =MAX(Table1[[#This Row],[h]],Table1[[#This Row],[h8]],Table1[[#This Row],[h17]],Table1[[#This Row],[h26]]) -> 16.5 | I27: =MAX(Table1[[#This Row],[w]],Table1[[#This Row],[w9]],Table1[[#This Row],[w18]],Table1[[#This Row],[w27]]) -> 73.5 | J27: =AND(Table1[[#This Row],[address]]=Table1[[#This Row],[address7]],Table1[[#This Row],[address]]=Table1[[#This Row],[address16]],Table1[[#This Row],[address]]=Table1[[#This Row],[address25]]) -> FALSE | M27: Introduction | N27: 4. Le système de mesure de la performance dans la pratique | O27: $A$24 | P27: 16.5 | Q27: 48.75 | W27: Inleiding | X27: 4. Het performantiemeetsysteem in de praktijk | Y27: $A$24 | Z27: 16.5 | AA27: 48 | AG27: Introducción | AH27: 4. El sistema de medición del rendimiento en la práctica | AI27: $A$24 | AJ27: 16.5 | AK27: 73.5
A28: =LEFT(Table1[[#This Row],[address]],3)&(RIGHT(Table1[[#This Row],[address]],LEN(Table1[[#This Row],[address]])-3)+1) -> $A$27 | B28: =IF(Table1[[#This Row],[E]]<>"",1,"x") -> 1 | C28: Introduction | D28: The role of the partner organisations is not explicitly described in the criteria because it can vary per partnership type and will not be the same for all actors. The general basic principle is that, on the one hand, the partners deliver the information (or elements thereof) for the evaluation and that it is jointly discussed. On the other hand, this performance measurement also allows the actors concerned to indicate that a certain criterion cannot be positively scored because of a problem at the level of the partner or that a criterion is actually assessed very positively because of the added value of the partner. In other words, the assessment and development of a programme always takes place with equal cooperation. All scores are given on the basis of the information from the actor’s M&E system. Within the programme, each actor was required to formulate the indicators at the level of the specific objective for years 3 and 5. The questions assessing the achievement of the specific objectives for years 1, 2 and 4 must therefore be answered on the basis of an evaluation of the chances that the predefined indicators will be achieved in year 3 or 5: ‘to what extent is my intervention taking place in order to achieve the predefined indicators’. If the annual assessment shows that the indicators have not been correctly used at the start, they may be adapted in consultation with DGD. | E28: $A$26 | F28: 177 | G28: 48 | H28: =MAX(Table1[[#This Row],[h]],Table1[[#This Row],[h8]],Table1[[#This Row],[h17]],Table1[[#This Row],[h26]]) -> 177 | I28: =MAX(Table1[[#This Row],[w]],Table1[[#This Row],[w9]],Table1[[#This Row],[w18]],Table1[[#This Row],[w27]]) -> 73.5 | J28: =AND(Table1[[#This Row],[address]]=Table1[[#This Row],[address7]],Table1[[#This Row],[address]]=Table1[[#This Row],[address16]],Table1[[#This Row],[address]]=Table1[[#This Row],[address25]]) -> FALSE | M28: Introduction | N28: Le rôle des organisations partenaires n’a pas été décrit explicitement dans les critères d’évaluation car il peut varier selon le type de partenariat et ne sera donc pas le même pour tous les acteurs. Le principe général est que les partenaires livrent d’une part l’information (ou des éléments d’information) pour l’appréciation, et qu’elle soit ensuite discutée en concertation. D’autre part, cette mesure de la performance permet aussi aux acteurs concernés de signaler qu’un certain critère ne peut pas être apprécié positivement à cause d’un problème au niveau du partenaire ou qu’au contraire, un critère obtient un très bon score grâce à la plus-value du partenaire. En d'autres termes, l'évaluation et l'élaboration des programmes s'inscrivent toujours dans le cadre d'une collaboration équitable. Tous les scores sont donnés sur la base de l’information contenue dans le système de M&É de l’acteur. Dans le programme, chaque acteur devait formuler les indicateurs au niveau de l’objectif spécifique pour les années 3 et 5. Pour répondre aux questions concernant l’atteinte de l’objectif spécifique en année 1, 2 et 4, il faut donc estimer les chances d’atteindre les indicateurs prévus en année 3 et 5 : « Dans quelle mesure mon intervention progresse-t-elle de manière à atteindre les indicateurs prévus ? » S'il ressort de l'évaluation annuelle que les indicateurs n'ont pas été correctement posés au départ, il est possible de les modifier en concertation avec la DGD. | O28: $A$25 | P28: 177 | Q28: 48.75 | W28: Inleiding | X28: De rol van de partnerorganisaties wordt niet expliciet beschreven in de criteria omdat die kan variëren per partnerschapstype en dus niet voor alle actoren dezelfde zal zijn. Het algemene basisprincipe is dat de partners enerzijds de informatie (of elementen ervan) aanleveren voor de appreciatie en dat die gezamenlijk besproken wordt. Anderzijds is deze performantiemeting ook een plaats waar de betrokken actoren kunnen aangeven dat een bepaald criterium niet positief geapprecieerd kan worden omwille van een probleem op het niveau van de partner of net dat een criterium zeer positief beoordeeld wordt omwille van de meerwaarde van de partner. De beoordeling en uitwerking van een programma gebeurt m.a.w. steeds in gelijkwaardige samenwerking. Alle scores worden gegeven op basis van de informatie uit het M&E-systeem van de actor. In het programma diende elke actor de indicatoren op het niveau van de specifieke doelstelling te formuleren voor jaar 3 en 5. De vragen die peilen naar het bereiken van de specifieke doelstelling voor jaar 1, 2 en 4 dienen bijgevolg beantwoord te worden op basis van een inschatting van de kansen om de vooropgestelde indicatoren in jaar 3 of 5 te bereiken: ‘in welke mate is mijn interventie op schema om de vooropgestelde indicatoren te behalen’. Indien blijkt uit de jaarlijkse beoordeling dat de indicatoren niet correct werden ingezet bij aanvang, kunnen deze in overleg met DGD worden aangepast. | Y28: $A$25 | Z28: 177 | AA28: 48 | AG28: Introducción | AH28: La función de las organizaciones asociadas no se ha descrito explícitamente en los criterios de evaluación, ya que puede variar según el tipo de asociación y, por tanto, no será la misma para todos los actores. El principio básico general es que los socios aportan la información (o elementos de información) para la evaluación, por un lado, y que después se debate de manera conjunta. Por otro lado, esta medición del rendimiento también permite a los actores interesados señalar que un criterio determinado no puede evaluarse positivamente por un problema a nivel del socio o que, al contrario, un criterio obtiene muy buena puntuación debido al valor añadido del socio. En otras palabras, la evaluación y la elaboración de un programa siempre se realiza en una colaboración equivalente. Todas las puntuaciones se obtienen sobre la base de la información contenida en el sistema de seguimiento y evaluación del actor. En el programa, cada actor debía formular los indicadores a nivel del objetivo específico para los años 3 y 5. Por tanto, para responder a las preguntas relativas a la consecución del objetivo específico en los años 1, 2 y 4, hay que estimar las posibilidades de alcanzar los indicadores previstos en los años 3 y 5: “¿En qué medida avanza mi intervención para alcanzar los indicadores previstos?” Si la evaluación anual muestra que los indicadores no se establecieron correctamente al principio, pueden modificarse en consulta con la DGD. | AI28: $A$25 | AJ28: 177 | AK28: 73.5
A29: =LEFT(Table1[[#This Row],[address]],3)&(RIGHT(Table1[[#This Row],[address]],LEN(Table1[[#This Row],[address]])-3)+1) -> $A$28 | B29: =IF(Table1[[#This Row],[E]]<>"",1,"x") -> 1 | C29: Introduction | D29: 5. Use of the data by the DGD | E29: $A$27 | F29: 16.5 | G29: 48 | H29: =MAX(Table1[[#This Row],[h]],Table1[[#This Row],[h8]],Table1[[#This Row],[h17]],Table1[[#This Row],[h26]]) -> 16.5 | I29: =MAX(Table1[[#This Row],[w]],Table1[[#This Row],[w9]],Table1[[#This Row],[w18]],Table1[[#This Row],[w27]]) -> 73.5 | J29: =AND(Table1[[#This Row],[address]]=Table1[[#This Row],[address7]],Table1[[#This Row],[address]]=Table1[[#This Row],[address16]],Table1[[#This Row],[address]]=Table1[[#This Row],[address25]]) -> FALSE | M29: Introduction | N29: 5. Utilisation des données par la DGD | O29: $A$26 | P29: 16.5 | Q29: 48.75 | W29: Inleiding | X29: 5. Gebruik van de gegevens door DGD | Y29: $A$26 | Z29: 16.5 | AA29: 48 | AG29: Introducción | AH29: 5. Utilización de datos por la DGD | AI29: $A$26 | AJ29: 16.5 | AK29: 73.5
A30: =LEFT(Table1[[#This Row],[address]],3)&(RIGHT(Table1[[#This Row],[address]],LEN(Table1[[#This Row],[address]])-3)+1) -> $A$29 | B30: =IF(Table1[[#This Row],[E]]<>"",1,"x") -> 1 | C30: Introduction | D30: The data on this form will be used in the first instance to follow up subsidised interventions and will be discussed during the strategic and institutional dialogues with the DGD (DGEO/posts). These analyses can feed the policy of the DGD, but also, for example, the evaluation processes of the Special Evaluation Service. The comparison of intervention scores will take place at the level of the criteria (relevance, effectiveness, etc.) because this level allows comparison between different sectors and channels on a relatively simple basis, without touching on the various realities that lie beneath the criteria. The concrete interpretation of such a criterion via sub-criteria may vary greatly according to the type of actor. The aggregation per criterion takes place according to the following logic: - 1 score B and the rest higher = end score A - At least 2 scores B (and the rest higher) = end score B - At least 1 score C = end score C - At least 1 score D = end score D However, the idea is not to consciously endeavour to avoid problematic scores: if there is a good explanation for a lower score and if there are measures that can be proposed to improve that score, the bad score cannot only be perfectly explained, but is also acceptable! Transparency is key in all this. | E30: $A$28 | F30: 276 | G30: 48 | H30: =MAX(Table1[[#This Row],[h]],Table1[[#This Row],[h8]],Table1[[#This Row],[h17]],Table1[[#This Row],[h26]]) -> 276 | I30: =MAX(Table1[[#This Row],[w]],Table1[[#This Row],[w9]],Table1[[#This Row],[w18]],Table1[[#This Row],[w27]]) -> 73.5 | J30: =AND(Table1[[#This Row],[address]]=Table1[[#This Row],[address7]],Table1[[#This Row],[address]]=Table1[[#This Row],[address16]],Table1[[#This Row],[address]]=Table1[[#This Row],[address25]]) -> FALSE | M30: Introduction | N30: Les données de cette fiche seront d’abord utilisées pour le suivi des interventions subsidiées et feront l'objet de dialogues institutionnels et stratégiques avec la DGD (DGéo/postes). Ces analyses pourront éventuellement nourrir la stratégie de la DGD, mais peut-être aussi les processus d’évaluation du Service de l’Évaluation spéciale. La comparaison entre les scores des interventions sera établie au niveau des critères (pertinence, efficacité...), car ce niveau permet de mettre en parallèle les différents secteurs et canaux, sur une base relativement simple, sans toucher à la diversité sous-jacente à ces critères, sachant que l'interprétation d’un critère via des sous-critères peut varier fortement selon le type d’acteur. L’agrégation des critères suit la logique suivante : - 1 score B et les autres scores supérieurs = score final A - Au moins 2 scores B (et les autres scores supérieurs) = score final B - Au moins 1 score C = score final C - Au moins 1 score D = score final D L'intention n'est pas d'essayer délibérément d’éviter les scores « problématiques ». Si un mauvais score s'accompagne d'une bonne explication et que des mesures peuvent être proposées pour l'améliorer, ce mauvais score se trouve alors non seulement explicable, mais aussi acceptable ! La transparence à ce sujet est indispensable. | O30: $A$27 | P30: 276 | Q30: 48.75 | W30: Inleiding | X30: De gegevens uit deze fiche zullen in de eerste plaats gebruikt worden voor de opvolging van de gesubsidieerde interventies en zullen besproken worden tijdens de strategische en institutionele dialogen met DGD (DGEO/posten). Deze analyses kunnen het beleid van DGD voeden, maar bijvoorbeeld ook evaluatieprocessen van de Dienst Bijzondere Evaluatie. De vergelijking van interventiescores zal gebeuren op het niveau van de criteria (relevantie, effectiviteit, ...), omdat dit niveau toelaat om op een relatief eenvoudige basis te vergelijken tussen verschillende sectoren en kanalen, zonder aan de diverse realiteit die onder de criteria schuilt te raken. De concrete invulling van zo’n criterium via subcriteria kan immers sterk verschillen volgens het type actor. De aggregatie per criterium gebeurt volgens de volgende logica: - 1 score B en rest hoger = eindscore A - Ten minste 2 scores B (en rest hoger) = eindscore B - Ten minste 1 score C = eindscore C - Ten minste 1 score D = eindscore D Het is echter niet de bedoeling dat er bewust getracht wordt om geen problematische scores te hebben: is er voor een lagere score een goede uitleg en zijn er maatregelen die voorgesteld kunnen worden om die score te verbeteren, dan is die slechte score niet alleen perfect uitlegbaar, maar ook aanvaardbaar! Transparantie hierin is belangrijk. | Y30: $A$27 | Z30: 276 | AA30: 48 | AG30: Introducción | AH30: Los datos de esta ficha se utilizarán principalmente para el seguimiento de las intervenciones subvencionadas y se comentarán durante los diálogos estratégicos e institucionales con la DGD (DGeo/embajadas). Estos análisis podrían acabar alimentando la estrategia de la DGD, pero por ejemplo también los procesos de evaluación del Servicio de la Evaluación Especial. La comparación entre las puntuaciones de las intervenciones se establecerá a nivel de los criterios (pertinencia, eficacia, etc.), ya que este nivel permite comparar los distintos sectores y canales de manera relativamente simple, pero sin afectar a la diversidad que subyace a estos criterios, teniendo en cuenta que la realización de un criterio a través de subcriterios puede variar mucho en función del tipo de actor. La agregación de criterios sigue esta lógica: - 1 puntuación B y las otras puntuaciones más altas = puntuación final A - Al menos 2 puntuaciones B (y otras puntuaciones más altas) = puntuación final B - Al menos 1 puntuación C = puntuación final C - Al menos 1 puntuación D = puntuación final D Sin embargo, el objetivo no es evitar deliberadamente las puntuaciones “problemáticas”. Si una mala puntuación se explica bien y se pueden proponer medidas para mejorarla, entonces la mala puntuación no sólo es explicable, ¡sino también aceptable! La transparencia a ese respecto es esencial. | AI30: $A$27 | AJ30: 276 | AK30: 73.5
A31: =LEFT(Table1[[#This Row],[address]],3)&(RIGHT(Table1[[#This Row],[address]],LEN(Table1[[#This Row],[address]])-3)+1) -> $A$30 | B31: =IF(Table1[[#This Row],[E]]<>"",1,"x") -> 1 | C31: Introduction | D31: 6. Annex concerning Lessons learned (Word format) | E31: $A$29 | F31: 16.5 | G31: 48 | H31: =MAX(Table1[[#This Row],[h]],Table1[[#This Row],[h8]],Table1[[#This Row],[h17]],Table1[[#This Row],[h26]]) -> 16.5 | I31: =MAX(Table1[[#This Row],[w]],Table1[[#This Row],[w9]],Table1[[#This Row],[w18]],Table1[[#This Row],[w27]]) -> 73.5 | J31: =AND(Table1[[#This Row],[address]]=Table1[[#This Row],[address7]],Table1[[#This Row],[address]]=Table1[[#This Row],[address16]],Table1[[#This Row],[address]]=Table1[[#This Row],[address25]]) -> FALSE | M31: Introduction | N31: 6. Annexe concernant les leçons tirées (format Word) | O31: $A$28 | P31: 16.5 | Q31: 48.75 | W31: Inleiding | X31: 6. Bijlage betreffende Lessons learned (format Word) | Y31: $A$28 | Z31: 16.5 | AA31: 48 | AG31: Introducción | AH31: 6. Anexo sobre las lecciones aprendidas (formato Word) | AI31: $A$28 | AJ31: 16.5 | AK31: 73.5
A32: =LEFT(Table1[[#This Row],[address]],3)&(RIGHT(Table1[[#This Row],[address]],LEN(Table1[[#This Row],[address]])-3)+1) -> $A$31 | B32: =IF(Table1[[#This Row],[E]]<>"",1,"x") -> 1 | C32: Introduction | D32: In addition to the performance measuring system, the moral justification also includes, among other things, the ‘lessons learned’. This section should also be filled in annually for each outcome. The nature of the lessons learned depends on which lessons learned emerged for the outcome in question in the year in question; it concerns an operational or strategic reflection irrespective of the analysis in the Performance Score analysis. However, the information included in the lessons learned section may overlap partially with narrative explanation on performance scores or may certainly contain additional information. The lessons learned must be formulated in such a way that they are understood by persons who are not familiar with the programme in detail. They are intended to be shared with the other actors working in the same country or on the same theme, to enable positive, but also less positive, experiences to be shared and retained. For this reason, they are posted on the Extranet JSF/country and they can be consulted by all relevant NGAs. No specific format is defined for this 'lessons learned' section, the topics are free to choose. Suggestions for topics that may be of interest for information sharing: e.g. partner participation, the link with the thematic JSFs, policy priorities, evaluation, integrity, working with risks (shrinking space, security, etc.), methodologies,... etc. The length of the document is limited to 2 pages per outcome. Good examples of formats are included in the manual. Unlike the performance scores that are only shared with the DGD on the extranet, the 'lessons learned' section will also be shared with the other members of the JSF of which the outcome in question forms part, which will enable joint analysis/discussion of this. The final Lessons Learned do not concern a description but rather an analysis of what worked and what did not with regard to organisation, management, strategy (relating to theory of change, among other things) and implementation of an outcome. If considered useful by actors active within a country/JSF, it may be decided jointly to take up certain themes in the lessons learned, to enable joint learning. The goal of Lessons Learned is to enhance strategic dialogue or country consultation opportunities and therefore increase the impact of actions and to learn together for the future. | E32: $A$30 | F32: 316.5 | G32: 48 | H32: =MAX(Table1[[#This Row],[h]],Table1[[#This Row],[h8]],Table1[[#This Row],[h17]],Table1[[#This Row],[h26]]) -> 352.5 | I32: =MAX(Table1[[#This Row],[w]],Table1[[#This Row],[w9]],Table1[[#This Row],[w18]],Table1[[#This Row],[w27]]) -> 73.5 | J32: =AND(Table1[[#This Row],[address]]=Table1[[#This Row],[address7]],Table1[[#This Row],[address]]=Table1[[#This Row],[address16]],Table1[[#This Row],[address]]=Table1[[#This Row],[address25]]) -> FALSE | M32: Introduction | N32: Outre le système de mesure de la performance, le rapport moral rend également compte des « leçons tirées ». Cette rubrique doit elle aussi être transmise annuellement pour chaque outcome. Le contenu de cette rubrique dépendra des leçons qui auront été tirées de l'outcome en question, au cours de l'année concernée. Il s'agit d'une réflexion opérationnelle ou stratégique, indépendante de l'analyse des scores de performance. Les informations reprises dans la rubrique des leçons tirées peuvent certes recouper en partie le commentaire narratif accompagnant les scores de performance spécifiques, mais elles peuvent assurément fournir des renseignements complémentaires. Les leçons tirées doivent être rédigées de façon à être comprises par des personnes qui ne connaissent pas le détail du programme. Le but est de les partager avec d'autres acteurs œuvrant dans le même pays ou le même domaine, de façon à échanger mais aussi conserver les bonnes et les moins bonnes expériences. Les leçons tirées seront dès lors placées sur l'extranet CSC/pays, où elles seront consultables par tous les ACNG concernés. Pour cette rubrique « leçons tirées », le format du document est libre, comme le contenu. L’organisation peut s’inspirer des quelques thématiques suivantes, qui peuvent être intéressantes à partager : participation des partenaires, liens avec les CSC thématiques, priorités politiques, évaluation, intégrité, travail sous risques (shrinking space, sécurité...), méthodologies, etc. La longueur du document ne doit pas dépasser 2 pages par outcome. Le manuel reprend de bons exemples de formats. Contrairement aux scores de performance qui ne seront accessibles qu’aux membres de la DGD sur l’extranet, la rubrique « leçons tirées » sera partagée avec les autres membres du CSC dont l’outcome concerné fait partie, afin de pouvoir mener sur le sujet une analyse/discussion conjointe. Les leçons tirées finales ne consistent pas en une description, mais en une analyse de ce qui a fonctionné et de ce qui n’a pas fonctionné en termes d’organisation, de gestion, de stratégie (notamment en matière de théorie du changement) et d’exécution d’un outcome. Si les acteurs actifs dans un pays/CSC le jugent utile, il peut être décidé de commun accord d’inclure certains thèmes dans les leçons finales, de façon à mutualiser les enseignements. Les leçons tirées visent à enrichir les dialogues stratégiques ou les moments de concertation sur les pays, et ainsi à accroître l’impact des actions et à bénéficier d'un apprentissage mutuel pour le futur. | O32: $A$29 | P32: 316.5 | Q32: 48.75 | W32: Inleiding | X32: Naast het performantiemeetsysteem omvat de morele verantwoording o.a. ook de ‘geleerde lessen’. Ook deze rubriek dient jaarlijks ingevuld te worden per outcome. De aard van de geleerde lessen hangt af van welke geleerde lessen er waren voor de betreffende outcome in het betreffende jaar; het betreft een operationele of strategische reflectie onafhankelijk van de analyse in de Performantiescore analyse . De informatie die opgenomen wordt in de rubriek geleerde lessen, kan echter wel deels overlappen met narratieve toelichting bij de specifieke performantiescores maar kan zeker ook extra informatie bevatten. De geleerde lessen moeten zo opgesteld worden dat ze begrepen worden door personen die het programma niet in detail kennen. Ze zijn bestemd om gedeeld te worden met de andere actoren werkzaam in hetzelfde land of in hetzelfde thema, zodat goede, maar ook minder goede ervaringen kunnen gedeeld en bewaard worden. Voor deze reden worden ze op het Extranet GSK/land geplaatst en zijn ze te consulteren door alle betrokken NGA's. Voor deze rubriek ‘geleerde lessen’ is geen opgelegde format bepaald, de onderwerpen zijn vrij. Suggesties van thema’s die interessant kunnen zijn om informatie over te delen: bvb. partnerparticipatie, de link met de thematische GSK's, beleidsprioriteiten, evaluatie, integriteit, werken met risico's (shrinking space, veiligheid, ...), methodologieën, …. De lengte van het document is beperkt tot 2 bladzijden per outcome. Goede voorbeelden van formats werden opgenomen in de handleiding. Anders dan het deel performantiescores dat enkel gedeeld wordt met DGD op extranet, zal de rubriek ‘geleerde lessen’ ook gedeeld worden met de andere leden van het GSK waar de betreffende outcome deel van uitmaakt, zodat gezamenlijke analyse/ bespreking hiervan mogelijk wordt. Bij de finale Lessons Learned gaat het niet om een beschrijving, maar om een analyse van wat er werkte en wat niet inzake organisatie, beheer, strategie ( o.m. inzake theory of change) en uitvoering van een outcome. Indien zinvol geacht door actoren actief binnen een land/GSK, kan er samen beslist worden om bepaalde thema’s op te nemen in de geleerde lessen, zodat er gezamenlijk kan geleerd worden . Het doel van geleerde lessen is om de strategische dialogen of landen overleg momenten te verrijken en zo de impact van acties te kunnen verhogen en samen te leren voor de toekomst. | Y32: $A$29 | Z32: 316.5 | AA32: 48 | AG32: Introducción | AH32: Además del sistema de medición del rendimiento, el informe moral también consiste, entre otras cosas, en las “lecciones aprendidas”. Esta sección también debe completarse anualmente para cada outcome. El contenido de esta sección dependerá de las lecciones aprendidas del outcome en cuestión durante el año correspondiente. Se trata de una reflexión operativa o estratégica, independiente del análisis de rendimiento de los resultados. Sin embargo, la información de la sección de lecciones aprendidas puede coincidir en parte con el comentario narrativo que acompaña a las puntuaciones específicas de rendimiento, pero también puede aportar información adicional. Las lecciones aprendidas deben redactarse de tal forma que puedan ser entendidas por personas que no estén familiarizadas con los detalles del programa. El objetivo es compartirlas con otros actores que trabajen en el mismo país o tema, de modo que las experiencias, buenas o no tan buenas, puedan intercambiarse, pero también conservarse. Por lo tanto, las lecciones aprendidas se colocarán en la extranet MEC/país, donde podrán ser consultadas por todos los ACNG implicados. Para esta sección “lecciones aprendidas”, el formato del documento es libre, al igual que el contenido. La organización puede inspirarse en los siguientes temas, que pueden ser interesantes a compartir: participación de los socios, vínculos con los MEC temáticos, prioridades políticas, evaluación, integridad, trabajo con riesgos (reducción del espacio cívico, seguridad...), métodos, etc. La extensión del documento no debe superar las 2 páginas por outcome. En el manual se incluyen algunos buenos ejemplos de formatos. A diferencia de las puntuaciones de rendimiento, que sólo serán accesibles para los miembros de la DGD en la extranet, la sección de “lecciones aprendidas” se compartirá también con los otros miembros del MEC al que pertenezca el outcome en cuestión, de modo que pueda realizarse un análisis/discusión conjunta sobre el tema. Las lecciones aprendidas finales no son una descripción, sino un análisis de lo que funcionó y lo que no funcionó a nivel de organización, gestión, estrategia (incluida la teoría del cambio) y ejecución de un outcome. Si los actores activos en un país/MEC lo consideran útil, se puede decidir conjuntamente incluir algunos temas en las lecciones aprendidas, con el fin de aprender mutuamente. La finalidad de las lecciones aprendidas consiste en enriquecer los diálogos estratégicos o los momentos de consulta entre países, y así aumentar el impacto de las acciones y beneficiarse del aprendizaje mutuo para el futuro. | AI32: $A$29 | AJ32: 352.5 | AK32: 73.5
A33: =LEFT(Table1[[#This Row],[address]],3)&(RIGHT(Table1[[#This Row],[address]],LEN(Table1[[#This Row],[address]])-3)+1) -> $A$32 | B33: =IF(Table1[[#This Row],[E]]<>"",1,"x") -> x | C33: Introduction | E33: $A$31 | F33: 15 | G33: 48 | H33: =MAX(Table1[[#This Row],[h]],Table1[[#This Row],[h8]],Table1[[#This Row],[h17]],Table1[[#This Row],[h26]]) -> 15 | I33: =MAX(Table1[[#This Row],[w]],Table1[[#This Row],[w9]],Table1[[#This Row],[w18]],Table1[[#This Row],[w27]]) -> 73.5 | J33: =AND(Table1[[#This Row],[address]]=Table1[[#This Row],[address7]],Table1[[#This Row],[address]]=Table1[[#This Row],[address16]],Table1[[#This Row],[address]]=Table1[[#This Row],[address25]]) -> FALSE | M33: Introduction | O33: $A$30 | P33: 15 | Q33: 48.75 | W33: Inleiding | Y33: $A$30 | Z33: 15 | AA33: 48 | AG33: Introducción | AI33: $A$30 | AJ33: 15 | AK33: 73.5
A34: =LEFT(Table1[[#This Row],[address]],3)&(RIGHT(Table1[[#This Row],[address]],LEN(Table1[[#This Row],[address]])-3)+1) -> $B$3 | B34: =IF(Table1[[#This Row],[E]]<>"",1,"x") -> x | C34: Introduction | E34: $B$2 | F34: 22.5 | G34: 63.75 | H34: =MAX(Table1[[#This Row],[h]],Table1[[#This Row],[h8]],Table1[[#This Row],[h17]],Table1[[#This Row],[h26]]) -> 22.5 | I34: =MAX(Table1[[#This Row],[w]],Table1[[#This Row],[w9]],Table1[[#This Row],[w18]],Table1[[#This Row],[w27]]) -> 64.5 | J34: =AND(Table1[[#This Row],[address]]=Table1[[#This Row],[address7]],Table1[[#This Row],[address]]=Table1[[#This Row],[address16]],Table1[[#This Row],[address]]=Table1[[#This Row],[address25]]) -> FALSE | M34: Introduction | O34: $B$1 | P34: 22.5 | Q34: 64.5 | W34: Inleiding | Y34: $B$1 | Z34: 22.5 | AA34: 63.75 | AG34: Introducción | AI34: $B$1 | AJ34: 22.5 | AK34: 63.75
A35: =LEFT(Table1[[#This Row],[address]],3)&(RIGHT(Table1[[#This Row],[address]],LEN(Table1[[#This Row],[address]])-3)+1) -> $B$4 | B35: =IF(Table1[[#This Row],[E]]<>"",1,"x") -> x | C35: Introduction | E35: $B$3 | F35: 22.5 | G35: 63.75 | H35: =MAX(Table1[[#This Row],[h]],Table1[[#This Row],[h8]],Table1[[#This Row],[h17]],Table1[[#This Row],[h26]]) -> 22.5 | I35: =MAX(Table1[[#This Row],[w]],Table1[[#This Row],[w9]],Table1[[#This Row],[w18]],Table1[[#This Row],[w27]]) -> 64.5 | J35: =AND(Table1[[#This Row],[address]]=Table1[[#This Row],[address7]],Table1[[#This Row],[address]]=Table1[[#This Row],[address16]],Table1[[#This Row],[address]]=Table1[[#This Row],[address25]]) -> FALSE | M35: Introduction | O35: $B$2 | P35: 22.5 | Q35: 64.5 | W35: Inleiding | Y35: $B$2 | Z35: 22.5 | AA35: 63.75 | AG35: Introducción | AI35: $B$2 | AJ35: 22.5 | AK35: 63.75
A36: =LEFT(Table1[[#This Row],[address]],3)&(RIGHT(Table1[[#This Row],[address]],LEN(Table1[[#This Row],[address]])-3)+1) -> $B$5 | B36: =IF(Table1[[#This Row],[E]]<>"",1,"x") -> x | C36: Introduction | E36: $B$4 | F36: 297 | G36: 63.75 | H36: =MAX(Table1[[#This Row],[h]],Table1[[#This Row],[h8]],Table1[[#This Row],[h17]],Table1[[#This Row],[h26]]) -> 297 | I36: =MAX(Table1[[#This Row],[w]],Table1[[#This Row],[w9]],Table1[[#This Row],[w18]],Table1[[#This Row],[w27]]) -> 64.5 | J36: =AND(Table1[[#This Row],[address]]=Table1[[#This Row],[address7]],Table1[[#This Row],[address]]=Table1[[#This Row],[address16]],Table1[[#This Row],[address]]=Table1[[#This Row],[address25]]) -> FALSE | M36: Introduction | O36: $B$3 | P36: 297 | Q36: 64.5 | W36: Inleiding | Y36: $B$3 | Z36: 297 | AA36: 63.75 | AG36: Introducción | AI36: $B$3 | AJ36: 297 | AK36: 63.75
A37: =LEFT(Table1[[#This Row],[address]],3)&(RIGHT(Table1[[#This Row],[address]],LEN(Table1[[#This Row],[address]])-3)+1) -> $B$6 | B37: =IF(Table1[[#This Row],[E]]<>"",1,"x") -> x | C37: Introduction | E37: $B$5 | F37: 22.5 | G37: 63.75 | H37: =MAX(Table1[[#This Row],[h]],Table1[[#This Row],[h8]],Table1[[#This Row],[h17]],Table1[[#This Row],[h26]]) -> 22.5 | I37: =MAX(Table1[[#This Row],[w]],Table1[[#This Row],[w9]],Table1[[#This Row],[w18]],Table1[[#This Row],[w27]]) -> 64.5 | J37: =AND(Table1[[#This Row],[address]]=Table1[[#This Row],[address7]],Table1[[#This Row],[address]]=Table1[[#This Row],[address16]],Table1[[#This Row],[address]]=Table1[[#This Row],[address25]]) -> FALSE | M37: Introduction | O37: $B$4 | P37: 22.5 | Q37: 64.5 | W37: Inleiding | Y37: $B$4 | Z37: 22.5 | AA37: 63.75 | AG37: Introducción | AI37: $B$4 | AJ37: 22.5 | AK37: 63.75
A38: =LEFT(Table1[[#This Row],[address]],3)&(RIGHT(Table1[[#This Row],[address]],LEN(Table1[[#This Row],[address]])-3)+1) -> $B$7 | B38: =IF(Table1[[#This Row],[E]]<>"",1,"x") -> x | C38: Introduction | E38: $B$6 | F38: 172.5 | G38: 63.75 | H38: =MAX(Table1[[#This Row],[h]],Table1[[#This Row],[h8]],Table1[[#This Row],[h17]],Table1[[#This Row],[h26]]) -> 172.5 | I38: =MAX(Table1[[#This Row],[w]],Table1[[#This Row],[w9]],Table1[[#This Row],[w18]],Table1[[#This Row],[w27]]) -> 64.5 | J38: =AND(Table1[[#This Row],[address]]=Table1[[#This Row],[address7]],Table1[[#This Row],[address]]=Table1[[#This Row],[address16]],Table1[[#This Row],[address]]=Table1[[#This Row],[address25]]) -> FALSE | M38: Introduction | O38: $B$5 | P38: 172.5 | Q38: 64.5 | W38: Inleiding | Y38: $B$5 | Z38: 172.5 | AA38: 63.75 | AG38: Introducción | AI38: $B$5 | AJ38: 172.5 | AK38: 63.75
A39: =LEFT(Table1[[#This Row],[address]],3)&(RIGHT(Table1[[#This Row],[address]],LEN(Table1[[#This Row],[address]])-3)+1) -> $B$8 | B39: =IF(Table1[[#This Row],[E]]<>"",1,"x") -> x | C39: Introduction | E39: $B$7 | F39: 15 | G39: 63.75 | H39: =MAX(Table1[[#This Row],[h]],Table1[[#This Row],[h8]],Table1[[#This Row],[h17]],Table1[[#This Row],[h26]]) -> 15 | I39: =MAX(Table1[[#This Row],[w]],Table1[[#This Row],[w9]],Table1[[#This Row],[w18]],Table1[[#This Row],[w27]]) -> 64.5 | J39: =AND(Table1[[#This Row],[address]]=Table1[[#This Row],[address7]],Table1[[#This Row],[address]]=Table1[[#This Row],[address16]],Table1[[#This Row],[address]]=Table1[[#This Row],[address25]]) -> FALSE | M39: Introduction | O39: $B$6 | P39: 15 | Q39: 64.5 | W39: Inleiding | Y39: $B$6 | Z39: 15 | AA39: 63.75 | AG39: Introducción | AI39: $B$6 | AJ39: 15 | AK39: 63.75
A40: =LEFT(Table1[[#This Row],[address]],3)&(RIGHT(Table1[[#This Row],[address]],LEN(Table1[[#This Row],[address]])-3)+1) -> $B$9 | B40: =IF(Table1[[#This Row],[E]]<>"",1,"x") -> x | C40: Introduction | E40: $B$8 | F40: 15 | G40: 63.75 | H40: =MAX(Table1[[#This Row],[h]],Table1[[#This Row],[h8]],Table1[[#This Row],[h17]],Table1[[#This Row],[h26]]) -> 15 | I40: =MAX(Table1[[#This Row],[w]],Table1[[#This Row],[w9]],Table1[[#This Row],[w18]],Table1[[#This Row],[w27]]) -> 64.5 | J40: =AND(Table1[[#This Row],[address]]=Table1[[#This Row],[address7]],Table1[[#This Row],[address]]=Table1[[#This Row],[address16]],Table1[[#This Row],[address]]=Table1[[#This Row],[address25]]) -> FALSE | M40: Introduction | O40: $B$7 | P40: 15 | Q40: 64.5 | W40: Inleiding | Y40: $B$7 | Z40: 15 | AA40: 63.75 | AG40: Introducción | AI40: $B$7 | AJ40: 15 | AK40: 63.75
A41: =LEFT(Table1[[#This Row],[address]],3)&(RIGHT(Table1[[#This Row],[address]],LEN(Table1[[#This Row],[address]])-3)+1) -> $B$10 | B41: =IF(Table1[[#This Row],[E]]<>"",1,"x") -> x | C41: Introduction | E41: $B$9 | F41: 15 | G41: 63.75 | H41: =MAX(Table1[[#This Row],[h]],Table1[[#This Row],[h8]],Table1[[#This Row],[h17]],Table1[[#This Row],[h26]]) -> 15 | I41: =MAX(Table1[[#This Row],[w]],Table1[[#This Row],[w9]],Table1[[#This Row],[w18]],Table1[[#This Row],[w27]]) -> 64.5 | J41: =AND(Table1[[#This Row],[address]]=Table1[[#This Row],[address7]],Table1[[#This Row],[address]]=Table1[[#This Row],[address16]],Table1[[#This Row],[address]]=Table1[[#This Row],[address25]]) -> FALSE | M41: Introduction | O41: $B$8 | P41: 15 | Q41: 64.5 | W41: Inleiding | Y41: $B$8 | Z41: 15 | AA41: 63.75 | AG41: Introducción | AI41: $B$8 | AJ41: 15 | AK41: 63.75
A42: =LEFT(Table1[[#This Row],[address]],3)&(RIGHT(Table1[[#This Row],[address]],LEN(Table1[[#This Row],[address]])-3)+1) -> $B$11 | B42: =IF(Table1[[#This Row],[E]]<>"",1,"x") -> x | C42: Introduction | E42: $B$10 | F42: 15 | G42: 63.75 | H42: =MAX(Table1[[#This Row],[h]],Table1[[#This Row],[h8]],Table1[[#This Row],[h17]],Table1[[#This Row],[h26]]) -> 15 | I42: =MAX(Table1[[#This Row],[w]],Table1[[#This Row],[w9]],Table1[[#This Row],[w18]],Table1[[#This Row],[w27]]) -> 64.5 | J42: =AND(Table1[[#This Row],[address]]=Table1[[#This Row],[address7]],Table1[[#This Row],[address]]=Table1[[#This Row],[address16]],Table1[[#This Row],[address]]=Table1[[#This Row],[address25]]) -> FALSE | M42: Introduction | O42: $B$9 | P42: 15 | Q42: 64.5 | W42: Inleiding | Y42: $B$9 | Z42: 15 | AA42: 63.75 | AG42: Introducción | AI42: $B$9 | AJ42: 15 | AK42: 63.75
A43: =LEFT(Table1[[#This Row],[address]],3)&(RIGHT(Table1[[#This Row],[address]],LEN(Table1[[#This Row],[address]])-3)+1) -> $B$12 | B43: =IF(Table1[[#This Row],[E]]<>"",1,"x") -> x | C43: Introduction | E43: $B$11 | F43: 15 | G43: 63.75 | H43: =MAX(Table1[[#This Row],[h]],Table1[[#This Row],[h8]],Table1[[#This Row],[h17]],Table1[[#This Row],[h26]]) -> 15 | I43: =MAX(Table1[[#This Row],[w]],Table1[[#This Row],[w9]],Table1[[#This Row],[w18]],Table1[[#This Row],[w27]]) -> 64.5 | J43: =AND(Table1[[#This Row],[address]]=Table1[[#This Row],[address7]],Table1[[#This Row],[address]]=Table1[[#This Row],[address16]],Table1[[#This Row],[address]]=Table1[[#This Row],[address25]]) -> FALSE | M43: Introduction | O43: $B$10 | P43: 15 | Q43: 64.5 | W43: Inleiding | Y43: $B$10 | Z43: 15 | AA43: 63.75 | AG43: Introducción | AI43: $B$10 | AJ43: 15 | AK43: 63.75
A44: =LEFT(Table1[[#This Row],[address]],3)&(RIGHT(Table1[[#This Row],[address]],LEN(Table1[[#This Row],[address]])-3)+1) -> $B$13 | B44: =IF(Table1[[#This Row],[E]]<>"",1,"x") -> x | C44: Introduction | E44: $B$12 | F44: 15 | G44: 63.75 | H44: =MAX(Table1[[#This Row],[h]],Table1[[#This Row],[h8]],Table1[[#This Row],[h17]],Table1[[#This Row],[h26]]) -> 15 | I44: =MAX(Table1[[#This Row],[w]],Table1[[#This Row],[w9]],Table1[[#This Row],[w18]],Table1[[#This Row],[w27]]) -> 64.5 | J44: =AND(Table1[[#This Row],[address]]=Table1[[#This Row],[address7]],Table1[[#This Row],[address]]=Table1[[#This Row],[address16]],Table1[[#This Row],[address]]=Table1[[#This Row],[address25]]) -> FALSE | M44: Introduction | O44: $B$11 | P44: 15 | Q44: 64.5 | W44: Inleiding | Y44: $B$11 | Z44: 15 | AA44: 63.75 | AG44: Introducción | AI44: $B$11 | AJ44: 15 | AK44: 63.75
... A48: =LEFT(Table1[[#This Row],[address]],3)&(RIGHT(Table1[[#This Row],[address]],LEN(Table1[[#This Row],[address]])-3)+1) -> $B$17 | B48: =IF(Table1[[#This Row],[E]]<>"",1,"x") -> x | C48: Introduction | E48: $B$16 | F48: 24.75 | G48: 63.75 | H48: =MAX(Table1[[#This Row],[h]],Table1[[#This Row],[h8]],Table1[[#This Row],[h17]],Table1[[#This Row],[h26]]) -> 24.75 | I48: =MAX(Table1[[#This Row],[w]],Table1[[#This Row],[w9]],Table1[[#This Row],[w18]],Table1[[#This Row],[w27]]) -> 64.5 | J48: =AND(Table1[[#This Row],[address]]=Table1[[#This Row],[address7]],Table1[[#This Row],[address]]=Table1[[#This Row],[address16]],Table1[[#This Row],[address]]=Table1[[#This Row],[address25]]) -> FALSE | M48: Introduction | O48: $B$15 | P48: 24.75 | Q48: 64.5 | W48: Inleiding | Y48: $B$15 | Z48: 24.75 | AA48: 63.75 | AG48: Introducción | AI48: $B$15 | AJ48: 24.75 | AK48: 63.75
A49: =LEFT(Table1[[#This Row],[address]],3)&(RIGHT(Table1[[#This Row],[address]],LEN(Table1[[#This Row],[address]])-3)+1) -> $B$18 | B49: =IF(Table1[[#This Row],[E]]<>"",1,"x") -> 1 | C49: Introduction | D49: Qualification | E49: $B$17 | F49: 30.75 | G49: 63.75 | H49: =MAX(Table1[[#This Row],[h]],Table1[[#This Row],[h8]],Table1[[#This Row],[h17]],Table1[[#This Row],[h26]]) -> 30.75 | I49: =MAX(Table1[[#This Row],[w]],Table1[[#This Row],[w9]],Table1[[#This Row],[w18]],Table1[[#This Row],[w27]]) -> 64.5 | J49: =AND(Table1[[#This Row],[address]]=Table1[[#This Row],[address7]],Table1[[#This Row],[address]]=Table1[[#This Row],[address16]],Table1[[#This Row],[address]]=Table1[[#This Row],[address25]]) -> FALSE | M49: Introduction | N49: Qualification | O49: $B$16 | P49: 30.75 | Q49: 64.5 | W49: Inleiding | X49: Kwalificatie | Y49: $B$16 | Z49: 15.75 | AA49: 63.75 | AG49: Introducción | AH49: Calificación | AI49: $B$16 | AJ49: 15.75 | AK49: 63.75
A50: =LEFT(Table1[[#This Row],[address]],3)&(RIGHT(Table1[[#This Row],[address]],LEN(Table1[[#This Row],[address]])-3)+1) -> $B$19 | B50: =IF(Table1[[#This Row],[E]]<>"",1,"x") -> 1 | C50: Introduction | D50: Very good | E50: $B$18 | F50: 45 | G50: 63.75 | H50: =MAX(Table1[[#This Row],[h]],Table1[[#This Row],[h8]],Table1[[#This Row],[h17]],Table1[[#This Row],[h26]]) -> 60.75 | I50: =MAX(Table1[[#This Row],[w]],Table1[[#This Row],[w9]],Table1[[#This Row],[w18]],Table1[[#This Row],[w27]]) -> 64.5 | J50: =AND(Table1[[#This Row],[address]]=Table1[[#This Row],[address7]],Table1[[#This Row],[address]]=Table1[[#This Row],[address16]],Table1[[#This Row],[address]]=Table1[[#This Row],[address25]]) -> FALSE | M50: Introduction | N50: Très bien | O50: $B$17 | P50: 45.75 | Q50: 64.5 | W50: Inleiding | X50: Zeer goed | Y50: $B$17 | Z50: 45 | AA50: 63.75 | AG50: Introducción | AH50: Muy bien | AI50: $B$17 | AJ50: 60.75 | AK50: 63.75
A51: =LEFT(Table1[[#This Row],[address]],3)&(RIGHT(Table1[[#This Row],[address]],LEN(Table1[[#This Row],[address]])-3)+1) -> $B$20 | B51: =IF(Table1[[#This Row],[E]]<>"",1,"x") -> 1 | C51: Introduction | D51: Good | E51: $B$19 | F51: 103.5 | G51: 63.75 | H51: =MAX(Table1[[#This Row],[h]],Table1[[#This Row],[h8]],Table1[[#This Row],[h17]],Table1[[#This Row],[h26]]) -> 103.5 | I51: =MAX(Table1[[#This Row],[w]],Table1[[#This Row],[w9]],Table1[[#This Row],[w18]],Table1[[#This Row],[w27]]) -> 64.5 | J51: =AND(Table1[[#This Row],[address]]=Table1[[#This Row],[address7]],Table1[[#This Row],[address]]=Table1[[#This Row],[address16]],Table1[[#This Row],[address]]=Table1[[#This Row],[address25]]) -> FALSE | M51: Introduction | N51: Bien | O51: $B$18 | P51: 103.5 | Q51: 64.5 | W51: Inleiding | X51: Goed | Y51: $B$18 | Z51: 103.5 | AA51: 63.75 | AG51: Introducción | AH51: Bien | AI51: $B$18 | AJ51: 103.5 | AK51: 63.75
A52: =LEFT(Table1[[#This Row],[address]],3)&(RIGHT(Table1[[#This Row],[address]],LEN(Table1[[#This Row],[address]])-3)+1) -> $B$21 | B52: =IF(Table1[[#This Row],[E]]<>"",1,"x") -> 1 | C52: Introduction | D52: Problems | E52: $B$20 | F52: 66 | G52: 63.75 | H52: =MAX(Table1[[#This Row],[h]],Table1[[#This Row],[h8]],Table1[[#This Row],[h17]],Table1[[#This Row],[h26]]) -> 66 | I52: =MAX(Table1[[#This Row],[w]],Table1[[#This Row],[w9]],Table1[[#This Row],[w18]],Table1[[#This Row],[w27]]) -> 64.5 | J52: =AND(Table1[[#This Row],[address]]=Table1[[#This Row],[address7]],Table1[[#This Row],[address]]=Table1[[#This Row],[address16]],Table1[[#This Row],[address]]=Table1[[#This Row],[address25]]) -> FALSE | M52: Introduction | N52: Problèmes | O52: $B$19 | P52: 66 | Q52: 64.5 | W52: Inleiding | X52: Problemen | Y52: $B$19 | Z52: 66 | AA52: 63.75 | AG52: Introducción | AH52: Problemas | AI52: $B$19 | AJ52: 66 | AK52: 63.75
A53: =LEFT(Table1[[#This Row],[address]],3)&(RIGHT(Table1[[#This Row],[address]],LEN(Table1[[#This Row],[address]])-3)+1) -> $B$22 | B53: =IF(Table1[[#This Row],[E]]<>"",1,"x") -> 1 | C53: Introduction | D53: Serious shortcomings | E53: $B$21 | F53: 69.75 | G53: 63.75 | H53: =MAX(Table1[[#This Row],[h]],Table1[[#This Row],[h8]],Table1[[#This Row],[h17]],Table1[[#This Row],[h26]]) -> 69.75 | I53: =MAX(Table1[[#This Row],[w]],Table1[[#This Row],[w9]],Table1[[#This Row],[w18]],Table1[[#This Row],[w27]]) -> 64.5 | J53: =AND(Table1[[#This Row],[address]]=Table1[[#This Row],[address7]],Table1[[#This Row],[address]]=Table1[[#This Row],[address16]],Table1[[#This Row],[address]]=Table1[[#This Row],[address25]]) -> FALSE | M53: Introduction | N53: Déficits graves | O53: $B$20 | P53: 69.75 | Q53: 64.5 | W53: Inleiding | X53: Zware tekorten | Y53: $B$20 | Z53: 69.75 | AA53: 63.75 | AG53: Introducción | AH53: Deficiencias graves | AI53: $B$20 | AJ53: 69.75 | AK53: 63.75
A54: =LEFT(Table1[[#This Row],[address]],3)&(RIGHT(Table1[[#This Row],[address]],LEN(Table1[[#This Row],[address]])-3)+1) -> $B$23 | B54: =IF(Table1[[#This Row],[E]]<>"",1,"x") -> x | C54: Introduction | E54: $B$22 | F54: 15 | G54: 63.75 | H54: =MAX(Table1[[#This Row],[h]],Table1[[#This Row],[h8]],Table1[[#This Row],[h17]],Table1[[#This Row],[h26]]) -> 15 | I54: =MAX(Table1[[#This Row],[w]],Table1[[#This Row],[w9]],Table1[[#This Row],[w18]],Table1[[#This Row],[w27]]) -> 64.5 | J54: =AND(Table1[[#This Row],[address]]=Table1[[#This Row],[address7]],Table1[[#This Row],[address]]=Table1[[#This Row],[address16]],Table1[[#This Row],[address]]=Table1[[#This Row],[address25]]) -> FALSE | M54: Introduction | O54: $B$21 | P54: 15 | Q54: 64.5 | W54: Inleiding | Y54: $B$21 | Z54: 15 | AA54: 63.75 | AG54: Introducción | AI54: $B$21 | AJ54: 15 | AK54: 63.75
A55: =LEFT(Table1[[#This Row],[address]],3)&(RIGHT(Table1[[#This Row],[address]],LEN(Table1[[#This Row],[address]])-3)+1) -> $B$24 | B55: =IF(Table1[[#This Row],[E]]<>"",1,"x") -> x | C55: Introduction | E55: $B$23 | F55: 377.25 | G55: 63.75 | H55: =MAX(Table1[[#This Row],[h]],Table1[[#This Row],[h8]],Table1[[#This Row],[h17]],Table1[[#This Row],[h26]]) -> 377.25 | I55: =MAX(Table1[[#This Row],[w]],Table1[[#This Row],[w9]],Table1[[#This Row],[w18]],Table1[[#This Row],[w27]]) -> 64.5 | J55: =AND(Table1[[#This Row],[address]]=Table1[[#This Row],[address7]],Table1[[#This Row],[address]]=Table1[[#This Row],[address16]],Table1[[#This Row],[address]]=Table1[[#This Row],[address25]]) -> FALSE | M55: Introduction | O55: $B$22 | P55: 376.5 | Q55: 64.5 | W55: Inleiding | Y55: $B$22 | Z55: 376.5 | AA55: 63.75 | AG55: Introducción | AI55: $B$22 | AJ55: 376.5 | AK55: 63.75
A56: =LEFT(Table1[[#This Row],[address]],3)&(RIGHT(Table1[[#This Row],[address]],LEN(Table1[[#This Row],[address]])-3)+1) -> $B$25 | B56: =IF(Table1[[#This Row],[E]]<>"",1,"x") -> x | C56: Introduction | E56: $B$24 | F56: 15 | G56: 63.75 | H56: =MAX(Table1[[#This Row],[h]],Table1[[#This Row],[h8]],Table1[[#This Row],[h17]],Table1[[#This Row],[h26]]) -> 15.75 | I56: =MAX(Table1[[#This Row],[w]],Table1[[#This Row],[w9]],Table1[[#This Row],[w18]],Table1[[#This Row],[w27]]) -> 64.5 | J56: =AND(Table1[[#This Row],[address]]=Table1[[#This Row],[address7]],Table1[[#This Row],[address]]=Table1[[#This Row],[address16]],Table1[[#This Row],[address]]=Table1[[#This Row],[address25]]) -> FALSE | M56: Introduction | O56: $B$23 | P56: 15.75 | Q56: 64.5 | W56: Inleiding | Y56: $B$23 | Z56: 15 | AA56: 63.75 | AG56: Introducción | AI56: $B$23 | AJ56: 15 | AK56: 63.75
A57: =LEFT(Table1[[#This Row],[address]],3)&(RIGHT(Table1[[#This Row],[address]],LEN(Table1[[#This Row],[address]])-3)+1) -> $B$26 | B57: =IF(Table1[[#This Row],[E]]<>"",1,"x") -> x | C57: Introduction | E57: $B$25 | F57: 16.5 | G57: 63.75 | H57: =MAX(Table1[[#This Row],[h]],Table1[[#This Row],[h8]],Table1[[#This Row],[h17]],Table1[[#This Row],[h26]]) -> 16.5 | I57: =MAX(Table1[[#This Row],[w]],Table1[[#This Row],[w9]],Table1[[#This Row],[w18]],Table1[[#This Row],[w27]]) -> 64.5 | J57: =AND(Table1[[#This Row],[address]]=Table1[[#This Row],[address7]],Table1[[#This Row],[address]]=Table1[[#This Row],[address16]],Table1[[#This Row],[address]]=Table1[[#This Row],[address25]]) -> FALSE | M57: Introduction | O57: $B$24 | P57: 16.5 | Q57: 64.5 | W57: Inleiding | Y57: $B$24 | Z57: 16.5 | AA57: 63.75 | AG57: Introducción | AI57: $B$24 | AJ57: 16.5 | AK57: 63.75
A58: =LEFT(Table1[[#This Row],[address]],3)&(RIGHT(Table1[[#This Row],[address]],LEN(Table1[[#This Row],[address]])-3)+1) -> $B$27 | B58: =IF(Table1[[#This Row],[E]]<>"",1,"x") -> x | C58: Introduction | E58: $B$26 | F58: 177 | G58: 63.75 | H58: =MAX(Table1[[#This Row],[h]],Table1[[#This Row],[h8]],Table1[[#This Row],[h17]],Table1[[#This Row],[h26]]) -> 177 | I58: =MAX(Table1[[#This Row],[w]],Table1[[#This Row],[w9]],Table1[[#This Row],[w18]],Table1[[#This Row],[w27]]) -> 64.5 | J58: =AND(Table1[[#This Row],[address]]=Table1[[#This Row],[address7]],Table1[[#This Row],[address]]=Table1[[#This Row],[address16]],Table1[[#This Row],[address]]=Table1[[#This Row],[address25]]) -> FALSE | M58: Introduction | O58: $B$25 | P58: 177 | Q58: 64.5 | W58: Inleiding | Y58: $B$25 | Z58: 177 | AA58: 63.75 | AG58: Introducción | AI58: $B$25 | AJ58: 177 | AK58: 63.75
A59: =LEFT(Table1[[#This Row],[address]],3)&(RIGHT(Table1[[#This Row],[address]],LEN(Table1[[#This Row],[address]])-3)+1) -> $B$28 | B59: =IF(Table1[[#This Row],[E]]<>"",1,"x") -> x | C59: Introduction | E59: $B$27 | F59: 16.5 | G59: 63.75 | H59: =MAX(Table1[[#This Row],[h]],Table1[[#This Row],[h8]],Table1[[#This Row],[h17]],Table1[[#This Row],[h26]]) -> 16.5 | I59: =MAX(Table1[[#This Row],[w]],Table1[[#This Row],[w9]],Table1[[#This Row],[w18]],Table1[[#This Row],[w27]]) -> 64.5 | J59: =AND(Table1[[#This Row],[address]]=Table1[[#This Row],[address7]],Table1[[#This Row],[address]]=Table1[[#This Row],[address16]],Table1[[#This Row],[address]]=Table1[[#This Row],[address25]]) -> FALSE | M59: Introduction | O59: $B$26 | P59: 16.5 | Q59: 64.5 | W59: Inleiding | Y59: $B$26 | Z59: 16.5 | AA59: 63.75 | AG59: Introducción | AI59: $B$26 | AJ59: 16.5 | AK59: 63.75
A60: =LEFT(Table1[[#This Row],[address]],3)&(RIGHT(Table1[[#This Row],[address]],LEN(Table1[[#This Row],[address]])-3)+1) -> $B$29 | B60: =IF(Table1[[#This Row],[E]]<>"",1,"x") -> x | C60: Introduction | E60: $B$28 | F60: 276 | G60: 63.75 | H60: =MAX(Table1[[#This Row],[h]],Table1[[#This Row],[h8]],Table1[[#This Row],[h17]],Table1[[#This Row],[h26]]) -> 276 | I60: =MAX(Table1[[#This Row],[w]],Table1[[#This Row],[w9]],Table1[[#This Row],[w18]],Table1[[#This Row],[w27]]) -> 64.5 | J60: =AND(Table1[[#This Row],[address]]=Table1[[#This Row],[address7]],Table1[[#This Row],[address]]=Table1[[#This Row],[address16]],Table1[[#This Row],[address]]=Table1[[#This Row],[address25]]) -> FALSE | M60: Introduction | O60: $B$27 | P60: 276 | Q60: 64.5 | W60: Inleiding | Y60: $B$27 | Z60: 276 | AA60: 63.75 | AG60: Introducción | AI60: $B$27 | AJ60: 276 | AK60: 63.75
A61: =LEFT(Table1[[#This Row],[address]],3)&(RIGHT(Table1[[#This Row],[address]],LEN(Table1[[#This Row],[address]])-3)+1) -> $B$30 | B61: =IF(Table1[[#This Row],[E]]<>"",1,"x") -> x | C61: Introduction | E61: $B$29 | F61: 16.5 | G61: 63.75 | H61: =MAX(Table1[[#This Row],[h]],Table1[[#This Row],[h8]],Table1[[#This Row],[h17]],Table1[[#This Row],[h26]]) -> 16.5 | I61: =MAX(Table1[[#This Row],[w]],Table1[[#This Row],[w9]],Table1[[#This Row],[w18]],Table1[[#This Row],[w27]]) -> 64.5 | J61: =AND(Table1[[#This Row],[address]]=Table1[[#This Row],[address7]],Table1[[#This Row],[address]]=Table1[[#This Row],[address16]],Table1[[#This Row],[address]]=Table1[[#This Row],[address25]]) -> FALSE | M61: Introduction | O61: $B$28 | P61: 16.5 | Q61: 64.5 | W61: Inleiding | Y61: $B$28 | Z61: 16.5 | AA61: 63.75 | AG61: Introducción | AI61: $B$28 | AJ61: 16.5 | AK61: 63.75
A62: =LEFT(Table1[[#This Row],[address]],3)&(RIGHT(Table1[[#This Row],[address]],LEN(Table1[[#This Row],[address]])-3)+1) -> $B$31 | B62: =IF(Table1[[#This Row],[E]]<>"",1,"x") -> x | C62: Introduction | E62: $B$30 | F62: 316.5 | G62: 63.75 | H62: =MAX(Table1[[#This Row],[h]],Table1[[#This Row],[h8]],Table1[[#This Row],[h17]],Table1[[#This Row],[h26]]) -> 352.5 | I62: =MAX(Table1[[#This Row],[w]],Table1[[#This Row],[w9]],Table1[[#This Row],[w18]],Table1[[#This Row],[w27]]) -> 64.5 | J62: =AND(Table1[[#This Row],[address]]=Table1[[#This Row],[address7]],Table1[[#This Row],[address]]=Table1[[#This Row],[address16]],Table1[[#This Row],[address]]=Table1[[#This Row],[address25]]) -> FALSE | M62: Introduction | O62: $B$29 | P62: 316.5 | Q62: 64.5 | W62: Inleiding | Y62: $B$29 | Z62: 316.5 | AA62: 63.75 | AG62: Introducción | AI62: $B$29 | AJ62: 352.5 | AK62: 63.75
A63: =LEFT(Table1[[#This Row],[address]],3)&(RIGHT(Table1[[#This Row],[address]],LEN(Table1[[#This Row],[address]])-3)+1) -> $B$32 | B63: =IF(Table1[[#This Row],[E]]<>"",1,"x") -> x | C63: Introduction | E63: $B$31 | F63: 15 | G63: 63.75 | H63: =MAX(Table1[[#This Row],[h]],Table1[[#This Row],[h8]],Table1[[#This Row],[h17]],Table1[[#This Row],[h26]]) -> 15 | I63: =MAX(Table1[[#This Row],[w]],Table1[[#This Row],[w9]],Table1[[#This Row],[w18]],Table1[[#This Row],[w27]]) -> 64.5 | J63: =AND(Table1[[#This Row],[address]]=Table1[[#This Row],[address7]],Table1[[#This Row],[address]]=Table1[[#This Row],[address16]],Table1[[#This Row],[address]]=Table1[[#This Row],[address25]]) -> FALSE | M63: Introduction | O63: $B$30 | P63: 15 | Q63: 64.5 | W63: Inleiding | Y63: $B$30 | Z63: 15 | AA63: 63.75 | AG63: Introducción | AI63: $B$30 | AJ63: 15 | AK63: 63.75
A64: =LEFT(Table1[[#This Row],[address]],3)&(RIGHT(Table1[[#This Row],[address]],LEN(Table1[[#This Row],[address]])-3)+1) -> $C$3 | B64: =IF(Table1[[#This Row],[E]]<>"",1,"x") -> x | C64: Introduction | E64: $C$2 | F64: 22.5 | G64: 711 | H64: =MAX(Table1[[#This Row],[h]],Table1[[#This Row],[h8]],Table1[[#This Row],[h17]],Table1[[#This Row],[h26]]) -> 22.5 | I64: =MAX(Table1[[#This Row],[w]],Table1[[#This Row],[w9]],Table1[[#This Row],[w18]],Table1[[#This Row],[w27]]) -> 711 | J64: =AND(Table1[[#This Row],[address]]=Table1[[#This Row],[address7]],Table1[[#This Row],[address]]=Table1[[#This Row],[address16]],Table1[[#This Row],[address]]=Table1[[#This Row],[address25]]) -> FALSE | M64: Introduction | O64: $C$1 | P64: 22.5 | Q64: 711 | W64: Inleiding | Y64: $C$1 | Z64: 22.5 | AA64: 711 | AG64: Introducción | AI64: $C$1 | AJ64: 22.5 | AK64: 711
A65: =LEFT(Table1[[#This Row],[address]],3)&(RIGHT(Table1[[#This Row],[address]],LEN(Table1[[#This Row],[address]])-3)+1) -> $C$4 | B65: =IF(Table1[[#This Row],[E]]<>"",1,"x") -> x | C65: Introduction | E65: $C$3 | F65: 22.5 | G65: 711 | H65: =MAX(Table1[[#This Row],[h]],Table1[[#This Row],[h8]],Table1[[#This Row],[h17]],Table1[[#This Row],[h26]]) -> 22.5 | I65: =MAX(Table1[[#This Row],[w]],Table1[[#This Row],[w9]],Table1[[#This Row],[w18]],Table1[[#This Row],[w27]]) -> 711 | J65: =AND(Table1[[#This Row],[address]]=Table1[[#This Row],[address7]],Table1[[#This Row],[address]]=Table1[[#This Row],[address16]],Table1[[#This Row],[address]]=Table1[[#This Row],[address25]]) -> FALSE | M65: Introduction | O65: $C$2 | P65: 22.5 | Q65: 711 | W65: Inleiding | Y65: $C$2 | Z65: 22.5 | AA65: 711 | AG65: Introducción | AI65: $C$2 | AJ65: 22.5 | AK65: 711
... A78: =LEFT(Table1[[#This Row],[address]],3)&(RIGHT(Table1[[#This Row],[address]],LEN(Table1[[#This Row],[address]])-3)+1) -> $C$17 | B78: =IF(Table1[[#This Row],[E]]<>"",1,"x") -> x | C78: Introduction | E78: $C$16 | F78: 24.75 | G78: 711 | H78: =MAX(Table1[[#This Row],[h]],Table1[[#This Row],[h8]],Table1[[#This Row],[h17]],Table1[[#This Row],[h26]]) -> 24.75 | I78: =MAX(Table1[[#This Row],[w]],Table1[[#This Row],[w9]],Table1[[#This Row],[w18]],Table1[[#This Row],[w27]]) -> 711 | J78: =AND(Table1[[#This Row],[address]]=Table1[[#This Row],[address7]],Table1[[#This Row],[address]]=Table1[[#This Row],[address16]],Table1[[#This Row],[address]]=Table1[[#This Row],[address25]]) -> FALSE | M78: Introduction | O78: $C$15 | P78: 24.75 | Q78: 711 | W78: Inleiding | Y78: $C$15 | Z78: 24.75 | AA78: 711 | AG78: Introducción | AI78: $C$15 | AJ78: 24.75 | AK78: 711
A79: =LEFT(Table1[[#This Row],[address]],3)&(RIGHT(Table1[[#This Row],[address]],LEN(Table1[[#This Row],[address]])-3)+1) -> $C$18 | B79: =IF(Table1[[#This Row],[E]]<>"",1,"x") -> 1 | C79: Introduction | D79: Interpretation | E79: $C$17 | F79: 30.75 | G79: 711 | H79: =MAX(Table1[[#This Row],[h]],Table1[[#This Row],[h8]],Table1[[#This Row],[h17]],Table1[[#This Row],[h26]]) -> 30.75 | I79: =MAX(Table1[[#This Row],[w]],Table1[[#This Row],[w9]],Table1[[#This Row],[w18]],Table1[[#This Row],[w27]]) -> 711 | J79: =AND(Table1[[#This Row],[address]]=Table1[[#This Row],[address7]],Table1[[#This Row],[address]]=Table1[[#This Row],[address16]],Table1[[#This Row],[address]]=Table1[[#This Row],[address25]]) -> FALSE | M79: Introduction | N79: Interprétation | O79: $C$16 | P79: 30.75 | Q79: 711 | W79: Inleiding | X79: Interpretatie | Y79: $C$16 | Z79: 15.75 | AA79: 711 | AG79: Introducción | AH79: Interpretación | AI79: $C$16 | AJ79: 15.75 | AK79: 711
A80: =LEFT(Table1[[#This Row],[address]],3)&(RIGHT(Table1[[#This Row],[address]],LEN(Table1[[#This Row],[address]])-3)+1) -> $C$19 | B80: =IF(Table1[[#This Row],[E]]<>"",1,"x") -> 1 | C80: Introduction | D80: The intervention is going according to plan. This may be a reference for good practices. Final report interpretation: the intervention was carried out as desired and can serve as a reference for good practice. Lessons learned should be carried forward for similar interventions in the future. | E80: $C$18 | F80: 45 | G80: 711 | H80: =MAX(Table1[[#This Row],[h]],Table1[[#This Row],[h8]],Table1[[#This Row],[h17]],Table1[[#This Row],[h26]]) -> 60.75 | I80: =MAX(Table1[[#This Row],[w]],Table1[[#This Row],[w9]],Table1[[#This Row],[w18]],Table1[[#This Row],[w27]]) -> 711 | J80: =AND(Table1[[#This Row],[address]]=Table1[[#This Row],[address7]],Table1[[#This Row],[address]]=Table1[[#This Row],[address16]],Table1[[#This Row],[address]]=Table1[[#This Row],[address25]]) -> FALSE | M80: Introduction | N80: L'intervention se déroule comme espéré. Elle constitue potentiellement une référence en matière de bonnes pratiques. Interprétation du rapport final : l'intervention s'est déroulée comme espéré et peut servir de référence en matière de bonnes pratiques. Les leçons tirées doivent servir à des interventions analogues à l'avenir. | O80: $C$17 | P80: 45.75 | Q80: 711 | W80: Inleiding | X80: De interventie verloopt naar wens. Dit is mogelijkerwijs een referentie voor goede praktijken. Eindrapport interpretatie: De interventie is naar wens uitgevoerd en kan dienen als referentie voor goede praktijken. Geleerde lessen dienen steeds meegenomen te worden naar gelijkaardige interventies in de toekomst. | Y80: $C$17 | Z80: 45 | AA80: 711 | AG80: Introducción | AH80: La intervención va según lo previsto. Es potencialmente una referencia de buenas prácticas. Interpretación del informe final: La intervención se llevó a cabo según lo previsto y puede servir de referencia para las buenas prácticas. Se tienen que incluir las lecciones aprendidas en futuras intervenciones similares.” | AI80: $C$17 | AJ80: 60.75 | AK80: 711
A81: =LEFT(Table1[[#This Row],[address]],3)&(RIGHT(Table1[[#This Row],[address]],LEN(Table1[[#This Row],[address]])-3)+1) -> $C$20 | B81: =IF(Table1[[#This Row],[E]]<>"",1,"x") -> 1 | C81: Introduction | D81: The intervention is largely going according to plan. Minor adjustments are required, but these are under control. They have been implemented, are ongoing or scheduled within the term of the intervention. These adjustments are minor and do not require consultation with the DGD. Final report interpretation: the intervention went largely as desired, save for small, necessary adjustments during its course in response to monitoring. However, it was not possible to realise everything in accordance with the plan. Lessons learned should be carried forward for similar interventions in the future. | E81: $C$19 | F81: 103.5 | G81: 711 | H81: =MAX(Table1[[#This Row],[h]],Table1[[#This Row],[h8]],Table1[[#This Row],[h17]],Table1[[#This Row],[h26]]) -> 103.5 | I81: =MAX(Table1[[#This Row],[w]],Table1[[#This Row],[w9]],Table1[[#This Row],[w18]],Table1[[#This Row],[w27]]) -> 711 | J81: =AND(Table1[[#This Row],[address]]=Table1[[#This Row],[address7]],Table1[[#This Row],[address]]=Table1[[#This Row],[address16]],Table1[[#This Row],[address]]=Table1[[#This Row],[address25]]) -> FALSE | M81: Introduction | N81: L'intervention se déroule en grande partie comme espéré. De petits ajustements s'avèrent nécessaires, mais sont sous contrôle. Ils ont déjà été appliqués, sont en cours ou ont été intégrés au planning de l’intervention. Ces ajustements mineurs ne requièrent pas de concertation avec la DGD. Interprétation du rapport final : l'intervention s'est déroulée en grande partie comme espéré, bien que le monitoring ait mis en évidence la nécessité de petits ajustements en cours d'intervention. Tout n'a pas pu être réalisé selon le plan. Les leçons tirées doivent servir à des interventions analogues à l'avenir. | O81: $C$18 | P81: 103.5 | Q81: 711 | W81: Inleiding | X81: De interventie verloopt grotendeels naar wens. Er zijn kleine bijsturingen nodig, maar die zijn onder controle. Deze werden al uitgevoerd, zijn lopende, of zijn ingepland binnen de interventie. Deze bijsturingen zijn niet van dien aard dat ze overleg vragen met DGD. Eindrapport interpretatie: De interventie verliep grotendeels naar wens, mits kleine, noodzakelijke bijsturingen tijdens de interventie n.a.v. de monitoring . Niet alles kon echter worden gerealiseerd volgens plan. Geleerde lessen dienen meegenomen te worden naar gelijkaardige interventies in de toekomst. | Y81: $C$18 | Z81: 103.5 | AA81: 711 | AG81: Introducción | AH81: La intervención va en gran medida como se esperaba. Se necesitan pequeñas adaptaciones, pero están bajo control. Ya se han aplicado, están en curso o se han integrado en la planificación de la intervención. Estas pequeñas adaptaciones no requieren consulta con la DGD. Interpretación del informe final: La intervención se desarrolló en gran medida según lo previsto, aunque el seguimiento señaló la necesidad de pequeñas adaptaciones durante la intervención. Sin embargo, no todo pudo conseguirse según lo previsto. Se tienen que incluir las lecciones aprendidas en futuras intervenciones similares. | AI81: $C$18 | AJ81: 103.5 | AK81: 711
A82: =LEFT(Table1[[#This Row],[address]],3)&(RIGHT(Table1[[#This Row],[address]],LEN(Table1[[#This Row],[address]])-3)+1) -> $C$21 | B82: =IF(Table1[[#This Row],[E]]<>"",1,"x") -> 1 | C82: Introduction | D82: Certain problems must be tackled in order to avoid a negative effect on the overall functioning of the intervention. Consultation with the DGD is required. Final report interpretation: the intervention required significant adjustment during implementation and was only partially realised. Lessons learned should be carried forward for similar interventions in the future. | E82: $C$20 | F82: 66 | G82: 711 | H82: =MAX(Table1[[#This Row],[h]],Table1[[#This Row],[h8]],Table1[[#This Row],[h17]],Table1[[#This Row],[h26]]) -> 66 | I82: =MAX(Table1[[#This Row],[w]],Table1[[#This Row],[w9]],Table1[[#This Row],[w18]],Table1[[#This Row],[w27]]) -> 711 | J82: =AND(Table1[[#This Row],[address]]=Table1[[#This Row],[address7]],Table1[[#This Row],[address]]=Table1[[#This Row],[address16]],Table1[[#This Row],[address]]=Table1[[#This Row],[address25]]) -> FALSE | M82: Introduction | N82: Certains problèmes doivent être traités pour éviter des répercussions négatives sur le fonctionnement global de l’intervention. Une concertation avec la DGD est nécessaire. Interprétation du rapport final : d'importants ajustements ont dû être apportés à l'intervention, qui n'a été que partiellement réalisée. Les leçons tirées doivent servir à des interventions analogues à l'avenir. | O82: $C$19 | P82: 66 | Q82: 711 | W82: Inleiding | X82: Bepaalde problemen moeten behandeld worden omdat anders het globale functioneren van de interventie negatief beïnvloed wordt. Overleg met DGD is vereist. Eindrapport interpretatie: De interventie moest sterk worden bijgestuurd tijdens de duurtijd en werd maar gedeeltelijk gerealiseerd. Geleerde lessen dienen meegenomen te worden naar gelijkaardige interventies in de toekomst. | Y82: $C$19 | Z82: 66 | AA82: 711 | AG82: Introducción | AH82: Es necesario abordar ciertos problemas para evitar repercusiones negativas en el funcionamiento general de la intervención. Es necesario consultar a la DGD. Interpretación del informe final: Fue necesario realizar adaptaciones importantes durante la intervención, que sólo se realizó parcialmente. Se tienen que incluir las lecciones aprendidas en futuras intervenciones similares. | AI82: $C$19 | AJ82: 66 | AK82: 711
A83: =LEFT(Table1[[#This Row],[address]],3)&(RIGHT(Table1[[#This Row],[address]],LEN(Table1[[#This Row],[address]])-3)+1) -> $C$22 | B83: =IF(Table1[[#This Row],[E]]<>"",1,"x") -> 1 | C83: Introduction | D83: The cited shortcomings are so serious that the intervention will fail if no remediation measures are taken. Far-reaching adjustments are required. Consultation with the DGD is required. Final report interpretation: drastic adaptations were needed during the intervention's implementation. The outcome was not sufficiently realised. Fundamental reflection on similar interventions in the future will be needed. | E83: $C$21 | F83: 69.75 | G83: 711 | H83: =MAX(Table1[[#This Row],[h]],Table1[[#This Row],[h8]],Table1[[#This Row],[h17]],Table1[[#This Row],[h26]]) -> 69.75 | I83: =MAX(Table1[[#This Row],[w]],Table1[[#This Row],[w9]],Table1[[#This Row],[w18]],Table1[[#This Row],[w27]]) -> 711 | J83: =AND(Table1[[#This Row],[address]]=Table1[[#This Row],[address7]],Table1[[#This Row],[address]]=Table1[[#This Row],[address16]],Table1[[#This Row],[address]]=Table1[[#This Row],[address25]]) -> FALSE | M83: Introduction | N83: L'ampleur des déficits mentionnés est telle que, si l’on n’y remédie pas, l’intervention échouera. Des changements drastiques sont nécessaires. Une concertation avec la DGD se révèle indispensable. Interprétation du rapport final : des ajustements majeurs ont dû être apportés au cours de l'intervention. L'outcome a été insuffisamment réalisé. Une réflexion de fond quant à des interventions analogues à l'avenir s'impose. | O83: $C$20 | P83: 69.75 | Q83: 711 | W83: Inleiding | X83: De aangehaalde tekorten zijn dermate zwaar dat als er niet aan geremedieerd wordt de interventie zal mislukken. Ingrijpende aanpassingen zijn noodzakelijk. Overleg met DGD is vereist. Eindrapport interpretatie: Er dienden ingrijpende aanpassingen te gebeuren tijdens duurtijd van de interventie. De outcome werd onvoldoende gerealiseerd. Fundamentele reflectie over gelijkaardige interventies in de toekomst is nodig. | Y83: $C$20 | Z83: 69.75 | AA83: 711 | AG83: Introducción | AH83: La magnitud de las deficiencias mencionadas es tal que, si no se abordan, la intervención fallará. Es necesario realizar adaptaciones importantes y también consultar a la DGD. Interpretación del informe final: Fue necesario realizar adaptaciones importantes durante la intervención. El outcome se realizó de manera insuficiente. Es necesaria una reflexión fundamental sobre futuras intervenciones similares. | AI83: $C$20 | AJ83: 69.75 | AK83: 711
A84: =LEFT(Table1[[#This Row],[address]],3)&(RIGHT(Table1[[#This Row],[address]],LEN(Table1[[#This Row],[address]])-3)+1) -> $C$23 | B84: =IF(Table1[[#This Row],[E]]<>"",1,"x") -> x | C84: Introduction | E84: $C$22 | F84: 15 | G84: 711 | H84: =MAX(Table1[[#This Row],[h]],Table1[[#This Row],[h8]],Table1[[#This Row],[h17]],Table1[[#This Row],[h26]]) -> 15 | I84: =MAX(Table1[[#This Row],[w]],Table1[[#This Row],[w9]],Table1[[#This Row],[w18]],Table1[[#This Row],[w27]]) -> 711 | J84: =AND(Table1[[#This Row],[address]]=Table1[[#This Row],[address7]],Table1[[#This Row],[address]]=Table1[[#This Row],[address16]],Table1[[#This Row],[address]]=Table1[[#This Row],[address25]]) -> FALSE | M84: Introduction | O84: $C$21 | P84: 15 | Q84: 711 | W84: Inleiding | Y84: $C$21 | Z84: 15 | AA84: 711 | AG84: Introducción | AI84: $C$21 | AJ84: 15 | AK84: 711
A85: =LEFT(Table1[[#This Row],[address]],3)&(RIGHT(Table1[[#This Row],[address]],LEN(Table1[[#This Row],[address]])-3)+1) -> $C$24 | B85: =IF(Table1[[#This Row],[E]]<>"",1,"x") -> x | C85: Introduction | E85: $C$23 | F85: 377.25 | G85: 711 | H85: =MAX(Table1[[#This Row],[h]],Table1[[#This Row],[h8]],Table1[[#This Row],[h17]],Table1[[#This Row],[h26]]) -> 377.25 | I85: =MAX(Table1[[#This Row],[w]],Table1[[#This Row],[w9]],Table1[[#This Row],[w18]],Table1[[#This Row],[w27]]) -> 711 | J85: =AND(Table1[[#This Row],[address]]=Table1[[#This Row],[address7]],Table1[[#This Row],[address]]=Table1[[#This Row],[address16]],Table1[[#This Row],[address]]=Table1[[#This Row],[address25]]) -> FALSE | M85: Introduction | O85: $C$22 | P85: 376.5 | Q85: 711 | W85: Inleiding | Y85: $C$22 | Z85: 376.5 | AA85: 711 | AG85: Introducción | AI85: $C$22 | AJ85: 376.5 | AK85: 711
A86: =LEFT(Table1[[#This Row],[address]],3)&(RIGHT(Table1[[#This Row],[address]],LEN(Table1[[#This Row],[address]])-3)+1) -> $C$25 | B86: =IF(Table1[[#This Row],[E]]<>"",1,"x") -> x | C86: Introduction | E86: $C$24 | F86: 15 | G86: 711 | H86: =MAX(Table1[[#This Row],[h]],Table1[[#This Row],[h8]],Table1[[#This Row],[h17]],Table1[[#This Row],[h26]]) -> 15.75 | I86: =MAX(Table1[[#This Row],[w]],Table1[[#This Row],[w9]],Table1[[#This Row],[w18]],Table1[[#This Row],[w27]]) -> 711 | J86: =AND(Table1[[#This Row],[address]]=Table1[[#This Row],[address7]],Table1[[#This Row],[address]]=Table1[[#This Row],[address16]],Table1[[#This Row],[address]]=Table1[[#This Row],[address25]]) -> FALSE | M86: Introduction | O86: $C$23 | P86: 15.75 | Q86: 711 | W86: Inleiding | Y86: $C$23 | Z86: 15 | AA86: 711 | AG86: Introducción | AI86: $C$23 | AJ86: 15 | AK86: 711
A87: =LEFT(Table1[[#This Row],[address]],3)&(RIGHT(Table1[[#This Row],[address]],LEN(Table1[[#This Row],[address]])-3)+1) -> $C$26 | B87: =IF(Table1[[#This Row],[E]]<>"",1,"x") -> x | C87: Introduction | E87: $C$25 | F87: 16.5 | G87: 711 | H87: =MAX(Table1[[#This Row],[h]],Table1[[#This Row],[h8]],Table1[[#This Row],[h17]],Table1[[#This Row],[h26]]) -> 16.5 | I87: =MAX(Table1[[#This Row],[w]],Table1[[#This Row],[w9]],Table1[[#This Row],[w18]],Table1[[#This Row],[w27]]) -> 711 | J87: =AND(Table1[[#This Row],[address]]=Table1[[#This Row],[address7]],Table1[[#This Row],[address]]=Table1[[#This Row],[address16]],Table1[[#This Row],[address]]=Table1[[#This Row],[address25]]) -> FALSE | M87: Introduction | O87: $C$24 | P87: 16.5 | Q87: 711 | W87: Inleiding | Y87: $C$24 | Z87: 16.5 | AA87: 711 | AG87: Introducción | AI87: $C$24 | AJ87: 16.5 | AK87: 711
A88: =LEFT(Table1[[#This Row],[address]],3)&(RIGHT(Table1[[#This Row],[address]],LEN(Table1[[#This Row],[address]])-3)+1) -> $C$27 | B88: =IF(Table1[[#This Row],[E]]<>"",1,"x") -> x | C88: Introduction | E88: $C$26 | F88: 177 | G88: 711 | H88: =MAX(Table1[[#This Row],[h]],Table1[[#This Row],[h8]],Table1[[#This Row],[h17]],Table1[[#This Row],[h26]]) -> 177 | I88: =MAX(Table1[[#This Row],[w]],Table1[[#This Row],[w9]],Table1[[#This Row],[w18]],Table1[[#This Row],[w27]]) -> 711 | J88: =AND(Table1[[#This Row],[address]]=Table1[[#This Row],[address7]],Table1[[#This Row],[address]]=Table1[[#This Row],[address16]],Table1[[#This Row],[address]]=Table1[[#This Row],[address25]]) -> FALSE | M88: Introduction | O88: $C$25 | P88: 177 | Q88: 711 | W88: Inleiding | Y88: $C$25 | Z88: 177 | AA88: 711 | AG88: Introducción | AI88: $C$25 | AJ88: 177 | AK88: 711
A89: =LEFT(Table1[[#This Row],[address]],3)&(RIGHT(Table1[[#This Row],[address]],LEN(Table1[[#This Row],[address]])-3)+1) -> $C$28 | B89: =IF(Table1[[#This Row],[E]]<>"",1,"x") -> x | C89: Introduction | E89: $C$27 | F89: 16.5 | G89: 711 | H89: =MAX(Table1[[#This Row],[h]],Table1[[#This Row],[h8]],Table1[[#This Row],[h17]],Table1[[#This Row],[h26]]) -> 16.5 | I89: =MAX(Table1[[#This Row],[w]],Table1[[#This Row],[w9]],Table1[[#This Row],[w18]],Table1[[#This Row],[w27]]) -> 711 | J89: =AND(Table1[[#This Row],[address]]=Table1[[#This Row],[address7]],Table1[[#This Row],[address]]=Table1[[#This Row],[address16]],Table1[[#This Row],[address]]=Table1[[#This Row],[address25]]) -> FALSE | M89: Introduction | O89: $C$26 | P89: 16.5 | Q89: 711 | W89: Inleiding | Y89: $C$26 | Z89: 16.5 | AA89: 711 | AG89: Introducción | AI89: $C$26 | AJ89: 16.5 | AK89: 711
A90: =LEFT(Table1[[#This Row],[address]],3)&(RIGHT(Table1[[#This Row],[address]],LEN(Table1[[#This Row],[address]])-3)+1) -> $C$29 | B90: =IF(Table1[[#This Row],[E]]<>"",1,"x") -> x | C90: Introduction | E90: $C$28 | F90: 276 | G90: 711 | H90: =MAX(Table1[[#This Row],[h]],Table1[[#This Row],[h8]],Table1[[#This Row],[h17]],Table1[[#This Row],[h26]]) -> 276 | I90: =MAX(Table1[[#This Row],[w]],Table1[[#This Row],[w9]],Table1[[#This Row],[w18]],Table1[[#This Row],[w27]]) -> 711 | J90: =AND(Table1[[#This Row],[address]]=Table1[[#This Row],[address7]],Table1[[#This Row],[address]]=Table1[[#This Row],[address16]],Table1[[#This Row],[address]]=Table1[[#This Row],[address25]]) -> FALSE | M90: Introduction | O90: $C$27 | P90: 276 | Q90: 711 | W90: Inleiding | Y90: $C$27 | Z90: 276 | AA90: 711 | AG90: Introducción | AI90: $C$27 | AJ90: 276 | AK90: 711
A91: =LEFT(Table1[[#This Row],[address]],3)&(RIGHT(Table1[[#This Row],[address]],LEN(Table1[[#This Row],[address]])-3)+1) -> $C$30 | B91: =IF(Table1[[#This Row],[E]]<>"",1,"x") -> x | C91: Introduction | E91: $C$29 | F91: 16.5 | G91: 711 | H91: =MAX(Table1[[#This Row],[h]],Table1[[#This Row],[h8]],Table1[[#This Row],[h17]],Table1[[#This Row],[h26]]) -> 16.5 | I91: =MAX(Table1[[#This Row],[w]],Table1[[#This Row],[w9]],Table1[[#This Row],[w18]],Table1[[#This Row],[w27]]) -> 711 | J91: =AND(Table1[[#This Row],[address]]=Table1[[#This Row],[address7]],Table1[[#This Row],[address]]=Table1[[#This Row],[address16]],Table1[[#This Row],[address]]=Table1[[#This Row],[address25]]) -> FALSE | M91: Introduction | O91: $C$28 | P91: 16.5 | Q91: 711 | W91: Inleiding | Y91: $C$28 | Z91: 16.5 | AA91: 711 | AG91: Introducción | AI91: $C$28 | AJ91: 16.5 | AK91: 711
A92: =LEFT(Table1[[#This Row],[address]],3)&(RIGHT(Table1[[#This Row],[address]],LEN(Table1[[#This Row],[address]])-3)+1) -> $C$31 | B92: =IF(Table1[[#This Row],[E]]<>"",1,"x") -> x | C92: Introduction | E92: $C$30 | F92: 316.5 | G92: 711 | H92: =MAX(Table1[[#This Row],[h]],Table1[[#This Row],[h8]],Table1[[#This Row],[h17]],Table1[[#This Row],[h26]]) -> 352.5 | I92: =MAX(Table1[[#This Row],[w]],Table1[[#This Row],[w9]],Table1[[#This Row],[w18]],Table1[[#This Row],[w27]]) -> 711 | J92: =AND(Table1[[#This Row],[address]]=Table1[[#This Row],[address7]],Table1[[#This Row],[address]]=Table1[[#This Row],[address16]],Table1[[#This Row],[address]]=Table1[[#This Row],[address25]]) -> FALSE | M92: Introduction | O92: $C$29 | P92: 316.5 | Q92: 711 | W92: Inleiding | Y92: $C$29 | Z92: 316.5 | AA92: 711 | AG92: Introducción | AI92: $C$29 | AJ92: 352.5 | AK92: 711
